Workbook

Sheet dados
A1: DADOS DO ORÇAMENTO
A2: SECRETARIA: | B2: SECRETARIA MUNICIPAL DE OBRAS E INFRAESTRUTURA
A3: OBJETO: | B3: Reforço de Fundação em Estaca Mega - Unidade de Saúde Cruzeiro do Sul
A4: ENDEREÇO: | B4: Rua Dona Malvina Acesso A, nº 195, Santa Teresa, Porto Alegre, RS
A5: AUTOR: | B5: Paulo Lima Loge
A6: TÍTULO: | B6: Arquiteto e urbanista
A7: CONSELHO: | B7: CAU A21295-4
A8: REVISÃO: | B8: 46064
A9: DATA BASE: | B9: 46054
A10: ENCARGOS SOCIAIS: | B10: Desonerado
A11: PERCENTUAL DE MÃO DE OBRA EM RELAÇÃO AO VALOR TOTAL DO ORÇAMENTO: | C11: =SUM(orcamento!L10:L82)/orcamento!N83 -> 0.58344704

Sheet orcamento
D1: PREFEITURA MUNICIPAL DE PORTO ALEGRE
D2: =dados!B2 -> SECRETARIA MUNICIPAL DE OBRAS E INFRAESTRUTURA
D3: ="Objeto: "&dados!B3 -> Objeto: Reforço de Fundação em Estaca Mega - Unidade de Saúde Cruzeiro do Sul
D4: ="Endereço: "&dados!B4 -> Endereço: Rua Dona Malvina Acesso A, nº 195, Santa Teresa, Porto Alegre, RS
D6: ="Orçamento ("&dados!B10&")" -> Orçamento (Desonerado)
A8: ITEM | B8: CÓDIGO | C8: FONTE | D8: DESCRIÇÃO | E8: UNID. | F8: QUANT. | H8: Custo Unitário | J8: BDI | K8: Preço Unitário | M8: Preço Total
G9: Mão de obra | H9: Material+Equip. | I9: Total | L9: Mão de obra | M9: Material+Equip. | N9: Total
A10: 1 | D10: SERVIÇOS DE ESCRITÓRIO
A11: 1.1 | B11: CCU 01 | C11: COMPOSICAO_PROPRIA | D11: =VLOOKUP(B11,composicoes!$A:$K,2,0) -> EQUIPE DE ADMINISTRAÇÃO LOCAL | E11: =VLOOKUP(B11,composicoes!$A:$K,8,0) -> UN | F11: 1 | G11: =VLOOKUP(B11,composicoes!$A:$K,10,0) -> 116109.36 | H11: =VLOOKUP(B11,composicoes!$A:$K,11,0) -> 1477.8 | I11: =G11+H11 -> 117587.16 | J11: 0.289 | K11: =I11+ROUND(I11*J11,2) -> 151569.85 | L11: =TRUNC(TRUNC(G11*(1+J11),2)*F11,2) -> 149664.96 | M11: =N11-L11 -> 1904.89 | N11: =ROUND(F11*K11,2) -> 151569.85
A12: 1.2 | B12: CCU 02 | C12: COMPOSICAO_PROPRIA | D12: =VLOOKUP(B12,composicoes!$A:$K,2,0) -> SERVIÇO DE VIGIÂNCIA NOTURNA (DIÁRIA) E DIURNA (FINAIS DE SEMANA) | E12: =VLOOKUP(B12,composicoes!$A:$K,8,0) -> MÊS | F12: 8 | G12: =VLOOKUP(B12,composicoes!$A:$K,10,0) -> 6895.64 | H12: =VLOOKUP(B12,composicoes!$A:$K,11,0) -> 1100.09 | I12: =G12+H12 -> 7995.73 | J12: 0.289 | K12: =I12+ROUND(I12*J12,2) -> 10306.5 | L12: =TRUNC(TRUNC(G12*(1+J12),2)*F12,2) -> 71107.76 | M12: =N12-L12 -> 11344.24 | N12: =ROUND(F12*K12,2) -> 82452
A13: 1.3 | B13: TAB 01 | C13: COTACAO | D13: =VLOOKUP(B13,tabelas!$A:$L,4,0) -> DOCUMENTO DE RESPONSABILIDADE TÉCNICA | E13: =VLOOKUP(B13,tabelas!$A:$L,5,0) -> UN | F13: 1 | G13: 0 | H13: =VLOOKUP($B13,tabelas!$A:$L,12,0) -> 285.59 | I13: =G13+H13 -> 285.59 | J13: 0.289 | K13: =I13+ROUND(I13*J13,2) -> 368.13 | L13: =TRUNC(TRUNC(G13*(1+J13),2)*F13,2) -> 0 | M13: =N13-L13 -> 368.13 | N13: =ROUND(F13*K13,2) -> 368.13
A14: 1.4 | B14: CCU 03 | C14: COMPOSICAO_PROPRIA | D14: =VLOOKUP(B14,composicoes!$A:$K,2,0) -> PLANO DE ATAQUE | E14: =VLOOKUP(B14,composicoes!$A:$K,8,0) -> UN | F14: 1 | G14: =VLOOKUP(B14,composicoes!$A:$K,10,0) -> 902.58 | H14: =VLOOKUP(B14,composicoes!$A:$K,11,0) -> 0 | I14: =G14+H14 -> 902.58 | J14: 0.289 | K14: =I14+ROUND(I14*J14,2) -> 1163.43 | L14: =TRUNC(TRUNC(G14*(1+J14),2)*F14,2) -> 1163.42 | M14: =N14-L14 -> 0.01 | N14: =ROUND(F14*K14,2) -> 1163.43
A15: 1.5 | B15: CCU 04 | C15: COMPOSICAO_PROPRIA | D15: =VLOOKUP(B15,composicoes!$A:$K,2,0) -> PLANO DE GERENCIAMENTO DE RESÍDUOS NA CONSTRUÇÃO CIVIL - PGRCC | E15: =VLOOKUP(B15,composicoes!$A:$K,8,0) -> UN | F15: 1 | G15: =VLOOKUP(B15,composicoes!$A:$K,10,0) -> 1085.44 | H15: =VLOOKUP(B15,composicoes!$A:$K,11,0) -> 0 | I15: =G15+H15 -> 1085.44 | J15: 0.289 | K15: =I15+ROUND(I15*J15,2) -> 1399.13 | L15: =TRUNC(TRUNC(G15*(1+J15),2)*F15,2) -> 1399.13 | M15: =N15-L15 -> 0 | N15: =ROUND(F15*K15,2) -> 1399.13
A16: 1.6 | B16: CCU 05 | C16: COMPOSICAO_PROPRIA | D16: =VLOOKUP(B16,composicoes!$A:$K,2,0) -> PROJETO DE SEGURANÇA NO TRABALHO | E16: =VLOOKUP(B16,composicoes!$A:$K,8,0) -> UN | F16: 1 | G16: =VLOOKUP(B16,composicoes!$A:$K,10,0) -> 1079.58 | H16: =VLOOKUP(B16,composicoes!$A:$K,11,0) -> 0 | I16: =G16+H16 -> 1079.58 | J16: 0.289 | K16: =I16+ROUND(I16*J16,2) -> 1391.58 | L16: =TRUNC(TRUNC(G16*(1+J16),2)*F16,2) -> 1391.57 | M16: =N16-L16 -> 0.01 | N16: =ROUND(F16*K16,2) -> 1391.58
A17: 2 | D17: SERVIÇOS PROVISÓRIOS
A18: 2.1 | B18: 34498 | C18: SINAPI | D18: =IF(C18="SINAPI",IFERROR(VLOOKUP(B18,'SINAPI-comp'!$B:$H,2,0),VLOOKUP(B18,'SINAPI-insumo'!$B:$H,2,0))) -> CONE DE SINALIZACAO EM PVC FLEXIVEL, H = 70 / 76 CM (NBR 15071) | E18: =IF(C18="SINAPI",IFERROR(VLOOKUP(B18,'SINAPI-comp'!$B:$H,3,0),VLOOKUP(B18,'SINAPI-insumo'!$B:$H,3,0))) -> UN | F18: 4 | G18: =IFERROR(VLOOKUP(B18,'SINAPI-comp'!$B:$H,4,0)-H18,0) -> 0 | H18: =IF(C18="SINAPI",IFERROR(VLOOKUP(B18,'SINAPI-comp'!$B:$H,7,0),VLOOKUP(B18,'SINAPI-insumo'!$B:$H,7,0))) -> 132.8 | I18: =G18+H18 -> 132.8 | J18: 0.289 | K18: =I18+ROUND(I18*J18,2) -> 171.18 | L18: =TRUNC(TRUNC(G18*(1+J18),2)*F18,2) -> 0 | M18: =N18-L18 -> 684.72 | N18: =ROUND(F18*K18,2) -> 684.72
A19: 2.2 | B19: CCU 07 | C19: COMPOSICAO_PROPRIA | D19: =VLOOKUP(B19,composicoes!$A:$K,2,0) -> TELA TAPUME LARANJA - FORNECIMENTO E INSTALAÇÃO COM MADEIRA | E19: =VLOOKUP(B19,composicoes!$A:$K,8,0) -> M | F19: 50 | G19: =VLOOKUP(B19,composicoes!$A:$K,10,0) -> 7.19 | H19: =VLOOKUP(B19,composicoes!$A:$K,11,0) -> 10.44 | I19: =G19+H19 -> 17.63 | J19: 0.289 | K19: =I19+ROUND(I19*J19,2) -> 22.73 | L19: =TRUNC(TRUNC(G19*(1+J19),2)*F19,2) -> 463 | M19: =N19-L19 -> 673.5 | N19: =ROUND(F19*K19,2) -> 1136.5
A20: 2.3 | B20: CCU 08 | C20: COMPOSICAO_PROPRIA | D20: =VLOOKUP(B20,composicoes!$A:$K,2,0) -> CARGA E TRANSPORTE DE CONTAINER | E20: =VLOOKUP(B20,composicoes!$A:$K,8,0) -> UN | F20: 2 | G20: =VLOOKUP(B20,composicoes!$A:$K,10,0) -> 84.44 | H20: =VLOOKUP(B20,composicoes!$A:$K,11,0) -> 526.24 | I20: =G20+H20 -> 610.68 | J20: 0.289 | K20: =I20+ROUND(I20*J20,2) -> 787.17 | L20: =TRUNC(TRUNC(G20*(1+J20),2)*F20,2) -> 217.68 | M20: =N20-L20 -> 1356.66 | N20: =ROUND(F20*K20,2) -> 1574.34
A21: 2.4 | B21: 10775 | C21: SINAPI | D21: =IF(C21="SINAPI",IFERROR(VLOOKUP(B21,'SINAPI-comp'!$B:$H,2,0),VLOOKUP(B21,'SINAPI-insumo'!$B:$H,2,0))) -> LOCACAO DE CONTAINER 2,30 X 6,00 M, ALT. 2,50 M, COM 1 SANITARIO, PARA ESCRITORIO, COMPLETO, SEM DIVISORIAS INTERNAS (NAO INCLUI MOBILIZACAO/DESMOBILIZACAO) | E21: =IF(C21="SINAPI",IFERROR(VLOOKUP(B21,'SINAPI-comp'!$B:$H,3,0),VLOOKUP(B21,'SINAPI-insumo'!$B:$H,3,0))) -> MES | F21: 8 | G21: =IFERROR(VLOOKUP(B21,'SINAPI-comp'!$B:$H,4,0)-H21,0) -> 0 | H21: =IF(C21="SINAPI",IFERROR(VLOOKUP(B21,'SINAPI-comp'!$B:$H,7,0),VLOOKUP(B21,'SINAPI-insumo'!$B:$H,7,0))) -> 1100 | I21: =G21+H21 -> 1100 | J21: 0.2094 | K21: =I21+ROUND(I21*J21,2) -> 1330.34 | L21: =TRUNC(TRUNC(G21*(1+J21),2)*F21,2) -> 0 | M21: =N21-L21 -> 10642.72 | N21: =ROUND(F21*K21,2) -> 10642.72
A22: 2.5 | B22: 10779 | C22: SINAPI | D22: =IF(C22="SINAPI",IFERROR(VLOOKUP(B22,'SINAPI-comp'!$B:$H,2,0),VLOOKUP(B22,'SINAPI-insumo'!$B:$H,2,0))) -> LOCACAO DE CONTAINER 2,30 X 4,30 M, ALT. 2,50 M, P/ SANITARIO, C/ 5 BACIAS, 1 LAVATORIO E 4 MICTORIOS (NAO INCLUI MOBILIZACAO/DESMOBILIZACAO) | E22: =IF(C22="SINAPI",IFERROR(VLOOKUP(B22,'SINAPI-comp'!$B:$H,3,0),VLOOKUP(B22,'SINAPI-insumo'!$B:$H,3,0))) -> MES | F22: 8 | G22: =IFERROR(VLOOKUP(B22,'SINAPI-comp'!$B:$H,4,0)-H22,0) -> 0 | H22: =IF(C22="SINAPI",IFERROR(VLOOKUP(B22,'SINAPI-comp'!$B:$H,7,0),VLOOKUP(B22,'SINAPI-insumo'!$B:$H,7,0))) -> 1375 | I22: =G22+H22 -> 1375 | J22: 0.2094 | K22: =I22+ROUND(I22*J22,2) -> 1662.93 | L22: =TRUNC(TRUNC(G22*(1+J22),2)*F22,2) -> 0 | M22: =N22-L22 -> 13303.44 | N22: =ROUND(F22*K22,2) -> 13303.44
A23: 2.6 | B23: CCU 06 | C23: COMPOSICAO_PROPRIA | D23: =VLOOKUP(B23,composicoes!$A:$K,2,0) -> PLACA DE OBRA EM CHAPA GALVANIZADA *N. 22*, ADESIVADA, INCLUSO MADEIRAMENTO E INSTALAÇÃO | E23: =VLOOKUP(B23,composicoes!$A:$K,8,0) -> M2 | F23: 6 | G23: =VLOOKUP(B23,composicoes!$A:$K,10,0) -> 75.48 | H23: =VLOOKUP(B23,composicoes!$A:$K,11,0) -> 440.18 | I23: =G23+H23 -> 515.66 | J23: 0.289 | K23: =I23+ROUND(I23*J23,2) -> 664.69 | L23: =TRUNC(TRUNC(G23*(1+J23),2)*F23,2) -> 583.74 | M23: =N23-L23 -> 3404.4 | N23: =ROUND(F23*K23,2) -> 3988.14
A24: 2.7 | B24: 98458 | C24: SINAPI | D24: =IF(C24="SINAPI",IFERROR(VLOOKUP(B24,'SINAPI-comp'!$B:$H,2,0),VLOOKUP(B24,'SINAPI-insumo'!$B:$H,2,0))) -> TAPUME COM COMPENSADO DE MADEIRA. AF_03/2024 | E24: =IF(C24="SINAPI",IFERROR(VLOOKUP(B24,'SINAPI-comp'!$B:$H,3,0),VLOOKUP(B24,'SINAPI-insumo'!$B:$H,3,0))) -> M2 | F24: 213.4 | G24: =IFERROR(VLOOKUP(B24,'SINAPI-comp'!$B:$H,4,0)-H24,0) -> 36.63 | H24: =IF(C24="SINAPI",IFERROR(VLOOKUP(B24,'SINAPI-comp'!$B:$H,7,0),VLOOKUP(B24,'SINAPI-insumo'!$B:$H,7,0))) -> 63.58 | I24: =G24+H24 -> 100.21 | J24: 0.289 | K24: =I24+ROUND(I24*J24,2) -> 129.17 | L24: =TRUNC(TRUNC(G24*(1+J24),2)*F24,2) -> 10074.61 | M24: =N24-L24 -> 17490.27 | N24: =ROUND(F24*K24,2) -> 27564.88
A25: 2.8 | B25: 94649 | C25: SINAPI | D25: =IF(C25="SINAPI",IFERROR(VLOOKUP(B25,'SINAPI-comp'!$B:$H,2,0),VLOOKUP(B25,'SINAPI-insumo'!$B:$H,2,0))) -> TUBO, PVC, SOLDÁVEL, DE 32MM, INSTALADO EM RESERVAÇÃO PREDIAL DE ÁGUA - FORNECIMENTO E INSTALAÇÃO. AF_04/2024 | E25: =IF(C25="SINAPI",IFERROR(VLOOKUP(B25,'SINAPI-comp'!$B:$H,3,0),VLOOKUP(B25,'SINAPI-insumo'!$B:$H,3,0))) -> M | F25: 25 | G25: =IFERROR(VLOOKUP(B25,'SINAPI-comp'!$B:$H,4,0)-H25,0) -> 3.14 | H25: =IF(C25="SINAPI",IFERROR(VLOOKUP(B25,'SINAPI-comp'!$B:$H,7,0),VLOOKUP(B25,'SINAPI-insumo'!$B:$H,7,0))) -> 11.55 | I25: =G25+H25 -> 14.69 | J25: 0.289 | K25: =I25+ROUND(I25*J25,2) -> 18.94 | L25: =TRUNC(TRUNC(G25*(1+J25),2)*F25,2) -> 101 | M25: =N25-L25 -> 372.5 | N25: =ROUND(F25*K25,2) -> 473.5
A26: 2.9 | B26: 103038 | C26: SINAPI | D26: =IF(C26="SINAPI",IFERROR(VLOOKUP(B26,'SINAPI-comp'!$B:$H,2,0),VLOOKUP(B26,'SINAPI-insumo'!$B:$H,2,0))) -> REGISTRO DE ESFERA, PVC, ROSCÁVEL, COM VOLANTE, 1 1/4" - FORNECIMENTO E INSTALAÇÃO. AF_08/2021 | E26: =IF(C26="SINAPI",IFERROR(VLOOKUP(B26,'SINAPI-comp'!$B:$H,3,0),VLOOKUP(B26,'SINAPI-insumo'!$B:$H,3,0))) -> UN | F26: 1 | G26: =IFERROR(VLOOKUP(B26,'SINAPI-comp'!$B:$H,4,0)-H26,0) -> 102.51 | H26: =IF(C26="SINAPI",IFERROR(VLOOKUP(B26,'SINAPI-comp'!$B:$H,7,0),VLOOKUP(B26,'SINAPI-insumo'!$B:$H,7,0))) -> 0 | I26: =G26+H26 -> 102.51 | J26: 0.289 | K26: =I26+ROUND(I26*J26,2) -> 132.14 | L26: =TRUNC(TRUNC(G26*(1+J26),2)*F26,2) -> 132.13 | M26: =N26-L26 -> 0.01 | N26: =ROUND(F26*K26,2) -> 132.14
A27: 2.10 | B27: 94674 | C27: SINAPI | D27: =IF(C27="SINAPI",IFERROR(VLOOKUP(B27,'SINAPI-comp'!$B:$H,2,0),VLOOKUP(B27,'SINAPI-insumo'!$B:$H,2,0))) -> JOELHO 90 GRAUS, PVC, SOLDÁVEL, DN 32 MM INSTALADO EM RESERVAÇÃO PREDIAL DE ÁGUA - FORNECIMENTO E INSTALAÇÃO. AF_04/2024 | E27: =IF(C27="SINAPI",IFERROR(VLOOKUP(B27,'SINAPI-comp'!$B:$H,3,0),VLOOKUP(B27,'SINAPI-insumo'!$B:$H,3,0))) -> UN | F27: 10 | G27: =IFERROR(VLOOKUP(B27,'SINAPI-comp'!$B:$H,4,0)-H27,0) -> 3.89 | H27: =IF(C27="SINAPI",IFERROR(VLOOKUP(B27,'SINAPI-comp'!$B:$H,7,0),VLOOKUP(B27,'SINAPI-insumo'!$B:$H,7,0))) -> 4.81 | I27: =G27+H27 -> 8.7 | J27: 0.289 | K27: =I27+ROUND(I27*J27,2) -> 11.21 | L27: =TRUNC(TRUNC(G27*(1+J27),2)*F27,2) -> 50.1 | M27: =N27-L27 -> 62 | N27: =ROUND(F27*K27,2) -> 112.1
A28: 2.11 | B28: 86913 | C28: SINAPI | D28: =IF(C28="SINAPI",IFERROR(VLOOKUP(B28,'SINAPI-comp'!$B:$H,2,0),VLOOKUP(B28,'SINAPI-insumo'!$B:$H,2,0))) -> TORNEIRA CROMADA 1/2" OU 3/4" PARA TANQUE, PADRÃO POPULAR - FORNECIMENTO E INSTALAÇÃO. AF_01/2020 | E28: =IF(C28="SINAPI",IFERROR(VLOOKUP(B28,'SINAPI-comp'!$B:$H,3,0),VLOOKUP(B28,'SINAPI-insumo'!$B:$H,3,0))) -> UN | F28: 1 | G28: =IFERROR(VLOOKUP(B28,'SINAPI-comp'!$B:$H,4,0)-H28,0) -> 5.35 | H28: =IF(C28="SINAPI",IFERROR(VLOOKUP(B28,'SINAPI-comp'!$B:$H,7,0),VLOOKUP(B28,'SINAPI-insumo'!$B:$H,7,0))) -> 88.41 | I28: =G28+H28 -> 93.76 | J28: 0.289 | K28: =I28+ROUND(I28*J28,2) -> 120.86 | L28: =TRUNC(TRUNC(G28*(1+J28),2)*F28,2) -> 6.89 | M28: =N28-L28 -> 113.97 | N28: =ROUND(F28*K28,2) -> 120.86
A29: 2.12 | B29: 89714 | C29: SINAPI | D29: =IF(C29="SINAPI",IFERROR(VLOOKUP(B29,'SINAPI-comp'!$B:$H,2,0),VLOOKUP(B29,'SINAPI-insumo'!$B:$H,2,0))) -> TUBO PVC, SERIE NORMAL, ESGOTO PREDIAL, DN 100 MM, FORNECIDO E INSTALADO EM RAMAL DE DESCARGA OU RAMAL DE ESGOTO SANITÁRIO. AF_08/2022 | E29: =IF(C29="SINAPI",IFERROR(VLOOKUP(B29,'SINAPI-comp'!$B:$H,3,0),VLOOKUP(B29,'SINAPI-insumo'!$B:$H,3,0))) -> M | F29: 25 | G29: =IFERROR(VLOOKUP(B29,'SINAPI-comp'!$B:$H,4,0)-H29,0) -> 23.08 | H29: =IF(C29="SINAPI",IFERROR(VLOOKUP(B29,'SINAPI-comp'!$B:$H,7,0),VLOOKUP(B29,'SINAPI-insumo'!$B:$H,7,0))) -> 18.83 | I29: =G29+H29 -> 41.91 | J29: 0.289 | K29: =I29+ROUND(I29*J29,2) -> 54.02 | L29: =TRUNC(TRUNC(G29*(1+J29),2)*F29,2) -> 743.75 | M29: =N29-L29 -> 606.75 | N29: =ROUND(F29*K29,2) -> 1350.5
A30: 2.13 | B30: 89778 | C30: SINAPI | D30: =IF(C30="SINAPI",IFERROR(VLOOKUP(B30,'SINAPI-comp'!$B:$H,2,0),VLOOKUP(B30,'SINAPI-insumo'!$B:$H,2,0))) -> LUVA SIMPLES, PVC, SERIE NORMAL, ESGOTO PREDIAL, DN 100 MM, JUNTA ELÁSTICA, FORNECIDO E INSTALADO EM RAMAL DE DESCARGA OU RAMAL DE ESGOTO SANITÁRIO. AF_08/2022 | E30: =IF(C30="SINAPI",IFERROR(VLOOKUP(B30,'SINAPI-comp'!$B:$H,3,0),VLOOKUP(B30,'SINAPI-insumo'!$B:$H,3,0))) -> UN | F30: 3 | G30: =IFERROR(VLOOKUP(B30,'SINAPI-comp'!$B:$H,4,0)-H30,0) -> 6.66 | H30: =IF(C30="SINAPI",IFERROR(VLOOKUP(B30,'SINAPI-comp'!$B:$H,7,0),VLOOKUP(B30,'SINAPI-insumo'!$B:$H,7,0))) -> 13.7 | I30: =G30+H30 -> 20.36 | J30: 0.289 | K30: =I30+ROUND(I30*J30,2) -> 26.24 | L30: =TRUNC(TRUNC(G30*(1+J30),2)*F30,2) -> 25.74 | M30: =N30-L30 -> 52.98 | N30: =ROUND(F30*K30,2) -> 78.72
A31: 2.14 | B31: 89746 | C31: SINAPI | D31: =IF(C31="SINAPI",IFERROR(VLOOKUP(B31,'SINAPI-comp'!$B:$H,2,0),VLOOKUP(B31,'SINAPI-insumo'!$B:$H,2,0))) -> JOELHO 45 GRAUS, PVC, SERIE NORMAL, ESGOTO PREDIAL, DN 100 MM, JUNTA ELÁSTICA, FORNECIDO E INSTALADO EM RAMAL DE DESCARGA OU RAMAL DE ESGOTO SANITÁRIO. AF_08/2022 | E31: =IF(C31="SINAPI",IFERROR(VLOOKUP(B31,'SINAPI-comp'!$B:$H,3,0),VLOOKUP(B31,'SINAPI-insumo'!$B:$H,3,0))) -> UN | F31: 5 | G31: =IFERROR(VLOOKUP(B31,'SINAPI-comp'!$B:$H,4,0)-H31,0) -> 10.01 | H31: =IF(C31="SINAPI",IFERROR(VLOOKUP(B31,'SINAPI-comp'!$B:$H,7,0),VLOOKUP(B31,'SINAPI-insumo'!$B:$H,7,0))) -> 21 | I31: =G31+H31 -> 31.01 | J31: 0.289 | K31: =I31+ROUND(I31*J31,2) -> 39.97 | L31: =TRUNC(TRUNC(G31*(1+J31),2)*F31,2) -> 64.5 | M31: =N31-L31 -> 135.35 | N31: =ROUND(F31*K31,2) -> 199.85
A32: 2.15 | B32: 89711 | C32: SINAPI | D32: =IF(C32="SINAPI",IFERROR(VLOOKUP(B32,'SINAPI-comp'!$B:$H,2,0),VLOOKUP(B32,'SINAPI-insumo'!$B:$H,2,0))) -> TUBO PVC, SERIE NORMAL, ESGOTO PREDIAL, DN 40 MM, FORNECIDO E INSTALADO EM RAMAL DE DESCARGA OU RAMAL DE ESGOTO SANITÁRIO. AF_08/2022 | E32: =IF(C32="SINAPI",IFERROR(VLOOKUP(B32,'SINAPI-comp'!$B:$H,3,0),VLOOKUP(B32,'SINAPI-insumo'!$B:$H,3,0))) -> M | F32: 5 | G32: =IFERROR(VLOOKUP(B32,'SINAPI-comp'!$B:$H,4,0)-H32,0) -> 15.22 | H32: =IF(C32="SINAPI",IFERROR(VLOOKUP(B32,'SINAPI-comp'!$B:$H,7,0),VLOOKUP(B32,'SINAPI-insumo'!$B:$H,7,0))) -> 8.22 | I32: =G32+H32 -> 23.44 | J32: 0.289 | K32: =I32+ROUND(I32*J32,2) -> 30.21 | L32: =TRUNC(TRUNC(G32*(1+J32),2)*F32,2) -> 98.05 | M32: =N32-L32 -> 53 | N32: =ROUND(F32*K32,2) -> 151.05
A33: 2.16 | B33: 89726 | C33: SINAPI | D33: =IF(C33="SINAPI",IFERROR(VLOOKUP(B33,'SINAPI-comp'!$B:$H,2,0),VLOOKUP(B33,'SINAPI-insumo'!$B:$H,2,0))) -> JOELHO 45 GRAUS, PVC, SERIE NORMAL, ESGOTO PREDIAL, DN 40 MM, JUNTA SOLDÁVEL, FORNECIDO E INSTALADO EM RAMAL DE DESCARGA OU RAMAL DE ESGOTO SANITÁRIO. AF_08/2022 | E33: =IF(C33="SINAPI",IFERROR(VLOOKUP(B33,'SINAPI-comp'!$B:$H,3,0),VLOOKUP(B33,'SINAPI-insumo'!$B:$H,3,0))) -> UN | F33: 5 | G33: =IFERROR(VLOOKUP(B33,'SINAPI-comp'!$B:$H,4,0)-H33,0) -> 6.6 | H33: =IF(C33="SINAPI",IFERROR(VLOOKUP(B33,'SINAPI-comp'!$B:$H,7,0),VLOOKUP(B33,'SINAPI-insumo'!$B:$H,7,0))) -> 5.05 | I33: =G33+H33 -> 11.65 | J33: 0.289 | K33: =I33+ROUND(I33*J33,2) -> 15.02 | L33: =TRUNC(TRUNC(G33*(1+J33),2)*F33,2) -> 42.5 | M33: =N33-L33 -> 32.6 | N33: =ROUND(F33*K33,2) -> 75.1
A34: 2.17 | B34: 93671 | C34: SINAPI | D34: =IF(C34="SINAPI",IFERROR(VLOOKUP(B34,'SINAPI-comp'!$B:$H,2,0),VLOOKUP(B34,'SINAPI-insumo'!$B:$H,2,0))) -> DISJUNTOR TRIPOLAR TIPO DIN, CORRENTE NOMINAL DE 32A - FORNECIMENTO E INSTALAÇÃO. AF_07/2025 | E34: =IF(C34="SINAPI",IFERROR(VLOOKUP(B34,'SINAPI-comp'!$B:$H,3,0),VLOOKUP(B34,'SINAPI-insumo'!$B:$H,3,0))) -> UN | F34: 2 | G34: =IFERROR(VLOOKUP(B34,'SINAPI-comp'!$B:$H,4,0)-H34,0) -> 14.39 | H34: =IF(C34="SINAPI",IFERROR(VLOOKUP(B34,'SINAPI-comp'!$B:$H,7,0),VLOOKUP(B34,'SINAPI-insumo'!$B:$H,7,0))) -> 65.63 | I34: =G34+H34 -> 80.02 | J34: 0.289 | K34: =I34+ROUND(I34*J34,2) -> 103.15 | L34: =TRUNC(TRUNC(G34*(1+J34),2)*F34,2) -> 37.08 | M34: =N34-L34 -> 169.22 | N34: =ROUND(F34*K34,2) -> 206.3
A35: 2.18 | B35: 91931 | C35: SINAPI | D35: =IF(C35="SINAPI",IFERROR(VLOOKUP(B35,'SINAPI-comp'!$B:$H,2,0),VLOOKUP(B35,'SINAPI-insumo'!$B:$H,2,0))) -> CABO DE COBRE FLEXÍVEL ISOLADO, 6 MM², ANTI-CHAMA 0,6/1,0 KV, PARA CIRCUITOS TERMINAIS - FORNECIMENTO E INSTALAÇÃO. AF_03/2023 | E35: =IF(C35="SINAPI",IFERROR(VLOOKUP(B35,'SINAPI-comp'!$B:$H,3,0),VLOOKUP(B35,'SINAPI-insumo'!$B:$H,3,0))) -> M | F35: 60 | G35: =IFERROR(VLOOKUP(B35,'SINAPI-comp'!$B:$H,4,0)-H35,0) -> 2.81 | H35: =IF(C35="SINAPI",IFERROR(VLOOKUP(B35,'SINAPI-comp'!$B:$H,7,0),VLOOKUP(B35,'SINAPI-insumo'!$B:$H,7,0))) -> 7.73 | I35: =G35+H35 -> 10.54 | J35: 0.289 | K35: =I35+ROUND(I35*J35,2) -> 13.59 | L35: =TRUNC(TRUNC(G35*(1+J35),2)*F35,2) -> 217.2 | M35: =N35-L35 -> 598.2 | N35: =ROUND(F35*K35,2) -> 815.4
A36: 2.19 | B36: CCU 09 | C36: COMPOSICAO_PROPRIA | D36: =VLOOKUP(B36,composicoes!$A:$K,2,0) -> RESERVATÓRIO EM POLIESTER REFORCADO COM FIBRA DE VIDRO, 1.500 LITROS | E36: =VLOOKUP(B36,composicoes!$A:$K,8,0) -> UN | F36: 1 | G36: =VLOOKUP(B36,composicoes!$A:$K,10,0) -> 76.2 | H36: =VLOOKUP(B36,composicoes!$A:$K,11,0) -> 1001.33 | I36: =G36+H36 -> 1077.53 | J36: 0.289 | K36: =I36+ROUND(I36*J36,2) -> 1388.94 | L36: =TRUNC(TRUNC(G36*(1+J36),2)*F36,2) -> 98.22 | M36: =N36-L36 -> 1290.72 | N36: =ROUND(F36*K36,2) -> 1388.94
A37: 2.20 | B37: 37460 | C37: SINAPI | D37: =IF(C37="SINAPI",IFERROR(VLOOKUP(B37,'SINAPI-comp'!$B:$H,2,0),VLOOKUP(B37,'SINAPI-insumo'!$B:$H,2,0))) -> MANGUEIRA CRISTAL TRANCADA, PVC COM REFORCO, PRESSAO DE TRABALHO (PT) 250 LBS/POL2, DE 1" X *3,1* MM | E37: =IF(C37="SINAPI",IFERROR(VLOOKUP(B37,'SINAPI-comp'!$B:$H,3,0),VLOOKUP(B37,'SINAPI-insumo'!$B:$H,3,0))) -> M | F37: 30 | G37: =IFERROR(VLOOKUP(B37,'SINAPI-comp'!$B:$H,4,0)-H37,0) -> 0 | H37: =IF(C37="SINAPI",IFERROR(VLOOKUP(B37,'SINAPI-comp'!$B:$H,7,0),VLOOKUP(B37,'SINAPI-insumo'!$B:$H,7,0))) -> 22.21 | I37: =G37+H37 -> 22.21 | J37: 0.289 | K37: =I37+ROUND(I37*J37,2) -> 28.63 | L37: =TRUNC(TRUNC(G37*(1+J37),2)*F37,2) -> 0 | M37: =N37-L37 -> 858.9 | N37: =ROUND(F37*K37,2) -> 858.9
A38: 2.21 | B38: 93358 | C38: SINAPI | D38: =IF(C38="SINAPI",IFERROR(VLOOKUP(B38,'SINAPI-comp'!$B:$H,2,0),VLOOKUP(B38,'SINAPI-insumo'!$B:$H,2,0))) -> ESCAVAÇÃO MANUAL DE VALA. AF_09/2024 | E38: =IF(C38="SINAPI",IFERROR(VLOOKUP(B38,'SINAPI-comp'!$B:$H,3,0),VLOOKUP(B38,'SINAPI-insumo'!$B:$H,3,0))) -> M3 | F38: =TRUNC(F25*0.3*0.4,2) -> 3 | G38: =IFERROR(VLOOKUP(B38,'SINAPI-comp'!$B:$H,4,0)-H38,0) -> 92.88 | H38: =IF(C38="SINAPI",IFERROR(VLOOKUP(B38,'SINAPI-comp'!$B:$H,7,0),VLOOKUP(B38,'SINAPI-insumo'!$B:$H,7,0))) -> 0 | I38: =G38+H38 -> 92.88 | J38: 0.289 | K38: =I38+ROUND(I38*J38,2) -> 119.72 | L38: =TRUNC(TRUNC(G38*(1+J38),2)*F38,2) -> 359.16 | M38: =N38-L38 -> 0 | N38: =ROUND(F38*K38,2) -> 359.16
A39: 2.22 | B39: 104737 | C39: SINAPI | D39: =IF(C39="SINAPI",IFERROR(VLOOKUP(B39,'SINAPI-comp'!$B:$H,2,0),VLOOKUP(B39,'SINAPI-insumo'!$B:$H,2,0))) -> REATERRO MANUAL DE VALAS, COM PLACA VIBRATÓRIA. AF_08/2023 | E39: =IF(C39="SINAPI",IFERROR(VLOOKUP(B39,'SINAPI-comp'!$B:$H,3,0),VLOOKUP(B39,'SINAPI-insumo'!$B:$H,3,0))) -> M3 | F39: =F38 -> 3 | G39: =IFERROR(VLOOKUP(B39,'SINAPI-comp'!$B:$H,4,0)-H39,0) -> 20.83 | H39: =IF(C39="SINAPI",IFERROR(VLOOKUP(B39,'SINAPI-comp'!$B:$H,7,0),VLOOKUP(B39,'SINAPI-insumo'!$B:$H,7,0))) -> 2.72 | I39: =G39+H39 -> 23.55 | J39: 0.289 | K39: =I39+ROUND(I39*J39,2) -> 30.36 | L39: =TRUNC(TRUNC(G39*(1+J39),2)*F39,2) -> 80.52 | M39: =N39-L39 -> 10.56 | N39: =ROUND(F39*K39,2) -> 91.08
A40: 3 | D40: DEMOLIÇÕES E RETIRADAS
A41: 3.1 | B41: 97627 | C41: SINAPI | D41: =IF(C41="SINAPI",IFERROR(VLOOKUP(B41,'SINAPI-comp'!$B:$H,2,0),VLOOKUP(B41,'SINAPI-insumo'!$B:$H,2,0))) -> DEMOLIÇÃO DE PILARES E VIGAS EM CONCRETO ARMADO, DE FORMA MECANIZADA COM MARTELETE, SEM REAPROVEITAMENTO. AF_09/2023 | E41: =IF(C41="SINAPI",IFERROR(VLOOKUP(B41,'SINAPI-comp'!$B:$H,3,0),VLOOKUP(B41,'SINAPI-insumo'!$B:$H,3,0))) -> M3 | F41: 3 | G41: =IFERROR(VLOOKUP(B41,'SINAPI-comp'!$B:$H,4,0)-H41,0) -> 35.33 | H41: =IF(C41="SINAPI",IFERROR(VLOOKUP(B41,'SINAPI-comp'!$B:$H,7,0),VLOOKUP(B41,'SINAPI-insumo'!$B:$H,7,0))) -> 15.41 | I41: =G41+H41 -> 50.74 | J41: 0.289 | K41: =I41+ROUND(I41*J41,2) -> 65.4 | L41: =TRUNC(TRUNC(G41*(1+J41),2)*F41,2) -> 136.62 | M41: =N41-L41 -> 59.58 | N41: =ROUND(F41*K41,2) -> 196.2
A42: 3.2 | B42: 97624 | C42: SINAPI | D42: =IF(C42="SINAPI",IFERROR(VLOOKUP(B42,'SINAPI-comp'!$B:$H,2,0),VLOOKUP(B42,'SINAPI-insumo'!$B:$H,2,0))) -> DEMOLIÇÃO DE ALVENARIA DE TIJOLO MACIÇO, DE FORMA MANUAL, SEM REAPROVEITAMENTO. AF_09/2023 | E42: =IF(C42="SINAPI",IFERROR(VLOOKUP(B42,'SINAPI-comp'!$B:$H,3,0),VLOOKUP(B42,'SINAPI-insumo'!$B:$H,3,0))) -> M3 | F42: 10 | G42: =IFERROR(VLOOKUP(B42,'SINAPI-comp'!$B:$H,4,0)-H42,0) -> 115.65 | H42: =IF(C42="SINAPI",IFERROR(VLOOKUP(B42,'SINAPI-comp'!$B:$H,7,0),VLOOKUP(B42,'SINAPI-insumo'!$B:$H,7,0))) -> 0 | I42: =G42+H42 -> 115.65 | J42: 0.289 | K42: =I42+ROUND(I42*J42,2) -> 149.07 | L42: =TRUNC(TRUNC(G42*(1+J42),2)*F42,2) -> 1490.7 | M42: =N42-L42 -> 0 | N42: =ROUND(F42*K42,2) -> 1490.7
A43: 3.3 | B43: 93358 | C43: SINAPI | D43: =IF(C43="SINAPI",IFERROR(VLOOKUP(B43,'SINAPI-comp'!$B:$H,2,0),VLOOKUP(B43,'SINAPI-insumo'!$B:$H,2,0))) -> ESCAVAÇÃO MANUAL DE VALA. AF_09/2024 | E43: =IF(C43="SINAPI",IFERROR(VLOOKUP(B43,'SINAPI-comp'!$B:$H,3,0),VLOOKUP(B43,'SINAPI-insumo'!$B:$H,3,0))) -> M3 | F43: 10 | G43: =IFERROR(VLOOKUP(B43,'SINAPI-comp'!$B:$H,4,0)-H43,0) -> 92.88 | H43: =IF(C43="SINAPI",IFERROR(VLOOKUP(B43,'SINAPI-comp'!$B:$H,7,0),VLOOKUP(B43,'SINAPI-insumo'!$B:$H,7,0))) -> 0 | I43: =G43+H43 -> 92.88 | J43: 0.289 | K43: =I43+ROUND(I43*J43,2) -> 119.72 | L43: =TRUNC(TRUNC(G43*(1+J43),2)*F43,2) -> 1197.2 | M43: =N43-L43 -> 0 | N43: =ROUND(F43*K43,2) -> 1197.2
A44: 3.4 | B44: CCU 14 | C44: COMPOSICAO_PROPRIA | D44: =VLOOKUP(B44,composicoes!$A:$K,2,0) -> REMOÇÃO DE GRADIL/PORTÃO METALICOS (COM REAPROVEITAMENTO) | E44: =VLOOKUP(B44,composicoes!$A:$K,8,0) -> M2 | F44: 10 | G44: =VLOOKUP(B44,composicoes!$A:$K,10,0) -> 26.29 | H44: =VLOOKUP(B44,composicoes!$A:$K,11,0) -> 0 | I44: =G44+H44 -> 26.29 | J44: 0.289 | K44: =I44+ROUND(I44*J44,2) -> 33.89 | L44: =TRUNC(TRUNC(G44*(1+J44),2)*F44,2) -> 338.8 | M44: =N44-L44 -> 0.1 | N44: =ROUND(F44*K44,2) -> 338.9
A45: 3.5 | B45: CCU 11 | C45: COMPOSICAO_PROPRIA | D45: =VLOOKUP(B45,composicoes!$A:$K,2,0) -> CARGA E TRANSPORTE DE ENTULHO DENTRO DO CANTEIRO | E45: =VLOOKUP(B45,composicoes!$A:$K,8,0) -> M3 | F45: =TRUNC((F41+F42)*1.4,2) -> 18.2 | G45: =VLOOKUP(B45,composicoes!$A:$K,10,0) -> 23.48 | H45: =VLOOKUP(B45,composicoes!$A:$K,11,0) -> 0 | I45: =G45+H45 -> 23.48 | J45: 0.289 | K45: =I45+ROUND(I45*J45,2) -> 30.27 | L45: =TRUNC(TRUNC(G45*(1+J45),2)*F45,2) -> 550.73 | M45: =N45-L45 -> 0.18 | N45: =ROUND(F45*K45,2) -> 550.91
A46: 4 | D46: VERGAS E ISOLAMENTO TÉRMICO SOBRE A LAJE
A47: 4.1 | B47: 105029 | C47: SINAPI | D47: =IF(C47="SINAPI",IFERROR(VLOOKUP(B47,'SINAPI-comp'!$B:$H,2,0),VLOOKUP(B47,'SINAPI-insumo'!$B:$H,2,0))) -> CONTRAVERGA MOLDADA IN LOCO EM CONCRETO, ESPESSURA DE *15* CM. AF_03/2024 | E47: =IF(C47="SINAPI",IFERROR(VLOOKUP(B47,'SINAPI-comp'!$B:$H,3,0),VLOOKUP(B47,'SINAPI-insumo'!$B:$H,3,0))) -> M | F47: 7 | G47: =IFERROR(VLOOKUP(B47,'SINAPI-comp'!$B:$H,4,0)-H47,0) -> 49.03 | H47: =IF(C47="SINAPI",IFERROR(VLOOKUP(B47,'SINAPI-comp'!$B:$H,7,0),VLOOKUP(B47,'SINAPI-insumo'!$B:$H,7,0))) -> 0 | I47: =G47+H47 -> 49.03 | J47: 0.289 | K47: =I47+ROUND(I47*J47,2) -> 63.2 | L47: =TRUNC(TRUNC(G47*(1+J47),2)*F47,2) -> 442.33 | M47: =N47-L47 -> 0.07 | N47: =ROUND(F47*K47,2) -> 442.4
A48: 4.2 | B48: 105023 | C48: SINAPI | D48: =IF(C48="SINAPI",IFERROR(VLOOKUP(B48,'SINAPI-comp'!$B:$H,2,0),VLOOKUP(B48,'SINAPI-insumo'!$B:$H,2,0))) -> VERGA MOLDADA IN LOCO EM CONCRETO, ESPESSURA DE *15* CM. AF_03/2024 | E48: =IF(C48="SINAPI",IFERROR(VLOOKUP(B48,'SINAPI-comp'!$B:$H,3,0),VLOOKUP(B48,'SINAPI-insumo'!$B:$H,3,0))) -> M | F48: 7 | G48: =IFERROR(VLOOKUP(B48,'SINAPI-comp'!$B:$H,4,0)-H48,0) -> 64.11 | H48: =IF(C48="SINAPI",IFERROR(VLOOKUP(B48,'SINAPI-comp'!$B:$H,7,0),VLOOKUP(B48,'SINAPI-insumo'!$B:$H,7,0))) -> 0 | I48: =G48+H48 -> 64.11 | J48: 0.289 | K48: =I48+ROUND(I48*J48,2) -> 82.64 | L48: =TRUNC(TRUNC(G48*(1+J48),2)*F48,2) -> 578.41 | M48: =N48-L48 -> 0.07 | N48: =ROUND(F48*K48,2) -> 578.48
A49: 4.3 | B49: CCU 12 | C49: COMPOSICAO_PROPRIA | D49: =VLOOKUP(B49,composicoes!$A:$K,2,0) -> ISOLAMENTO TERMOACÚSTICO COM LÃ MINERAL NA SUBCOBERTURA | E49: =VLOOKUP(B49,composicoes!$A:$K,8,0) -> M2 | F49: 200 | G49: =VLOOKUP(B49,composicoes!$A:$K,10,0) -> 2.5 | H49: =VLOOKUP(B49,composicoes!$A:$K,11,0) -> 36.77 | I49: =G49+H49 -> 39.27 | J49: 0.289 | K49: =I49+ROUND(I49*J49,2) -> 50.62 | L49: =TRUNC(TRUNC(G49*(1+J49),2)*F49,2) -> 644 | M49: =N49-L49 -> 9480 | N49: =ROUND(F49*K49,2) -> 10124
A50: 4.4 | B50: 94210 | C50: SINAPI | D50: =IF(C50="SINAPI",IFERROR(VLOOKUP(B50,'SINAPI-comp'!$B:$H,2,0),VLOOKUP(B50,'SINAPI-insumo'!$B:$H,2,0))) -> TELHAMENTO COM TELHA ONDULADA DE FIBROCIMENTO E = 6 MM, COM RECOBRIMENTO LATERAL DE 1 1/4 DE ONDA PARA TELHADO COM INCLINAÇÃO MÁXIMA DE 10°, COM ATÉ 2 ÁGUAS, INCLUSO IÇAMENTO. AF_07/2019 | E50: =IF(C50="SINAPI",IFERROR(VLOOKUP(B50,'SINAPI-comp'!$B:$H,3,0),VLOOKUP(B50,'SINAPI-insumo'!$B:$H,3,0))) -> M2 | F50: 200 | G50: =IFERROR(VLOOKUP(B50,'SINAPI-comp'!$B:$H,4,0)-H50,0) -> 7.75 | H50: =IF(C50="SINAPI",IFERROR(VLOOKUP(B50,'SINAPI-comp'!$B:$H,7,0),VLOOKUP(B50,'SINAPI-insumo'!$B:$H,7,0))) -> 42.77 | I50: =G50+H50 -> 50.52 | J50: 0.289 | K50: =I50+ROUND(I50*J50,2) -> 65.12 | L50: =TRUNC(TRUNC(G50*(1+J50),2)*F50,2) -> 1996 | M50: =N50-L50 -> 11028 | N50: =ROUND(F50*K50,2) -> 13024
A51: 4.5 | B51: 97647 | C51: SINAPI | D51: =IF(C51="SINAPI",IFERROR(VLOOKUP(B51,'SINAPI-comp'!$B:$H,2,0),VLOOKUP(B51,'SINAPI-insumo'!$B:$H,2,0))) -> REMOÇÃO DE TELHAS DE FIBROCIMENTO METÁLICA E CERÂMICA, DE FORMA MANUAL, SEM REAPROVEITAMENTO. AF_09/2023 | E51: =IF(C51="SINAPI",IFERROR(VLOOKUP(B51,'SINAPI-comp'!$B:$H,3,0),VLOOKUP(B51,'SINAPI-insumo'!$B:$H,3,0))) -> M2 | F51: 200 | G51: =IFERROR(VLOOKUP(B51,'SINAPI-comp'!$B:$H,4,0)-H51,0) -> 3.81 | H51: =IF(C51="SINAPI",IFERROR(VLOOKUP(B51,'SINAPI-comp'!$B:$H,7,0),VLOOKUP(B51,'SINAPI-insumo'!$B:$H,7,0))) -> 0 | I51: =G51+H51 -> 3.81 | J51: 0.289 | K51: =I51+ROUND(I51*J51,2) -> 4.91 | L51: =TRUNC(TRUNC(G51*(1+J51),2)*F51,2) -> 982 | M51: =N51-L51 -> 0 | N51: =ROUND(F51*K51,2) -> 982
A52: 4.6 | B52: CCU 11 | C52: COMPOSICAO_PROPRIA | D52: =VLOOKUP(B52,composicoes!$A:$K,2,0) -> CARGA E TRANSPORTE DE ENTULHO DENTRO DO CANTEIRO | E52: =VLOOKUP(B52,composicoes!$A:$K,8,0) -> M3 | F52: =TRUNC(F51*0.05,2) -> 10 | G52: =VLOOKUP(B52,composicoes!$A:$K,10,0) -> 23.48 | H52: =VLOOKUP(B52,composicoes!$A:$K,11,0) -> 0 | I52: =G52+H52 -> 23.48 | J52: 0.289 | K52: =I52+ROUND(I52*J52,2) -> 30.27 | L52: =TRUNC(TRUNC(G52*(1+J52),2)*F52,2) -> 302.6 | M52: =N52-L52 -> 0.1 | N52: =ROUND(F52*K52,2) -> 302.7
A53: 5 | D53: TRATAMENTO DE FISSURA ATIVA
A54: 5.1 | B54: CCU 13 | C54: COMPOSICAO_PROPRIA | D54: =VLOOKUP(B54,composicoes!$A:$K,2,0) -> TRATAMENTO DAS FISSURAS/TRINCA DAS PAREDES INTERNAS (DELIMITAÇÃO E APICOAMENTO DA REGIÃO, ABERTURA DE SULCO, LIMPEZA, APLICAÇÃO DE TELA ANTI-FISSURAÇÃO, COLMATAÇÃO E ACABAMENTO) | E54: =VLOOKUP(B54,composicoes!$A:$K,8,0) -> M | F54: 45 | G54: =VLOOKUP(B54,composicoes!$A:$K,10,0) -> 37.96 | H54: =VLOOKUP(B54,composicoes!$A:$K,11,0) -> 27.65 | I54: =G54+H54 -> 65.61 | J54: 0.289 | K54: =I54+ROUND(I54*J54,2) -> 84.57 | L54: =TRUNC(TRUNC(G54*(1+J54),2)*F54,2) -> 2201.85 | M54: =N54-L54 -> 1603.8 | N54: =ROUND(F54*K54,2) -> 3805.65
A55: 5.2 | B55: 88495 | C55: SINAPI | D55: =IF(C55="SINAPI",IFERROR(VLOOKUP(B55,'SINAPI-comp'!$B:$H,2,0),VLOOKUP(B55,'SINAPI-insumo'!$B:$H,2,0))) -> EMASSAMENTO COM MASSA LÁTEX, APLICAÇÃO EM PAREDE, UMA DEMÃO, LIXAMENTO MANUAL. AF_04/2023 | E55: =IF(C55="SINAPI",IFERROR(VLOOKUP(B55,'SINAPI-comp'!$B:$H,3,0),VLOOKUP(B55,'SINAPI-insumo'!$B:$H,3,0))) -> M2 | F55: 45 | G55: =IFERROR(VLOOKUP(B55,'SINAPI-comp'!$B:$H,4,0)-H55,0) -> 9.26 | H55: =IF(C55="SINAPI",IFERROR(VLOOKUP(B55,'SINAPI-comp'!$B:$H,7,0),VLOOKUP(B55,'SINAPI-insumo'!$B:$H,7,0))) -> 3.25 | I55: =G55+H55 -> 12.51 | J55: 0.289 | K55: =I55+ROUND(I55*J55,2) -> 16.13 | L55: =TRUNC(TRUNC(G55*(1+J55),2)*F55,2) -> 536.85 | M55: =N55-L55 -> 189 | N55: =ROUND(F55*K55,2) -> 725.85
A56: 5.3 | B56: CCU 11 | C56: COMPOSICAO_PROPRIA | D56: =VLOOKUP(B56,composicoes!$A:$K,2,0) -> CARGA E TRANSPORTE DE ENTULHO DENTRO DO CANTEIRO | E56: =VLOOKUP(B56,composicoes!$A:$K,8,0) -> M3 | F56: =TRUNC(F54*0.04*0.1*1.4,2) -> 0.25 | G56: =VLOOKUP(B56,composicoes!$A:$K,10,0) -> 23.48 | H56: =VLOOKUP(B56,composicoes!$A:$K,11,0) -> 0 | I56: =G56+H56 -> 23.48 | J56: 0.289 | K56: =I56+ROUND(I56*J56,2) -> 30.27 | L56: =TRUNC(TRUNC(G56*(1+J56),2)*F56,2) -> 7.56 | M56: =N56-L56 -> 0.01 | N56: =ROUND(F56*K56,2) -> 7.57
A57: 6 | D57: RECUPERAÇÃO OU SUBSTITUIÇÃO DE ELEMENTOS ESTRUTURAIS
A58: 6.1 | B58: 98524 | C58: SINAPI | D58: =IF(C58="SINAPI",IFERROR(VLOOKUP(B58,'SINAPI-comp'!$B:$H,2,0),VLOOKUP(B58,'SINAPI-insumo'!$B:$H,2,0))) -> LIMPEZA MANUAL DE VEGETAÇÃO EM TERRENO COM ENXADA. AF_03/2024 | E58: =IF(C58="SINAPI",IFERROR(VLOOKUP(B58,'SINAPI-comp'!$B:$H,3,0),VLOOKUP(B58,'SINAPI-insumo'!$B:$H,3,0))) -> M2 | F58: 100 | G58: =IFERROR(VLOOKUP(B58,'SINAPI-comp'!$B:$H,4,0)-H58,0) -> 5 | H58: =IF(C58="SINAPI",IFERROR(VLOOKUP(B58,'SINAPI-comp'!$B:$H,7,0),VLOOKUP(B58,'SINAPI-insumo'!$B:$H,7,0))) -> 0 | I58: =G58+H58 -> 5 | J58: 0.289 | K58: =I58+ROUND(I58*J58,2) -> 6.45 | L58: =TRUNC(TRUNC(G58*(1+J58),2)*F58,2) -> 644 | M58: =N58-L58 -> 1 | N58: =ROUND(F58*K58,2) -> 645
A59: 6.2 | B59: 104800 | C59: SINAPI | D59: =IF(C59="SINAPI",IFERROR(VLOOKUP(B59,'SINAPI-comp'!$B:$H,2,0),VLOOKUP(B59,'SINAPI-insumo'!$B:$H,2,0))) -> REMOÇÃO DE CERCAS E MOURÕES, DE FORMA MANUAL, SEM REAPROVEITAMENTO. AF_09/2023 | E59: =IF(C59="SINAPI",IFERROR(VLOOKUP(B59,'SINAPI-comp'!$B:$H,3,0),VLOOKUP(B59,'SINAPI-insumo'!$B:$H,3,0))) -> M | F59: 10 | G59: =IFERROR(VLOOKUP(B59,'SINAPI-comp'!$B:$H,4,0)-H59,0) -> 9.89 | H59: =IF(C59="SINAPI",IFERROR(VLOOKUP(B59,'SINAPI-comp'!$B:$H,7,0),VLOOKUP(B59,'SINAPI-insumo'!$B:$H,7,0))) -> 0 | I59: =G59+H59 -> 9.89 | J59: 0.289 | K59: =I59+ROUND(I59*J59,2) -> 12.75 | L59: =TRUNC(TRUNC(G59*(1+J59),2)*F59,2) -> 127.4 | M59: =N59-L59 -> 0.1 | N59: =ROUND(F59*K59,2) -> 127.5
A60: 6.3 | B60: 97624 | C60: SINAPI | D60: =IF(C60="SINAPI",IFERROR(VLOOKUP(B60,'SINAPI-comp'!$B:$H,2,0),VLOOKUP(B60,'SINAPI-insumo'!$B:$H,2,0))) -> DEMOLIÇÃO DE ALVENARIA DE TIJOLO MACIÇO, DE FORMA MANUAL, SEM REAPROVEITAMENTO. AF_09/2023 | E60: =IF(C60="SINAPI",IFERROR(VLOOKUP(B60,'SINAPI-comp'!$B:$H,3,0),VLOOKUP(B60,'SINAPI-insumo'!$B:$H,3,0))) -> M3 | F60: 40 | G60: =IFERROR(VLOOKUP(B60,'SINAPI-comp'!$B:$H,4,0)-H60,0) -> 115.65 | H60: =IF(C60="SINAPI",IFERROR(VLOOKUP(B60,'SINAPI-comp'!$B:$H,7,0),VLOOKUP(B60,'SINAPI-insumo'!$B:$H,7,0))) -> 0 | I60: =G60+H60 -> 115.65 | J60: 0.289 | K60: =I60+ROUND(I60*J60,2) -> 149.07 | L60: =TRUNC(TRUNC(G60*(1+J60),2)*F60,2) -> 5962.8 | M60: =N60-L60 -> 0 | N60: =ROUND(F60*K60,2) -> 5962.8
A61: 6.4 | B61: 97627 | C61: SINAPI | D61: =IF(C61="SINAPI",IFERROR(VLOOKUP(B61,'SINAPI-comp'!$B:$H,2,0),VLOOKUP(B61,'SINAPI-insumo'!$B:$H,2,0))) -> DEMOLIÇÃO DE PILARES E VIGAS EM CONCRETO ARMADO, DE FORMA MECANIZADA COM MARTELETE, SEM REAPROVEITAMENTO. AF_09/2023 | E61: =IF(C61="SINAPI",IFERROR(VLOOKUP(B61,'SINAPI-comp'!$B:$H,3,0),VLOOKUP(B61,'SINAPI-insumo'!$B:$H,3,0))) -> M3 | F61: 8 | G61: =IFERROR(VLOOKUP(B61,'SINAPI-comp'!$B:$H,4,0)-H61,0) -> 35.33 | H61: =IF(C61="SINAPI",IFERROR(VLOOKUP(B61,'SINAPI-comp'!$B:$H,7,0),VLOOKUP(B61,'SINAPI-insumo'!$B:$H,7,0))) -> 15.41 | I61: =G61+H61 -> 50.74 | J61: 0.289 | K61: =I61+ROUND(I61*J61,2) -> 65.4 | L61: =TRUNC(TRUNC(G61*(1+J61),2)*F61,2) -> 364.32 | M61: =N61-L61 -> 158.88 | N61: =ROUND(F61*K61,2) -> 523.2
A62: 6.5 | B62: 104920 | C62: SINAPI | D62: =IF(C62="SINAPI",IFERROR(VLOOKUP(B62,'SINAPI-comp'!$B:$H,2,0),VLOOKUP(B62,'SINAPI-insumo'!$B:$H,2,0))) -> ARMAÇÃO DE BLOCO, SAPATA ISOLADA, VIGA BALDRAME E SAPATA CORRIDA UTILIZANDO AÇO CA-50 DE 12,5 MM - MONTAGEM. AF_01/2024 | E62: =IF(C62="SINAPI",IFERROR(VLOOKUP(B62,'SINAPI-comp'!$B:$H,3,0),VLOOKUP(B62,'SINAPI-insumo'!$B:$H,3,0))) -> KG | F62: 9 | G62: =IFERROR(VLOOKUP(B62,'SINAPI-comp'!$B:$H,4,0)-H62,0) -> 2.53 | H62: =IF(C62="SINAPI",IFERROR(VLOOKUP(B62,'SINAPI-comp'!$B:$H,7,0),VLOOKUP(B62,'SINAPI-insumo'!$B:$H,7,0))) -> 8.29 | I62: =G62+H62 -> 10.82 | J62: 0.289 | K62: =I62+ROUND(I62*J62,2) -> 13.95 | L62: =TRUNC(TRUNC(G62*(1+J62),2)*F62,2) -> 29.34 | M62: =N62-L62 -> 96.21 | N62: =ROUND(F62*K62,2) -> 125.55
A63: 6.6 | B63: 104916 | C63: SINAPI | D63: =IF(C63="SINAPI",IFERROR(VLOOKUP(B63,'SINAPI-comp'!$B:$H,2,0),VLOOKUP(B63,'SINAPI-insumo'!$B:$H,2,0))) -> ARMAÇÃO DE SAPATA ISOLADA, VIGA BALDRAME E SAPATA CORRIDA UTILIZANDO AÇO CA-60 DE 5 MM - MONTAGEM. AF_01/2024 | E63: =IF(C63="SINAPI",IFERROR(VLOOKUP(B63,'SINAPI-comp'!$B:$H,3,0),VLOOKUP(B63,'SINAPI-insumo'!$B:$H,3,0))) -> KG | F63: 35 | G63: =IFERROR(VLOOKUP(B63,'SINAPI-comp'!$B:$H,4,0)-H63,0) -> 8.06 | H63: =IF(C63="SINAPI",IFERROR(VLOOKUP(B63,'SINAPI-comp'!$B:$H,7,0),VLOOKUP(B63,'SINAPI-insumo'!$B:$H,7,0))) -> 8.76 | I63: =G63+H63 -> 16.82 | J63: 0.289 | K63: =I63+ROUND(I63*J63,2) -> 21.68 | L63: =TRUNC(TRUNC(G63*(1+J63),2)*F63,2) -> 363.3 | M63: =N63-L63 -> 395.5 | N63: =ROUND(F63*K63,2) -> 758.8
A64: 6.7 | B64: 104919 | C64: SINAPI | D64: =IF(C64="SINAPI",IFERROR(VLOOKUP(B64,'SINAPI-comp'!$B:$H,2,0),VLOOKUP(B64,'SINAPI-insumo'!$B:$H,2,0))) -> ARMAÇÃO DE SAPATA ISOLADA, VIGA BALDRAME E SAPATA CORRIDA UTILIZANDO AÇO CA-50 DE 10 MM - MONTAGEM. AF_01/2024 | E64: =IF(C64="SINAPI",IFERROR(VLOOKUP(B64,'SINAPI-comp'!$B:$H,3,0),VLOOKUP(B64,'SINAPI-insumo'!$B:$H,3,0))) -> KG | F64: 106 | G64: =IFERROR(VLOOKUP(B64,'SINAPI-comp'!$B:$H,4,0)-H64,0) -> 3.29 | H64: =IF(C64="SINAPI",IFERROR(VLOOKUP(B64,'SINAPI-comp'!$B:$H,7,0),VLOOKUP(B64,'SINAPI-insumo'!$B:$H,7,0))) -> 9.5 | I64: =G64+H64 -> 12.79 | J64: 0.289 | K64: =I64+ROUND(I64*J64,2) -> 16.49 | L64: =TRUNC(TRUNC(G64*(1+J64),2)*F64,2) -> 449.44 | M64: =N64-L64 -> 1298.5 | N64: =ROUND(F64*K64,2) -> 1747.94
A65: 6.8 | B65: 98555 | C65: SINAPI | D65: =IF(C65="SINAPI",IFERROR(VLOOKUP(B65,'SINAPI-comp'!$B:$H,2,0),VLOOKUP(B65,'SINAPI-insumo'!$B:$H,2,0))) -> IMPERMEABILIZAÇÃO DE SUPERFÍCIE COM ARGAMASSA POLIMÉRICA / MEMBRANA ACRÍLICA, 3 DEMÃOS. AF_09/2023 | E65: =IF(C65="SINAPI",IFERROR(VLOOKUP(B65,'SINAPI-comp'!$B:$H,3,0),VLOOKUP(B65,'SINAPI-insumo'!$B:$H,3,0))) -> M2 | F65: 5.36 | G65: =IFERROR(VLOOKUP(B65,'SINAPI-comp'!$B:$H,4,0)-H65,0) -> 21.21 | H65: =IF(C65="SINAPI",IFERROR(VLOOKUP(B65,'SINAPI-comp'!$B:$H,7,0),VLOOKUP(B65,'SINAPI-insumo'!$B:$H,7,0))) -> 11.06 | I65: =G65+H65 -> 32.27 | J65: 0.289 | K65: =I65+ROUND(I65*J65,2) -> 41.6 | L65: =TRUNC(TRUNC(G65*(1+J65),2)*F65,2) -> 146.48 | M65: =N65-L65 -> 76.5 | N65: =ROUND(F65*K65,2) -> 222.98
A66: 6.9 | B66: 103672 | C66: SINAPI | D66: =IF(C66="SINAPI",IFERROR(VLOOKUP(B66,'SINAPI-comp'!$B:$H,2,0),VLOOKUP(B66,'SINAPI-insumo'!$B:$H,2,0))) -> CONCRETAGEM DE PILARES, FCK = 25 MPA, COM USO DE BOMBA - LANÇAMENTO, ADENSAMENTO E ACABAMENTO. AF_02/2022_PS | E66: =IF(C66="SINAPI",IFERROR(VLOOKUP(B66,'SINAPI-comp'!$B:$H,3,0),VLOOKUP(B66,'SINAPI-insumo'!$B:$H,3,0))) -> M3 | F66: 4 | G66: =IFERROR(VLOOKUP(B66,'SINAPI-comp'!$B:$H,4,0)-H66,0) -> 44.02 | H66: =IF(C66="SINAPI",IFERROR(VLOOKUP(B66,'SINAPI-comp'!$B:$H,7,0),VLOOKUP(B66,'SINAPI-insumo'!$B:$H,7,0))) -> 663.67 | I66: =G66+H66 -> 707.69 | J66: 0.289 | K66: =I66+ROUND(I66*J66,2) -> 912.21 | L66: =TRUNC(TRUNC(G66*(1+J66),2)*F66,2) -> 226.96 | M66: =N66-L66 -> 3421.88 | N66: =ROUND(F66*K66,2) -> 3648.84
A67: 6.10 | B67: 101159 | C67: SINAPI | D67: =IF(C67="SINAPI",IFERROR(VLOOKUP(B67,'SINAPI-comp'!$B:$H,2,0),VLOOKUP(B67,'SINAPI-insumo'!$B:$H,2,0))) -> ALVENARIA DE VEDAÇÃO DE BLOCOS CERÂMICOS MACIÇOS DE 5X10X20CM (ESPESSURA 10CM) E ARGAMASSA DE ASSENTAMENTO COM PREPARO EM BETONEIRA. AF_05/2020 | E67: =IF(C67="SINAPI",IFERROR(VLOOKUP(B67,'SINAPI-comp'!$B:$H,3,0),VLOOKUP(B67,'SINAPI-insumo'!$B:$H,3,0))) -> M2 | F67: 40.2 | G67: =IFERROR(VLOOKUP(B67,'SINAPI-comp'!$B:$H,4,0)-H67,0) -> 81.26 | H67: =IF(C67="SINAPI",IFERROR(VLOOKUP(B67,'SINAPI-comp'!$B:$H,7,0),VLOOKUP(B67,'SINAPI-insumo'!$B:$H,7,0))) -> 57.66 | I67: =G67+H67 -> 138.92 | J67: 0.289 | K67: =I67+ROUND(I67*J67,2) -> 179.07 | L67: =TRUNC(TRUNC(G67*(1+J67),2)*F67,2) -> 4210.54 | M67: =N67-L67 -> 2988.07 | N67: =ROUND(F67*K67,2) -> 7198.61
A68: 6.11 | B68: 87794 | C68: SINAPI | D68: =IF(C68="SINAPI",IFERROR(VLOOKUP(B68,'SINAPI-comp'!$B:$H,2,0),VLOOKUP(B68,'SINAPI-insumo'!$B:$H,2,0))) -> EMBOÇO OU MASSA ÚNICA EM ARGAMASSA TRAÇO 1:2:8, PREPARO MANUAL, APLICADA MANUALMENTE EM PANOS CEGOS DE FACHADA (SEM PRESENÇA DE VÃOS), ESPESSURA DE 25 MM. AF_09/2022 | E68: =IF(C68="SINAPI",IFERROR(VLOOKUP(B68,'SINAPI-comp'!$B:$H,3,0),VLOOKUP(B68,'SINAPI-insumo'!$B:$H,3,0))) -> M2 | F68: 40.2 | G68: =IFERROR(VLOOKUP(B68,'SINAPI-comp'!$B:$H,4,0)-H68,0) -> 28.74 | H68: =IF(C68="SINAPI",IFERROR(VLOOKUP(B68,'SINAPI-comp'!$B:$H,7,0),VLOOKUP(B68,'SINAPI-insumo'!$B:$H,7,0))) -> 16.77 | I68: =G68+H68 -> 45.51 | J68: 0.289 | K68: =I68+ROUND(I68*J68,2) -> 58.66 | L68: =TRUNC(TRUNC(G68*(1+J68),2)*F68,2) -> 1489 | M68: =N68-L68 -> 869.13 | N68: =ROUND(F68*K68,2) -> 2358.13
A69: 6.12 | B69: 87905 | C69: SINAPI | D69: =IF(C69="SINAPI",IFERROR(VLOOKUP(B69,'SINAPI-comp'!$B:$H,2,0),VLOOKUP(B69,'SINAPI-insumo'!$B:$H,2,0))) -> CHAPISCO APLICADO EM ALVENARIA (COM PRESENÇA DE VÃOS) E ESTRUTURAS DE CONCRETO DE FACHADA, COM COLHER DE PEDREIRO. ARGAMASSA TRAÇO 1:3 COM PREPARO EM BETONEIRA 400L. AF_10/2022 | E69: =IF(C69="SINAPI",IFERROR(VLOOKUP(B69,'SINAPI-comp'!$B:$H,3,0),VLOOKUP(B69,'SINAPI-insumo'!$B:$H,3,0))) -> M2 | F69: 40.2 | G69: =IFERROR(VLOOKUP(B69,'SINAPI-comp'!$B:$H,4,0)-H69,0) -> 6.69 | H69: =IF(C69="SINAPI",IFERROR(VLOOKUP(B69,'SINAPI-comp'!$B:$H,7,0),VLOOKUP(B69,'SINAPI-insumo'!$B:$H,7,0))) -> 1.76 | I69: =G69+H69 -> 8.45 | J69: 0.289 | K69: =I69+ROUND(I69*J69,2) -> 10.89 | L69: =TRUNC(TRUNC(G69*(1+J69),2)*F69,2) -> 346.52 | M69: =N69-L69 -> 91.26 | N69: =ROUND(F69*K69,2) -> 437.78
A70: 6.13 | B70: 104208 | C70: SINAPI | D70: =IF(C70="SINAPI",IFERROR(VLOOKUP(B70,'SINAPI-comp'!$B:$H,2,0),VLOOKUP(B70,'SINAPI-insumo'!$B:$H,2,0))) -> EMBOÇO OU MASSA ÚNICA EM ARGAMASSA TRAÇO 1:2:8, PREPARO MECÂNICA COM BETONEIRA 400 L, APLICADA COM PROJETOR TIPO CANEQUINHA EM PANOS DE FACHADA SEM PRESENÇA DE VÃOS, ESPESSURA DE 35 MM, ACESSO POR BALANCIM MANUAL. AF_08/2022 | E70: =IF(C70="SINAPI",IFERROR(VLOOKUP(B70,'SINAPI-comp'!$B:$H,3,0),VLOOKUP(B70,'SINAPI-insumo'!$B:$H,3,0))) -> M2 | F70: 40.2 | G70: =IFERROR(VLOOKUP(B70,'SINAPI-comp'!$B:$H,4,0)-H70,0) -> 33.64 | H70: =IF(C70="SINAPI",IFERROR(VLOOKUP(B70,'SINAPI-comp'!$B:$H,7,0),VLOOKUP(B70,'SINAPI-insumo'!$B:$H,7,0))) -> 29.28 | I70: =G70+H70 -> 62.92 | J70: 0.289 | K70: =I70+ROUND(I70*J70,2) -> 81.1 | L70: =TRUNC(TRUNC(G70*(1+J70),2)*F70,2) -> 1743.07 | M70: =N70-L70 -> 1517.15 | N70: =ROUND(F70*K70,2) -> 3260.22
A71: 6.14 | B71: CCU 15 | C71: COMPOSICAO_PROPRIA | D71: =VLOOKUP(B71,composicoes!$A:$K,2,0) -> RECUPERAÇÃO E RECOLOCAÇÃO DE GRADIL/PORTÃO METALICOS (MATERIAL REAPROVEITADO) | E71: =VLOOKUP(B71,composicoes!$A:$K,8,0) -> M2 | F71: 10 | G71: =VLOOKUP(B71,composicoes!$A:$K,10,0) -> 114.79 | H71: =VLOOKUP(B71,composicoes!$A:$K,11,0) -> 28.86 | I71: =G71+H71 -> 143.65 | J71: 0.289 | K71: =I71+ROUND(I71*J71,2) -> 185.16 | L71: =TRUNC(TRUNC(G71*(1+J71),2)*F71,2) -> 1479.6 | M71: =N71-L71 -> 372 | N71: =ROUND(F71*K71,2) -> 1851.6
A72: 6.15 | B72: 88485 | C72: SINAPI | D72: =IF(C72="SINAPI",IFERROR(VLOOKUP(B72,'SINAPI-comp'!$B:$H,2,0),VLOOKUP(B72,'SINAPI-insumo'!$B:$H,2,0))) -> FUNDO SELADOR ACRÍLICO, APLICAÇÃO MANUAL EM PAREDE, UMA DEMÃO. AF_04/2023 | E72: =IF(C72="SINAPI",IFERROR(VLOOKUP(B72,'SINAPI-comp'!$B:$H,3,0),VLOOKUP(B72,'SINAPI-insumo'!$B:$H,3,0))) -> M2 | F72: 40.2 | G72: =IFERROR(VLOOKUP(B72,'SINAPI-comp'!$B:$H,4,0)-H72,0) -> 2.5 | H72: =IF(C72="SINAPI",IFERROR(VLOOKUP(B72,'SINAPI-comp'!$B:$H,7,0),VLOOKUP(B72,'SINAPI-insumo'!$B:$H,7,0))) -> 1.38 | I72: =G72+H72 -> 3.88 | J72: 0.289 | K72: =I72+ROUND(I72*J72,2) -> 5 | L72: =TRUNC(TRUNC(G72*(1+J72),2)*F72,2) -> 129.44 | M72: =N72-L72 -> 71.56 | N72: =ROUND(F72*K72,2) -> 201
A73: 6.16 | B73: 88489 | C73: SINAPI | D73: =IF(C73="SINAPI",IFERROR(VLOOKUP(B73,'SINAPI-comp'!$B:$H,2,0),VLOOKUP(B73,'SINAPI-insumo'!$B:$H,2,0))) -> PINTURA LÁTEX ACRÍLICA PREMIUM, APLICAÇÃO MANUAL EM PAREDES, DUAS DEMÃOS. AF_04/2023 | E73: =IF(C73="SINAPI",IFERROR(VLOOKUP(B73,'SINAPI-comp'!$B:$H,3,0),VLOOKUP(B73,'SINAPI-insumo'!$B:$H,3,0))) -> M2 | F73: 40.2 | G73: =IFERROR(VLOOKUP(B73,'SINAPI-comp'!$B:$H,4,0)-H73,0) -> 6.14 | H73: =IF(C73="SINAPI",IFERROR(VLOOKUP(B73,'SINAPI-comp'!$B:$H,7,0),VLOOKUP(B73,'SINAPI-insumo'!$B:$H,7,0))) -> 7.66 | I73: =G73+H73 -> 13.8 | J73: 0.289 | K73: =I73+ROUND(I73*J73,2) -> 17.79 | L73: =TRUNC(TRUNC(G73*(1+J73),2)*F73,2) -> 317.98 | M73: =N73-L73 -> 397.18 | N73: =ROUND(F73*K73,2) -> 715.16
A74: 6.17 | B74: COT 01 | C74: COTACAO | D74: =cotacoes!B8 -> ESTACA MEGA | E74: =cotacoes!G8 -> M | F74: 42 | G74: 0 | H74: =cotacoes!F8 -> 1973.5 | I74: =G74+H74 -> 1973.5 | J74: 0 | K74: =I74+ROUND(I74*J74,2) -> 1973.5 | L74: =TRUNC(TRUNC(G74*(1+J74),2)*F74,2) -> 0 | M74: =N74-L74 -> 82887 | N74: =ROUND(F74*K74,2) -> 82887
A75: 6.18 | B75: 93358 | C75: SINAPI | D75: =IF(C75="SINAPI",IFERROR(VLOOKUP(B75,'SINAPI-comp'!$B:$H,2,0),VLOOKUP(B75,'SINAPI-insumo'!$B:$H,2,0))) -> ESCAVAÇÃO MANUAL DE VALA. AF_09/2024 | E75: =IF(C75="SINAPI",IFERROR(VLOOKUP(B75,'SINAPI-comp'!$B:$H,3,0),VLOOKUP(B75,'SINAPI-insumo'!$B:$H,3,0))) -> M3 | F75: 13 | G75: =IFERROR(VLOOKUP(B75,'SINAPI-comp'!$B:$H,4,0)-H75,0) -> 92.88 | H75: =IF(C75="SINAPI",IFERROR(VLOOKUP(B75,'SINAPI-comp'!$B:$H,7,0),VLOOKUP(B75,'SINAPI-insumo'!$B:$H,7,0))) -> 0 | I75: =G75+H75 -> 92.88 | J75: 0.289 | K75: =I75+ROUND(I75*J75,2) -> 119.72 | L75: =TRUNC(TRUNC(G75*(1+J75),2)*F75,2) -> 1556.36 | M75: =N75-L75 -> 0 | N75: =ROUND(F75*K75,2) -> 1556.36
A76: 6.19 | B76: 104737 | C76: SINAPI | D76: =IF(C76="SINAPI",IFERROR(VLOOKUP(B76,'SINAPI-comp'!$B:$H,2,0),VLOOKUP(B76,'SINAPI-insumo'!$B:$H,2,0))) -> REATERRO MANUAL DE VALAS, COM PLACA VIBRATÓRIA. AF_08/2023 | E76: =IF(C76="SINAPI",IFERROR(VLOOKUP(B76,'SINAPI-comp'!$B:$H,3,0),VLOOKUP(B76,'SINAPI-insumo'!$B:$H,3,0))) -> M3 | F76: 9 | G76: =IFERROR(VLOOKUP(B76,'SINAPI-comp'!$B:$H,4,0)-H76,0) -> 20.83 | H76: =IF(C76="SINAPI",IFERROR(VLOOKUP(B76,'SINAPI-comp'!$B:$H,7,0),VLOOKUP(B76,'SINAPI-insumo'!$B:$H,7,0))) -> 2.72 | I76: =G76+H76 -> 23.55 | J76: 0.289 | K76: =I76+ROUND(I76*J76,2) -> 30.36 | L76: =TRUNC(TRUNC(G76*(1+J76),2)*F76,2) -> 241.56 | M76: =N76-L76 -> 31.68 | N76: =ROUND(F76*K76,2) -> 273.24
A77: 6.20 | B77: CCU 11 | C77: COMPOSICAO_PROPRIA | D77: =VLOOKUP(B77,composicoes!$A:$K,2,0) -> CARGA E TRANSPORTE DE ENTULHO DENTRO DO CANTEIRO | E77: =VLOOKUP(B77,composicoes!$A:$K,8,0) -> M3 | F77: =TRUNC(F58*0.1+F74*0.1+(F60+F61)*1.4,2) -> 81.4 | G77: =VLOOKUP(B77,composicoes!$A:$K,10,0) -> 23.48 | H77: =VLOOKUP(B77,composicoes!$A:$K,11,0) -> 0 | I77: =G77+H77 -> 23.48 | J77: 0.289 | K77: =I77+ROUND(I77*J77,2) -> 30.27 | L77: =TRUNC(TRUNC(G77*(1+J77),2)*F77,2) -> 2463.16 | M77: =N77-L77 -> 0.82 | N77: =ROUND(F77*K77,2) -> 2463.98
A78: 7 | D78: SERVIÇOS FINAIS
A79: 7.1 | B79: TAB 08.01 | C79: COTACAO | D79: =VLOOKUP(B79,tabelas!$A:$L,4,0) -> LOCAÇÃO CAÇAMBA ESTACIONÁRIA 4 M3 - TRANSPORTE E DESTINAÇÃO FINAL | E79: =VLOOKUP(B79,tabelas!$A:$L,5,0) -> UN | F79: =ROUNDUP((F45+F52+F56+F77)/4,0) -> 28 | G79: 0 | H79: =VLOOKUP($B79,tabelas!$A:$L,12,0) -> 350 | I79: =G79+H79 -> 350 | J79: 0.2094 | K79: =I79+ROUND(I79*J79,2) -> 423.29 | L79: =TRUNC(TRUNC(G79*(1+J79),2)*F79,2) -> 0 | M79: =N79-L79 -> 11852.12 | N79: =ROUND(F79*K79,2) -> 11852.12
A80: 7.2 | B80: 99811 | C80: SINAPI | D80: =IF(C80="SINAPI",IFERROR(VLOOKUP(B80,'SINAPI-comp'!$B:$H,2,0),VLOOKUP(B80,'SINAPI-insumo'!$B:$H,2,0))) -> LIMPEZA DE CONTRAPISO COM VASSOURA A SECO. AF_10/2025 | E80: =IF(C80="SINAPI",IFERROR(VLOOKUP(B80,'SINAPI-comp'!$B:$H,3,0),VLOOKUP(B80,'SINAPI-insumo'!$B:$H,3,0))) -> M2 | F80: 276 | G80: =IFERROR(VLOOKUP(B80,'SINAPI-comp'!$B:$H,4,0)-H80,0) -> 0.67 | H80: =IF(C80="SINAPI",IFERROR(VLOOKUP(B80,'SINAPI-comp'!$B:$H,7,0),VLOOKUP(B80,'SINAPI-insumo'!$B:$H,7,0))) -> 0 | I80: =G80+H80 -> 0.67 | J80: 0.289 | K80: =I80+ROUND(I80*J80,2) -> 0.86 | L80: =TRUNC(TRUNC(G80*(1+J80),2)*F80,2) -> 237.36 | M80: =N80-L80 -> 0 | N80: =ROUND(F80*K80,2) -> 237.36
A81: 7.3 | B81: CCU 08 | C81: COMPOSICAO_PROPRIA | D81: =VLOOKUP(B81,composicoes!$A:$K,2,0) -> CARGA E TRANSPORTE DE CONTAINER | E81: =VLOOKUP(B81,composicoes!$A:$K,8,0) -> UN | F81: 2 | G81: =VLOOKUP(B81,composicoes!$A:$K,10,0) -> 84.44 | H81: =VLOOKUP(B81,composicoes!$A:$K,11,0) -> 526.24 | I81: =G81+H81 -> 610.68 | J81: 0.289 | K81: =I81+ROUND(I81*J81,2) -> 787.17 | L81: =TRUNC(TRUNC(G81*(1+J81),2)*F81,2) -> 217.68 | M81: =N81-L81 -> 1356.66 | N81: =ROUND(F81*K81,2) -> 1574.34
A82: 7.4 | B82: CCU 16 | C82: COMPOSICAO_PROPRIA | D82: =VLOOKUP(B82,composicoes!$A:$K,2,0) -> DESMONTAGEM SERVIÇOS PROVISÓRIOS | E82: =VLOOKUP(B82,composicoes!$A:$K,8,0) -> UN | F82: 1 | G82: =VLOOKUP(B82,composicoes!$A:$K,10,0) -> 1502.72 | H82: =VLOOKUP(B82,composicoes!$A:$K,11,0) -> 0 | I82: =G82+H82 -> 1502.72 | J82: 0.289 | K82: =I82+ROUND(I82*J82,2) -> 1937.01 | L82: =TRUNC(TRUNC(G82*(1+J82),2)*F82,2) -> 1937 | M82: =N82-L82 -> 0.01 | N82: =ROUND(F82*K82,2) -> 1937.01
M83: TOTAL | N83: =SUM(N10:N82) -> 469985.54

Sheet composicoes
B1: PREFEITURA MUNICIPAL DE PORTO ALEGRE
B2: SECRETARIA MUNICIPAL DE OBRAS E INFRAESTRUTURA
B3: =orcamento!D3 -> Objeto: Reforço de Fundação em Estaca Mega - Unidade de Saúde Cruzeiro do Sul
B4: =orcamento!D4 -> Endereço: Rua Dona Malvina Acesso A, nº 195, Santa Teresa, Porto Alegre, RS
B6: COMPOSIÇÕES DE CUSTOS UNITÁRIAS
A8: CÓDIGO: | B8: DESCRIÇÃO: | H8: UNIDADE: | I8: PRAZO (mês): | J8: CUSTO TOTAL (MO): | K8: CUSTO TOTAL (MAT):
A9: CCU 01 | B9: EQUIPE DE ADMINISTRAÇÃO LOCAL | H9: UN | I9: 8 | J9: =TRUNC(SUM(J11:J15),2) -> 116109.36 | K9: =TRUNC(SUM(K11:K15),2) -> 1477.8
A10: ITEM | B10: DESCRIÇÃO | C10: UNID. | D10: COEF. | E10: REFERENCIAL COEF. | F10: CUSTO UNITARIO (MO) | G10: CUSTO UNITARIO (MAT) | H10: REFERENCIAL CUSTO | J10: CUSTO TOTAL (MO) | K10: CUSTO TOTAL (MAT)
A11: 1 | B11: =IF(OR(H11="SINAPI",H11="SINAPI-I"),IFERROR(VLOOKUP(I11,'SINAPI-comp'!$B:$H,2,0),VLOOKUP(I11,'SINAPI-insumo'!$B:$H,2,0))) -> ENGENHEIRO CIVIL DE OBRA PLENO COM ENCARGOS COMPLEMENTARES | C11: =IF(OR(H11="SINAPI",H11="SINAPI-I"),IFERROR(VLOOKUP(I11,'SINAPI-comp'!$B:$H,3,0),VLOOKUP(I11,'SINAPI-insumo'!$B:$H,3,0))) -> H | D11: =I9*(20*0.5) -> 80 | E11: 0,5h/dia | F11: =IFERROR(VLOOKUP(I11,'SINAPI-comp'!$B:$H,4,0)-G11,0) -> 135.68 | G11: =IF(OR(H11="SINAPI",H11="SINAPI-I"),IFERROR(VLOOKUP(I11,'SINAPI-comp'!$B:$H,7,0),VLOOKUP(I11,'SINAPI-insumo'!$B:$H,7,0))) -> 0 | H11: SINAPI | I11: 90778 | J11: =TRUNC($D11*F11,4) -> 10854.4 | K11: =TRUNC($D11*G11,4) -> 0
A12: 2 | B12: =IF(OR(H12="SINAPI",H12="SINAPI-I"),IFERROR(VLOOKUP(I12,'SINAPI-comp'!$B:$H,2,0),VLOOKUP(I12,'SINAPI-insumo'!$B:$H,2,0))) -> TÉCNICO EM SEGURANÇA DO TRABALHO COM ENCARGOS COMPLEMENTARES | C12: =IF(OR(H12="SINAPI",H12="SINAPI-I"),IFERROR(VLOOKUP(I12,'SINAPI-comp'!$B:$H,3,0),VLOOKUP(I12,'SINAPI-insumo'!$B:$H,3,0))) -> H | D12: =I9*20*0.5 -> 80 | E12: 1h/semana | F12: =IFERROR(VLOOKUP(I12,'SINAPI-comp'!$B:$H,4,0)-G12,0) -> 44.25 | G12: =IF(OR(H12="SINAPI",H12="SINAPI-I"),IFERROR(VLOOKUP(I12,'SINAPI-comp'!$B:$H,7,0),VLOOKUP(I12,'SINAPI-insumo'!$B:$H,7,0))) -> 0 | H12: SINAPI | I12: 100309 | J12: =TRUNC($D12*F12,4) -> 3540 | K12: =TRUNC($D12*G12,4) -> 0
A13: 3 | B13: =IF(OR(H13="SINAPI",H13="SINAPI-I"),IFERROR(VLOOKUP(I13,'SINAPI-comp'!$B:$H,2,0),VLOOKUP(I13,'SINAPI-insumo'!$B:$H,2,0))) -> ENCARREGADO GERAL DE OBRAS COM ENCARGOS COMPLEMENTARES | C13: =IF(OR(H13="SINAPI",H13="SINAPI-I"),IFERROR(VLOOKUP(I13,'SINAPI-comp'!$B:$H,3,0),VLOOKUP(I13,'SINAPI-insumo'!$B:$H,3,0))) -> MES | D13: =I9 -> 8 | F13: =IFERROR(VLOOKUP(I13,'SINAPI-comp'!$B:$H,4,0)-G13,0) -> 12481.17 | G13: =IF(OR(H13="SINAPI",H13="SINAPI-I"),IFERROR(VLOOKUP(I13,'SINAPI-comp'!$B:$H,7,0),VLOOKUP(I13,'SINAPI-insumo'!$B:$H,7,0))) -> 0 | H13: SINAPI | I13: 93572 | J13: =TRUNC($D13*F13,4) -> 99849.36 | K13: =TRUNC($D13*G13,4) -> 0
A14: 4 | B14: =IF(OR(H14="SINAPI",H14="SINAPI-I"),IFERROR(VLOOKUP(I14,'SINAPI-comp'!$B:$H,2,0),VLOOKUP(I14,'SINAPI-insumo'!$B:$H,2,0))) -> AUXILIAR DE SERVIÇOS GERAIS COM ENCARGOS COMPLEMENTARES | C14: =IF(OR(H14="SINAPI",H14="SINAPI-I"),IFERROR(VLOOKUP(I14,'SINAPI-comp'!$B:$H,3,0),VLOOKUP(I14,'SINAPI-insumo'!$B:$H,3,0))) -> H | D14: =D11 -> 80 | E14: 1h/dia | F14: =IFERROR(VLOOKUP(I14,'SINAPI-comp'!$B:$H,4,0)-G14,0) -> 23.32 | G14: =IF(OR(H14="SINAPI",H14="SINAPI-I"),IFERROR(VLOOKUP(I14,'SINAPI-comp'!$B:$H,7,0),VLOOKUP(I14,'SINAPI-insumo'!$B:$H,7,0))) -> 0 | H14: SINAPI | I14: 88252 | J14: =TRUNC($D14*F14,4) -> 1865.6 | K14: =TRUNC($D14*G14,4) -> 0
A15: 5 | B15: =VLOOKUP(I15,tabelas!$A:$L,4,0) -> Veículo leve - 53 kW (sem motorista) | C15: =VLOOKUP(I15,tabelas!$A:$L,5,0) -> CHP | D15: =D12*0.5 -> 40 | F15: 0 | G15: =VLOOKUP($I15,tabelas!$A:$L,12,0) -> 36.945 | H15: COTACAO | I15: TAB 03.01 | J15: =TRUNC($D15*F15,4) -> 0 | K15: =TRUNC($D15*G15,4) -> 1477.8
A18: CÓDIGO: | B18: DESCRIÇÃO: | H18: UNIDADE: | J18: CUSTO TOTAL (MO): | K18: CUSTO TOTAL (MAT):
A19: CCU 02 | B19: SERVIÇO DE VIGIÂNCIA NOTURNA (DIÁRIA) E DIURNA (FINAIS DE SEMANA) | H19: MÊS | J19: =TRUNC(SUM(J21:J29),2) -> 6895.64 | K19: =TRUNC(SUM(K21:K29),2) -> 1100.09
A20: ITEM | B20: DESCRIÇÃO | C20: UNID. | D20: COEF. | E20: REFERENCIAL COEF. | F20: CUSTO UNITARIO (MO) | G20: CUSTO UNITARIO (MAT) | H20: REFERENCIAL CUSTO | J20: CUSTO TOTAL (MO) | K20: CUSTO TOTAL (MAT)
A21: 1 | B21: =IF(OR(H21="SINAPI",H21="SINAPI-I"),IFERROR(VLOOKUP(I21,'SINAPI-comp'!$B:$H,2,0),VLOOKUP(I21,'SINAPI-insumo'!$B:$H,2,0))) -> VIGIA DIURNO COM ENCARGOS COMPLEMENTARES | C21: =IF(OR(H21="SINAPI",H21="SINAPI-I"),IFERROR(VLOOKUP(I21,'SINAPI-comp'!$B:$H,3,0),VLOOKUP(I21,'SINAPI-insumo'!$B:$H,3,0))) -> H | D21: =12*2*4 -> 96 | F21: =IFERROR(VLOOKUP(I21,'SINAPI-comp'!$B:$H,4,0)-G21,0) -> 25.18 | G21: =IF(OR(H21="SINAPI",H21="SINAPI-I"),IFERROR(VLOOKUP(I21,'SINAPI-comp'!$B:$H,7,0),VLOOKUP(I21,'SINAPI-insumo'!$B:$H,7,0))) -> 0 | H21: SINAPI | I21: 100289 | J21: =TRUNC($D21*F21,4) -> 2417.28 | K21: =TRUNC($D21*G21,4) -> 0
A22: 2.1 | B22: =IF(OR(H22="SINAPI",H22="SINAPI-I"),IFERROR(VLOOKUP(I22,'SINAPI-comp'!$B:$H,2,0),VLOOKUP(I22,'SINAPI-insumo'!$B:$H,2,0))) -> VIGIA DIURNO (MENSALISTA) | C22: =IF(OR(H22="SINAPI",H22="SINAPI-I"),IFERROR(VLOOKUP(I22,'SINAPI-comp'!$B:$H,3,0),VLOOKUP(I22,'SINAPI-insumo'!$B:$H,3,0))) -> MES | D22: 1.3715 | F22: =IF(OR(H22="SINAPI",H22="SINAPI-I"),IFERROR(VLOOKUP(I22,'SINAPI-comp'!$B:$H,7,0),VLOOKUP(I22,'SINAPI-insumo'!$B:$H,7,0))) -> 3256.21 | G22: 0 | H22: SINAPI-I | I22: 41096 | J22: =TRUNC($D22*F22,4) -> 4465.892 | K22: =TRUNC($D22*G22,4) -> 0
A23: 2.2 | B23: =IF(OR(H23="SINAPI",H23="SINAPI-I"),IFERROR(VLOOKUP(I23,'SINAPI-comp'!$B:$H,2,0),VLOOKUP(I23,'SINAPI-insumo'!$B:$H,2,0))) -> CURSO DE CAPACITAÇÃO PARA VIGIA DIURNO (ENCARGOS COMPLEMENTARES) - MENSALISTA | C23: =IF(OR(H23="SINAPI",H23="SINAPI-I"),IFERROR(VLOOKUP(I23,'SINAPI-comp'!$B:$H,3,0),VLOOKUP(I23,'SINAPI-insumo'!$B:$H,3,0))) -> MES | D23: 1 | F23: =IFERROR(VLOOKUP(I23,'SINAPI-comp'!$B:$H,4,0)-G23,0) -> 12.47 | G23: =IF(OR(H23="SINAPI",H23="SINAPI-I"),IFERROR(VLOOKUP(I23,'SINAPI-comp'!$B:$H,7,0),VLOOKUP(I23,'SINAPI-insumo'!$B:$H,7,0))) -> 0 | H23: SINAPI | I23: 101372 | J23: =TRUNC($D23*F23,4) -> 12.47 | K23: =TRUNC($D23*G23,4) -> 0
A24: 2.3 | B24: =IF(OR(H24="SINAPI",H24="SINAPI-I"),IFERROR(VLOOKUP(I24,'SINAPI-comp'!$B:$H,2,0),VLOOKUP(I24,'SINAPI-insumo'!$B:$H,2,0))) -> ALIMENTACAO - MENSALISTA (COLETADO CAIXA - ENCARGOS COMPLEMENTARES) | C24: =IF(OR(H24="SINAPI",H24="SINAPI-I"),IFERROR(VLOOKUP(I24,'SINAPI-comp'!$B:$H,3,0),VLOOKUP(I24,'SINAPI-insumo'!$B:$H,3,0))) -> MES | D24: 1 | F24: =IFERROR(VLOOKUP(I24,'SINAPI-comp'!$B:$H,4,0)-G24,0) -> 0 | G24: =IF(OR(H24="SINAPI",H24="SINAPI-I"),IFERROR(VLOOKUP(I24,'SINAPI-comp'!$B:$H,7,0),VLOOKUP(I24,'SINAPI-insumo'!$B:$H,7,0))) -> 304 | H24: SINAPI-I | I24: 40862 | J24: =TRUNC($D24*F24,4) -> 0 | K24: =TRUNC($D24*G24,4) -> 304
A25: 2.4 | B25: =IF(OR(H25="SINAPI",H25="SINAPI-I"),IFERROR(VLOOKUP(I25,'SINAPI-comp'!$B:$H,2,0),VLOOKUP(I25,'SINAPI-insumo'!$B:$H,2,0))) -> EPI - FAMILIA SERVENTE - MENSALISTA (ENCARGOS COMPLEMENTARES - COLETADO CAIXA) | C25: =IF(OR(H25="SINAPI",H25="SINAPI-I"),IFERROR(VLOOKUP(I25,'SINAPI-comp'!$B:$H,3,0),VLOOKUP(I25,'SINAPI-insumo'!$B:$H,3,0))) -> MES | D25: =D24 -> 1 | F25: =IFERROR(VLOOKUP(I25,'SINAPI-comp'!$B:$H,4,0)-G25,0) -> 0 | G25: =IF(OR(H25="SINAPI",H25="SINAPI-I"),IFERROR(VLOOKUP(I25,'SINAPI-comp'!$B:$H,7,0),VLOOKUP(I25,'SINAPI-insumo'!$B:$H,7,0))) -> 284.18 | H25: SINAPI-I | I25: 43503 | J25: =TRUNC($D25*F25,4) -> 0 | K25: =TRUNC($D25*G25,4) -> 284.18
A26: 2.5 | B26: =IF(OR(H26="SINAPI",H26="SINAPI-I"),IFERROR(VLOOKUP(I26,'SINAPI-comp'!$B:$H,2,0),VLOOKUP(I26,'SINAPI-insumo'!$B:$H,2,0))) -> EXAMES - MENSALISTA (COLETADO CAIXA - ENCARGOS COMPLEMENTARES) | C26: =IF(OR(H26="SINAPI",H26="SINAPI-I"),IFERROR(VLOOKUP(I26,'SINAPI-comp'!$B:$H,3,0),VLOOKUP(I26,'SINAPI-insumo'!$B:$H,3,0))) -> MES | D26: =D25 -> 1 | F26: =IFERROR(VLOOKUP(I26,'SINAPI-comp'!$B:$H,4,0)-G26,0) -> 0 | G26: =IF(OR(H26="SINAPI",H26="SINAPI-I"),IFERROR(VLOOKUP(I26,'SINAPI-comp'!$B:$H,7,0),VLOOKUP(I26,'SINAPI-insumo'!$B:$H,7,0))) -> 227.2 | H26: SINAPI-I | I26: 40863 | J26: =TRUNC($D26*F26,4) -> 0 | K26: =TRUNC($D26*G26,4) -> 227.2
A27: 2.6 | B27: =IF(OR(H27="SINAPI",H27="SINAPI-I"),IFERROR(VLOOKUP(I27,'SINAPI-comp'!$B:$H,2,0),VLOOKUP(I27,'SINAPI-insumo'!$B:$H,2,0))) -> FERRAMENTAS - FAMILIA SERVENTE - MENSALISTA (ENCARGOS COMPLEMENTARES - COLETADO CAIXA) | C27: =IF(OR(H27="SINAPI",H27="SINAPI-I"),IFERROR(VLOOKUP(I27,'SINAPI-comp'!$B:$H,3,0),VLOOKUP(I27,'SINAPI-insumo'!$B:$H,3,0))) -> MES | D27: =D26 -> 1 | F27: =IFERROR(VLOOKUP(I27,'SINAPI-comp'!$B:$H,4,0)-G27,0) -> 0 | G27: =IF(OR(H27="SINAPI",H27="SINAPI-I"),IFERROR(VLOOKUP(I27,'SINAPI-comp'!$B:$H,7,0),VLOOKUP(I27,'SINAPI-insumo'!$B:$H,7,0))) -> 96.38 | H27: SINAPI-I | I27: 43479 | J27: =TRUNC($D27*F27,4) -> 0 | K27: =TRUNC($D27*G27,4) -> 96.38
A28: 2.7 | B28: =IF(OR(H28="SINAPI",H28="SINAPI-I"),IFERROR(VLOOKUP(I28,'SINAPI-comp'!$B:$H,2,0),VLOOKUP(I28,'SINAPI-insumo'!$B:$H,2,0))) -> SEGURO - MENSALISTA (COLETADO CAIXA - ENCARGOS COMPLEMENTARES) | C28: =IF(OR(H28="SINAPI",H28="SINAPI-I"),IFERROR(VLOOKUP(I28,'SINAPI-comp'!$B:$H,3,0),VLOOKUP(I28,'SINAPI-insumo'!$B:$H,3,0))) -> MES | D28: =D27 -> 1 | F28: =IFERROR(VLOOKUP(I28,'SINAPI-comp'!$B:$H,4,0)-G28,0) -> 0 | G28: =IF(OR(H28="SINAPI",H28="SINAPI-I"),IFERROR(VLOOKUP(I28,'SINAPI-comp'!$B:$H,7,0),VLOOKUP(I28,'SINAPI-insumo'!$B:$H,7,0))) -> 18.28 | H28: SINAPI-I | I28: 40864 | J28: =TRUNC($D28*F28,4) -> 0 | K28: =TRUNC($D28*G28,4) -> 18.28
A29: 2.8 | B29: =IF(OR(H29="SINAPI",H29="SINAPI-I"),IFERROR(VLOOKUP(I29,'SINAPI-comp'!$B:$H,2,0),VLOOKUP(I29,'SINAPI-insumo'!$B:$H,2,0))) -> TRANSPORTE - MENSALISTA (COLETADO CAIXA - ENCARGOS COMPLEMENTARES) | C29: =IF(OR(H29="SINAPI",H29="SINAPI-I"),IFERROR(VLOOKUP(I29,'SINAPI-comp'!$B:$H,3,0),VLOOKUP(I29,'SINAPI-insumo'!$B:$H,3,0))) -> MES | D29: =D28 -> 1 | F29: =IFERROR(VLOOKUP(I29,'SINAPI-comp'!$B:$H,4,0)-G29,0) -> 0 | G29: =IF(OR(H29="SINAPI",H29="SINAPI-I"),IFERROR(VLOOKUP(I29,'SINAPI-comp'!$B:$H,7,0),VLOOKUP(I29,'SINAPI-insumo'!$B:$H,7,0))) -> 170.05 | H29: SINAPI-I | I29: 40861 | J29: =TRUNC($D29*F29,4) -> 0 | K29: =TRUNC($D29*G29,4) -> 170.05
A32: CÓDIGO: | B32: DESCRIÇÃO: | H32: UNIDADE: | J32: CUSTO TOTAL (MO): | K32: CUSTO TOTAL (MAT):
A33: CCU 03 | B33: PLANO DE ATAQUE | H33: UN | J33: =TRUNC(SUM(J35:J36),2) -> 902.58 | K33: =TRUNC(SUM(K35:K36),2) -> 0
A34: ITEM | B34: DESCRIÇÃO | C34: UNID. | D34: COEF. | E34: REFERENCIAL COEF. | F34: CUSTO UNITARIO (MO) | G34: CUSTO UNITARIO (MAT) | H34: REFERENCIAL CUSTO | J34: CUSTO TOTAL (MO) | K34: CUSTO TOTAL (MAT)
A35: 1 | B35: =IF(OR(H35="SINAPI",H35="SINAPI-I"),IFERROR(VLOOKUP(I35,'SINAPI-comp'!$B:$H,2,0),VLOOKUP(I35,'SINAPI-insumo'!$B:$H,2,0))) -> ENGENHEIRO CIVIL DE OBRA PLENO COM ENCARGOS COMPLEMENTARES | C35: =IF(OR(H35="SINAPI",H35="SINAPI-I"),IFERROR(VLOOKUP(I35,'SINAPI-comp'!$B:$H,3,0),VLOOKUP(I35,'SINAPI-insumo'!$B:$H,3,0))) -> H | D35: 6 | F35: =IFERROR(VLOOKUP(I35,'SINAPI-comp'!$B:$H,4,0)-G35,0) -> 135.68 | G35: =IF(OR(H35="SINAPI",H35="SINAPI-I"),IFERROR(VLOOKUP(I35,'SINAPI-comp'!$B:$H,7,0),VLOOKUP(I35,'SINAPI-insumo'!$B:$H,7,0))) -> 0 | H35: SINAPI | I35: 90778 | J35: =TRUNC($D35*F35,4) -> 814.08 | K35: =TRUNC($D35*G35,4) -> 0
A36: 2 | B36: =IF(OR(H36="SINAPI",H36="SINAPI-I"),IFERROR(VLOOKUP(I36,'SINAPI-comp'!$B:$H,2,0),VLOOKUP(I36,'SINAPI-insumo'!$B:$H,2,0))) -> TÉCNICO EM SEGURANÇA DO TRABALHO COM ENCARGOS COMPLEMENTARES | C36: =IF(OR(H36="SINAPI",H36="SINAPI-I"),IFERROR(VLOOKUP(I36,'SINAPI-comp'!$B:$H,3,0),VLOOKUP(I36,'SINAPI-insumo'!$B:$H,3,0))) -> H | D36: 2 | F36: =IFERROR(VLOOKUP(I36,'SINAPI-comp'!$B:$H,4,0)-G36,0) -> 44.25 | G36: =IF(OR(H36="SINAPI",H36="SINAPI-I"),IFERROR(VLOOKUP(I36,'SINAPI-comp'!$B:$H,7,0),VLOOKUP(I36,'SINAPI-insumo'!$B:$H,7,0))) -> 0 | H36: SINAPI | I36: 100309 | J36: =TRUNC($D36*F36,4) -> 88.5 | K36: =TRUNC($D36*G36,4) -> 0
A39: CÓDIGO: | B39: DESCRIÇÃO: | H39: UNIDADE: | J39: CUSTO TOTAL (MO): | K39: CUSTO TOTAL (MAT):
A40: CCU 04 | B40: PLANO DE GERENCIAMENTO DE RESÍDUOS NA CONSTRUÇÃO CIVIL - PGRCC | H40: UN | J40: =TRUNC(SUM(J42:J42),2) -> 1085.44 | K40: =TRUNC(SUM(K42:K42),2) -> 0
A41: ITEM | B41: DESCRIÇÃO | C41: UNID. | D41: COEF. | E41: REFERENCIAL COEF. | F41: CUSTO UNITARIO (MO) | G41: CUSTO UNITARIO (MAT) | H41: REFERENCIAL CUSTO | J41: CUSTO TOTAL (MO) | K41: CUSTO TOTAL (MAT)
A42: 1 | B42: =IF(OR(H42="SINAPI",H42="SINAPI-I"),IFERROR(VLOOKUP(I42,'SINAPI-comp'!$B:$H,2,0),VLOOKUP(I42,'SINAPI-insumo'!$B:$H,2,0))) -> ENGENHEIRO CIVIL DE OBRA PLENO COM ENCARGOS COMPLEMENTARES | C42: =IF(OR(H42="SINAPI",H42="SINAPI-I"),IFERROR(VLOOKUP(I42,'SINAPI-comp'!$B:$H,3,0),VLOOKUP(I42,'SINAPI-insumo'!$B:$H,3,0))) -> H | D42: 8 | F42: =IFERROR(VLOOKUP(I42,'SINAPI-comp'!$B:$H,4,0)-G42,0) -> 135.68 | G42: =IF(OR(H42="SINAPI",H42="SINAPI-I"),IFERROR(VLOOKUP(I42,'SINAPI-comp'!$B:$H,7,0),VLOOKUP(I42,'SINAPI-insumo'!$B:$H,7,0))) -> 0 | H42: SINAPI | I42: 90778 | J42: =TRUNC($D42*F42,4) -> 1085.44 | K42: =TRUNC($D42*G42,4) -> 0
A45: CÓDIGO: | B45: DESCRIÇÃO: | H45: UNIDADE: | J45: CUSTO TOTAL (MO): | K45: CUSTO TOTAL (MAT):
A46: CCU 05 | B46: PROJETO DE SEGURANÇA NO TRABALHO | H46: UN | J46: =TRUNC(SUM(J48:J49),2) -> 1079.58 | K46: =TRUNC(SUM(K48:K49),2) -> 0
A47: ITEM | B47: DESCRIÇÃO | C47: UNID. | D47: COEF. | E47: REFERENCIAL COEF. | F47: CUSTO UNITARIO (MO) | G47: CUSTO UNITARIO (MAT) | H47: REFERENCIAL CUSTO | J47: CUSTO TOTAL (MO) | K47: CUSTO TOTAL (MAT)
A48: 1 | B48: =IF(OR(H48="SINAPI",H48="SINAPI-I"),IFERROR(VLOOKUP(I48,'SINAPI-comp'!$B:$H,2,0),VLOOKUP(I48,'SINAPI-insumo'!$B:$H,2,0))) -> ENGENHEIRO CIVIL DE OBRA PLENO COM ENCARGOS COMPLEMENTARES | C48: =IF(OR(H48="SINAPI",H48="SINAPI-I"),IFERROR(VLOOKUP(I48,'SINAPI-comp'!$B:$H,3,0),VLOOKUP(I48,'SINAPI-insumo'!$B:$H,3,0))) -> H | D48: 6 | F48: =IFERROR(VLOOKUP(I48,'SINAPI-comp'!$B:$H,4,0)-G48,0) -> 135.68 | G48: =IF(OR(H48="SINAPI",H48="SINAPI-I"),IFERROR(VLOOKUP(I48,'SINAPI-comp'!$B:$H,7,0),VLOOKUP(I48,'SINAPI-insumo'!$B:$H,7,0))) -> 0 | H48: SINAPI | I48: 90778 | J48: =TRUNC($D48*F48,4) -> 814.08 | K48: =TRUNC($D48*G48,4) -> 0
A49: 2 | B49: =IF(OR(H49="SINAPI",H49="SINAPI-I"),IFERROR(VLOOKUP(I49,'SINAPI-comp'!$B:$H,2,0),VLOOKUP(I49,'SINAPI-insumo'!$B:$H,2,0))) -> TÉCNICO EM SEGURANÇA DO TRABALHO COM ENCARGOS COMPLEMENTARES | C49: =IF(OR(H49="SINAPI",H49="SINAPI-I"),IFERROR(VLOOKUP(I49,'SINAPI-comp'!$B:$H,3,0),VLOOKUP(I49,'SINAPI-insumo'!$B:$H,3,0))) -> H | D49: 6 | F49: =IFERROR(VLOOKUP(I49,'SINAPI-comp'!$B:$H,4,0)-G49,0) -> 44.25 | G49: =IF(OR(H49="SINAPI",H49="SINAPI-I"),IFERROR(VLOOKUP(I49,'SINAPI-comp'!$B:$H,7,0),VLOOKUP(I49,'SINAPI-insumo'!$B:$H,7,0))) -> 0 | H49: SINAPI-I | I49: 100309 | J49: =TRUNC($D49*F49,4) -> 265.5 | K49: =TRUNC($D49*G49,4) -> 0
A52: CÓDIGO: | B52: DESCRIÇÃO: | H52: UNIDADE: | J52: CUSTO TOTAL (MO): | K52: CUSTO TOTAL (MAT):
A53: CCU 06 | B53: PLACA DE OBRA EM CHAPA GALVANIZADA *N. 22*, ADESIVADA, INCLUSO MADEIRAMENTO E INSTALAÇÃO | H53: M2 | J53: =TRUNC(SUM(J55:J61),2) -> 75.48 | K53: =TRUNC(SUM(K55:K61),2) -> 440.18
A54: ITEM | B54: DESCRIÇÃO | C54: UNID. | D54: COEF. | E54: REFERENCIAL COEF. | F54: CUSTO UNITARIO (MO) | G54: CUSTO UNITARIO (MAT) | H54: REFERENCIAL CUSTO | J54: CUSTO TOTAL (MO) | K54: CUSTO TOTAL (MAT)
A55: 1 | B55: =IF(OR(H55="SINAPI",H55="SINAPI-I"),IFERROR(VLOOKUP(I55,'SINAPI-comp'!$B:$H,2,0),VLOOKUP(I55,'SINAPI-insumo'!$B:$H,2,0))) -> SARRAFO NAO APARELHADO *2,5 X 7* CM, EM MACARANDUBA/MASSARANDUBA, ANGELIM, PEROBA-ROSA OU EQUIVALENTE DA REGIAO - BRUTA | C55: =IF(OR(H55="SINAPI",H55="SINAPI-I"),IFERROR(VLOOKUP(I55,'SINAPI-comp'!$B:$H,3,0),VLOOKUP(I55,'SINAPI-insumo'!$B:$H,3,0))) -> M | D55: 1 | E55: SINAPI 74209/1 | F55: =IFERROR(VLOOKUP(I55,'SINAPI-comp'!$B:$H,4,0)-G55,0) -> 0 | G55: =IF(OR(H55="SINAPI",H55="SINAPI-I"),IFERROR(VLOOKUP(I55,'SINAPI-comp'!$B:$H,7,0),VLOOKUP(I55,'SINAPI-insumo'!$B:$H,7,0))) -> 6.82 | H55: SINAPI-I | I55: 4417 | J55: =TRUNC($D55*F55,4) -> 0 | K55: =TRUNC($D55*G55,4) -> 6.82
A56: 2 | B56: =IF(OR(H56="SINAPI",H56="SINAPI-I"),IFERROR(VLOOKUP(I56,'SINAPI-comp'!$B:$H,2,0),VLOOKUP(I56,'SINAPI-insumo'!$B:$H,2,0))) -> PONTALETE *7,5 X 7,5* CM EM PINUS, MISTA OU EQUIVALENTE DA REGIAO - BRUTA | C56: =IF(OR(H56="SINAPI",H56="SINAPI-I"),IFERROR(VLOOKUP(I56,'SINAPI-comp'!$B:$H,3,0),VLOOKUP(I56,'SINAPI-insumo'!$B:$H,3,0))) -> M | D56: 4 | E56: SINAPI 74209/1 | F56: =IFERROR(VLOOKUP(I56,'SINAPI-comp'!$B:$H,4,0)-G56,0) -> 0 | G56: =IF(OR(H56="SINAPI",H56="SINAPI-I"),IFERROR(VLOOKUP(I56,'SINAPI-comp'!$B:$H,7,0),VLOOKUP(I56,'SINAPI-insumo'!$B:$H,7,0))) -> 7.14 | H56: SINAPI-I | I56: 4491 | J56: =TRUNC($D56*F56,4) -> 0 | K56: =TRUNC($D56*G56,4) -> 28.56
A57: 3 | B57: =IF(OR(H57="SINAPI",H57="SINAPI-I"),IFERROR(VLOOKUP(I57,'SINAPI-comp'!$B:$H,2,0),VLOOKUP(I57,'SINAPI-insumo'!$B:$H,2,0))) -> PLACA DE OBRA (PARA CONSTRUCAO CIVIL) EM CHAPA GALVANIZADA *N. 22*, ADESIVADA, DE *2,4 X 1,2* M (SEM POSTES PARA FIXACAO) | C57: =IF(OR(H57="SINAPI",H57="SINAPI-I"),IFERROR(VLOOKUP(I57,'SINAPI-comp'!$B:$H,3,0),VLOOKUP(I57,'SINAPI-insumo'!$B:$H,3,0))) -> M2 | D57: 1 | E57: SINAPI 74209/1 | F57: =IFERROR(VLOOKUP(I57,'SINAPI-comp'!$B:$H,4,0)-G57,0) -> 0 | G57: =IF(OR(H57="SINAPI",H57="SINAPI-I"),IFERROR(VLOOKUP(I57,'SINAPI-comp'!$B:$H,7,0),VLOOKUP(I57,'SINAPI-insumo'!$B:$H,7,0))) -> 400 | H57: SINAPI-I | I57: 4813 | J57: =TRUNC($D57*F57,4) -> 0 | K57: =TRUNC($D57*G57,4) -> 400
A58: 4 | B58: =IF(OR(H58="SINAPI",H58="SINAPI-I"),IFERROR(VLOOKUP(I58,'SINAPI-comp'!$B:$H,2,0),VLOOKUP(I58,'SINAPI-insumo'!$B:$H,2,0))) -> PREGO DE ACO POLIDO COM CABECA 18 X 30 (2 3/4 X 10) | C58: =IF(OR(H58="SINAPI",H58="SINAPI-I"),IFERROR(VLOOKUP(I58,'SINAPI-comp'!$B:$H,3,0),VLOOKUP(I58,'SINAPI-insumo'!$B:$H,3,0))) -> KG | D58: 0.11 | E58: SINAPI 74209/1 | F58: =IFERROR(VLOOKUP(I58,'SINAPI-comp'!$B:$H,4,0)-G58,0) -> 0 | G58: =IF(OR(H58="SINAPI",H58="SINAPI-I"),IFERROR(VLOOKUP(I58,'SINAPI-comp'!$B:$H,7,0),VLOOKUP(I58,'SINAPI-insumo'!$B:$H,7,0))) -> 14.17 | H58: SINAPI-I | I58: 5075 | J58: =TRUNC($D58*F58,4) -> 0 | K58: =TRUNC($D58*G58,4) -> 1.5587
A59: 5 | B59: =IF(OR(H59="SINAPI",H59="SINAPI-I"),IFERROR(VLOOKUP(I59,'SINAPI-comp'!$B:$H,2,0),VLOOKUP(I59,'SINAPI-insumo'!$B:$H,2,0))) -> CARPINTEIRO DE FORMAS COM ENCARGOS COMPLEMENTARES | C59: =IF(OR(H59="SINAPI",H59="SINAPI-I"),IFERROR(VLOOKUP(I59,'SINAPI-comp'!$B:$H,3,0),VLOOKUP(I59,'SINAPI-insumo'!$B:$H,3,0))) -> H | D59: 1 | E59: SINAPI 74209/1 | F59: =IFERROR(VLOOKUP(I59,'SINAPI-comp'!$B:$H,4,0)-G59,0) -> 27.51 | G59: =IF(OR(H59="SINAPI",H59="SINAPI-I"),IFERROR(VLOOKUP(I59,'SINAPI-comp'!$B:$H,7,0),VLOOKUP(I59,'SINAPI-insumo'!$B:$H,7,0))) -> 0 | H59: SINAPI | I59: 88262 | J59: =TRUNC($D59*F59,4) -> 27.51 | K59: =TRUNC($D59*G59,4) -> 0
B60: =IF(OR(H60="SINAPI",H60="SINAPI-I"),IFERROR(VLOOKUP(I60,'SINAPI-comp'!$B:$H,2,0),VLOOKUP(I60,'SINAPI-insumo'!$B:$H,2,0))) -> SERVENTE COM ENCARGOS COMPLEMENTARES | C60: =IF(OR(H60="SINAPI",H60="SINAPI-I"),IFERROR(VLOOKUP(I60,'SINAPI-comp'!$B:$H,3,0),VLOOKUP(I60,'SINAPI-insumo'!$B:$H,3,0))) -> H | D60: 2 | E60: SINAPI 74209/1 | F60: =IFERROR(VLOOKUP(I60,'SINAPI-comp'!$B:$H,4,0)-G60,0) -> 23.48 | G60: =IF(OR(H60="SINAPI",H60="SINAPI-I"),IFERROR(VLOOKUP(I60,'SINAPI-comp'!$B:$H,7,0),VLOOKUP(I60,'SINAPI-insumo'!$B:$H,7,0))) -> 0 | H60: SINAPI | I60: 88316 | J60: =TRUNC($D60*F60,4) -> 46.96 | K60: =TRUNC($D60*G60,4) -> 0
A61: 7 | B61: =IF(OR(H61="SINAPI",H61="SINAPI-I"),IFERROR(VLOOKUP(I61,'SINAPI-comp'!$B:$H,2,0),VLOOKUP(I61,'SINAPI-insumo'!$B:$H,2,0))) -> CONCRETO MAGRO PARA LASTRO, TRAÇO 1:4,5:4,5 (EM MASSA SECA DE CIMENTO/ AREIA MÉDIA/ BRITA 1) - PREPARO MECÂNICO COM BETONEIRA 400 L. AF_05/2021 | C61: =IF(OR(H61="SINAPI",H61="SINAPI-I"),IFERROR(VLOOKUP(I61,'SINAPI-comp'!$B:$H,3,0),VLOOKUP(I61,'SINAPI-insumo'!$B:$H,3,0))) -> M3 | D61: 0.01 | E61: SINAPI 74209/1 | F61: =IFERROR(VLOOKUP(I61,'SINAPI-comp'!$B:$H,4,0)-G61,0) -> 101.33 | G61: =IF(OR(H61="SINAPI",H61="SINAPI-I"),IFERROR(VLOOKUP(I61,'SINAPI-comp'!$B:$H,7,0),VLOOKUP(I61,'SINAPI-insumo'!$B:$H,7,0))) -> 324.96 | H61: SINAPI | I61: 94962 | J61: =TRUNC($D61*F61,4) -> 1.0133 | K61: =TRUNC($D61*G61,4) -> 3.2496
A64: CÓDIGO: | B64: DESCRIÇÃO: | H64: UNIDADE: | J64: CUSTO TOTAL (MO): | K64: CUSTO TOTAL (MAT):
A65: CCU 07 | B65: TELA TAPUME LARANJA - FORNECIMENTO E INSTALAÇÃO COM MADEIRA | H65: M | J65: =TRUNC(SUM(J67:J70),2) -> 7.19 | K65: =TRUNC(SUM(K67:K70),2) -> 10.44
A66: ITEM | B66: DESCRIÇÃO | C66: UNID. | D66: COEF. | E66: REFERENCIAL COEF. | F66: CUSTO UNITARIO (MO) | G66: CUSTO UNITARIO (MAT) | H66: REFERENCIAL CUSTO | J66: CUSTO TOTAL (MO) | K66: CUSTO TOTAL (MAT)
A67: 1 | B67: =IF(OR(H67="SINAPI",H67="SINAPI-I"),IFERROR(VLOOKUP(I67,'SINAPI-comp'!$B:$H,2,0),VLOOKUP(I67,'SINAPI-insumo'!$B:$H,2,0))) -> SERVENTE COM ENCARGOS COMPLEMENTARES | C67: =IF(OR(H67="SINAPI",H67="SINAPI-I"),IFERROR(VLOOKUP(I67,'SINAPI-comp'!$B:$H,3,0),VLOOKUP(I67,'SINAPI-insumo'!$B:$H,3,0))) -> H | D67: 0.2525 | E67: SINAPI 97010 | F67: =IFERROR(VLOOKUP(I67,'SINAPI-comp'!$B:$H,4,0)-G67,0) -> 23.48 | G67: =IF(OR(H67="SINAPI",H67="SINAPI-I"),IFERROR(VLOOKUP(I67,'SINAPI-comp'!$B:$H,7,0),VLOOKUP(I67,'SINAPI-insumo'!$B:$H,7,0))) -> 0 | H67: SINAPI | I67: 88316 | J67: =TRUNC($D67*F67,4) -> 5.9287 | K67: =TRUNC($D67*G67,4) -> 0
A68: 2 | B68: =IF(OR(H68="SINAPI",H68="SINAPI-I"),IFERROR(VLOOKUP(I68,'SINAPI-comp'!$B:$H,2,0),VLOOKUP(I68,'SINAPI-insumo'!$B:$H,2,0))) -> TELA PLASTICA LARANJA, TIPO TAPUME PARA SINALIZACAO, MALHA RETANGULAR, ROLO 1.20 X 50 M (L X C) | C68: =IF(OR(H68="SINAPI",H68="SINAPI-I"),IFERROR(VLOOKUP(I68,'SINAPI-comp'!$B:$H,3,0),VLOOKUP(I68,'SINAPI-insumo'!$B:$H,3,0))) -> M | D68: 1.05 | F68: =IFERROR(VLOOKUP(I68,'SINAPI-comp'!$B:$H,4,0)-G68,0) -> 0 | G68: =IF(OR(H68="SINAPI",H68="SINAPI-I"),IFERROR(VLOOKUP(I68,'SINAPI-comp'!$B:$H,7,0),VLOOKUP(I68,'SINAPI-insumo'!$B:$H,7,0))) -> 3.2 | H68: SINAPI-I | I68: 37524 | J68: =TRUNC($D68*F68,4) -> 0 | K68: =TRUNC($D68*G68,4) -> 3.36
A69: 3 | B69: =IF(OR(H69="SINAPI",H69="SINAPI-I"),IFERROR(VLOOKUP(I69,'SINAPI-comp'!$B:$H,2,0),VLOOKUP(I69,'SINAPI-insumo'!$B:$H,2,0))) -> CAIBRO 5 X 5 CM EM PINUS, MISTA OU EQUIVALENTE DA REGIAO - BRUTA | C69: =IF(OR(H69="SINAPI",H69="SINAPI-I"),IFERROR(VLOOKUP(I69,'SINAPI-comp'!$B:$H,3,0),VLOOKUP(I69,'SINAPI-insumo'!$B:$H,3,0))) -> M | D69: =1.2/2 -> 0.6 | E69: 1 poste cada 2m | F69: =IFERROR(VLOOKUP(I69,'SINAPI-comp'!$B:$H,4,0)-G69,0) -> 0 | G69: =IF(OR(H69="SINAPI",H69="SINAPI-I"),IFERROR(VLOOKUP(I69,'SINAPI-comp'!$B:$H,7,0),VLOOKUP(I69,'SINAPI-insumo'!$B:$H,7,0))) -> 5.03 | H69: SINAPI-I | I69: 4513 | J69: =TRUNC($D69*F69,4) -> 0 | K69: =TRUNC($D69*G69,4) -> 3.018
A70: 4 | B70: =IF(OR(H70="SINAPI",H70="SINAPI-I"),IFERROR(VLOOKUP(I70,'SINAPI-comp'!$B:$H,2,0),VLOOKUP(I70,'SINAPI-insumo'!$B:$H,2,0))) -> CONCRETO MAGRO PARA LASTRO, TRAÇO 1:4,5:4,5 (EM MASSA SECA DE CIMENTO/ AREIA MÉDIA/ BRITA 1) - PREPARO MECÂNICO COM BETONEIRA 400 L. AF_05/2021 | C70: =IF(OR(H70="SINAPI",H70="SINAPI-I"),IFERROR(VLOOKUP(I70,'SINAPI-comp'!$B:$H,3,0),VLOOKUP(I70,'SINAPI-insumo'!$B:$H,3,0))) -> M3 | D70: =0.25*0.25*0.2 -> 0.0125 | E70: pe de apoio | F70: =IFERROR(VLOOKUP(I70,'SINAPI-comp'!$B:$H,4,0)-G70,0) -> 101.33 | G70: =IF(OR(H70="SINAPI",H70="SINAPI-I"),IFERROR(VLOOKUP(I70,'SINAPI-comp'!$B:$H,7,0),VLOOKUP(I70,'SINAPI-insumo'!$B:$H,7,0))) -> 324.96 | H70: SINAPI | I70: 94962 | J70: =TRUNC($D70*F70,4) -> 1.2666 | K70: =TRUNC($D70*G70,4) -> 4.062
A73: CÓDIGO: | B73: DESCRIÇÃO: | H73: UNIDADE: | J73: CUSTO TOTAL (MO): | K73: CUSTO TOTAL (MAT):
A74: CCU 08 | B74: CARGA E TRANSPORTE DE CONTAINER | H74: UN | J74: =TRUNC(SUM(J76:J77),2) -> 84.44 | K74: =TRUNC(SUM(K76:K77),2) -> 526.24
A75: ITEM | B75: DESCRIÇÃO | C75: UNID. | D75: COEF. | E75: REFERENCIAL COEF. | F75: CUSTO UNITARIO (MO) | G75: CUSTO UNITARIO (MAT) | H75: REFERENCIAL CUSTO | J75: CUSTO TOTAL (MO) | K75: CUSTO TOTAL (MAT)
A76: 1 | B76: =IF(OR(H76="SINAPI",H76="SINAPI-I"),IFERROR(VLOOKUP(I76,'SINAPI-comp'!$B:$H,2,0),VLOOKUP(I76,'SINAPI-insumo'!$B:$H,2,0))) -> SERVENTE COM ENCARGOS COMPLEMENTARES | C76: =IF(OR(H76="SINAPI",H76="SINAPI-I"),IFERROR(VLOOKUP(I76,'SINAPI-comp'!$B:$H,3,0),VLOOKUP(I76,'SINAPI-insumo'!$B:$H,3,0))) -> H | D76: 1 | F76: =IFERROR(VLOOKUP(I76,'SINAPI-comp'!$B:$H,4,0)-G76,0) -> 23.48 | G76: =IF(OR(H76="SINAPI",H76="SINAPI-I"),IFERROR(VLOOKUP(I76,'SINAPI-comp'!$B:$H,7,0),VLOOKUP(I76,'SINAPI-insumo'!$B:$H,7,0))) -> 0 | H76: SINAPI | I76: 88316 | J76: =TRUNC($D76*F76,4) -> 23.48 | K76: =TRUNC($D76*G76,4) -> 0
A77: 2 | B77: =IF(OR(H77="SINAPI",H77="SINAPI-I"),IFERROR(VLOOKUP(I77,'SINAPI-comp'!$B:$H,2,0),VLOOKUP(I77,'SINAPI-insumo'!$B:$H,2,0))) -> GUINDAUTO HIDRÁULICO, CAPACIDADE MÁXIMA DE CARGA 6200 KG, MOMENTO MÁXIMO DE CARGA 11,7 TM, ALCANCE MÁXIMO HORIZONTAL 9,70 M, INCLUSIVE CAMINHÃO TOCO PBT 16.000 KG, POTÊNCIA DE 189 CV - CHP DIURNO. AF_06/2014 | C77: =IF(OR(H77="SINAPI",H77="SINAPI-I"),IFERROR(VLOOKUP(I77,'SINAPI-comp'!$B:$H,3,0),VLOOKUP(I77,'SINAPI-insumo'!$B:$H,3,0))) -> CHP | D77: 2 | F77: =IFERROR(VLOOKUP(I77,'SINAPI-comp'!$B:$H,4,0)-G77,0) -> 30.48 | G77: =IF(OR(H77="SINAPI",H77="SINAPI-I"),IFERROR(VLOOKUP(I77,'SINAPI-comp'!$B:$H,7,0),VLOOKUP(I77,'SINAPI-insumo'!$B:$H,7,0))) -> 263.12 | H77: SINAPI | I77: 5928 | J77: =TRUNC($D77*F77,4) -> 60.96 | K77: =TRUNC($D77*G77,4) -> 526.24
A80: CÓDIGO: | B80: DESCRIÇÃO: | H80: UNIDADE: | J80: CUSTO TOTAL (MO): | K80: CUSTO TOTAL (MAT):
A81: CCU 09 | B81: RESERVATÓRIO EM POLIESTER REFORCADO COM FIBRA DE VIDRO, 1.500 LITROS | H81: UN | J81: =TRUNC(SUM(J83:J85),2) -> 76.2 | K81: =TRUNC(SUM(K83:K85),2) -> 1001.33
A82: ITEM | B82: DESCRIÇÃO | C82: UNID. | D82: COEF. | E82: REFERENCIAL COEF. | F82: CUSTO UNITARIO (MO) | G82: CUSTO UNITARIO (MAT) | H82: REFERENCIAL CUSTO | J82: CUSTO TOTAL (MO) | K82: CUSTO TOTAL (MAT)
A83: 1 | B83: =IF(OR(H83="SINAPI",H83="SINAPI-I"),IFERROR(VLOOKUP(I83,'SINAPI-comp'!$B:$H,2,0),VLOOKUP(I83,'SINAPI-insumo'!$B:$H,2,0))) -> AUXILIAR DE ENCANADOR OU BOMBEIRO HIDRÁULICO COM ENCARGOS COMPLEMENTARES | C83: =IF(OR(H83="SINAPI",H83="SINAPI-I"),IFERROR(VLOOKUP(I83,'SINAPI-comp'!$B:$H,3,0),VLOOKUP(I83,'SINAPI-insumo'!$B:$H,3,0))) -> H | D83: 2 | F83: =IFERROR(VLOOKUP(I83,'SINAPI-comp'!$B:$H,4,0)-G83,0) -> 24.26 | G83: =IF(OR(H83="SINAPI",H83="SINAPI-I"),IFERROR(VLOOKUP(I83,'SINAPI-comp'!$B:$H,7,0),VLOOKUP(I83,'SINAPI-insumo'!$B:$H,7,0))) -> 0 | H83: SINAPI | I83: 88248 | J83: =TRUNC($D83*F83,4) -> 48.52 | K83: =TRUNC($D83*G83,4) -> 0
A84: 2 | B84: =IF(OR(H84="SINAPI",H84="SINAPI-I"),IFERROR(VLOOKUP(I84,'SINAPI-comp'!$B:$H,2,0),VLOOKUP(I84,'SINAPI-insumo'!$B:$H,2,0))) -> ENCANADOR OU BOMBEIRO HIDRÁULICO COM ENCARGOS COMPLEMENTARES | C84: =IF(OR(H84="SINAPI",H84="SINAPI-I"),IFERROR(VLOOKUP(I84,'SINAPI-comp'!$B:$H,3,0),VLOOKUP(I84,'SINAPI-insumo'!$B:$H,3,0))) -> H | D84: 1 | F84: =IFERROR(VLOOKUP(I84,'SINAPI-comp'!$B:$H,4,0)-G84,0) -> 27.68 | G84: =IF(OR(H84="SINAPI",H84="SINAPI-I"),IFERROR(VLOOKUP(I84,'SINAPI-comp'!$B:$H,7,0),VLOOKUP(I84,'SINAPI-insumo'!$B:$H,7,0))) -> 0 | H84: SINAPI | I84: 88267 | J84: =TRUNC($D84*F84,4) -> 27.68 | K84: =TRUNC($D84*G84,4) -> 0
A85: 3 | B85: =IF(OR(H85="SINAPI",H85="SINAPI-I"),IFERROR(VLOOKUP(I85,'SINAPI-comp'!$B:$H,2,0),VLOOKUP(I85,'SINAPI-insumo'!$B:$H,2,0))) -> CAIXA D'AGUA / RESERVATORIO EM POLIESTER REFORCADO COM FIBRA DE VIDRO, 1500 LITROS, COM TAMPA | C85: =IF(OR(H85="SINAPI",H85="SINAPI-I"),IFERROR(VLOOKUP(I85,'SINAPI-comp'!$B:$H,3,0),VLOOKUP(I85,'SINAPI-insumo'!$B:$H,3,0))) -> UN | D85: 1 | F85: =IFERROR(VLOOKUP(I85,'SINAPI-comp'!$B:$H,4,0)-G85,0) -> 0 | G85: =IF(OR(H85="SINAPI",H85="SINAPI-I"),IFERROR(VLOOKUP(I85,'SINAPI-comp'!$B:$H,7,0),VLOOKUP(I85,'SINAPI-insumo'!$B:$H,7,0))) -> 1001.33 | H85: SINAPI-I | I85: 11869 | J85: =TRUNC($D85*F85,4) -> 0 | K85: =TRUNC($D85*G85,4) -> 1001.33
A88: CÓDIGO: | B88: DESCRIÇÃO: | H88: UNIDADE: | J88: CUSTO TOTAL (MO): | K88: CUSTO TOTAL (MAT):
A89: CCU 11 | B89: CARGA E TRANSPORTE DE ENTULHO DENTRO DO CANTEIRO | H89: M3 | J89: =TRUNC(SUM(J91:J91),2) -> 23.48 | K89: =TRUNC(SUM(K91:K91),2) -> 0
A90: ITEM | B90: DESCRIÇÃO | C90: UNID. | D90: COEF. | E90: REFERENCIAL COEF. | F90: CUSTO UNITARIO (MO) | G90: CUSTO UNITARIO (MAT) | H90: REFERENCIAL CUSTO | J90: CUSTO TOTAL (MO) | K90: CUSTO TOTAL (MAT)
A91: 1 | B91: =IF(OR(H91="SINAPI",H91="SINAPI-I"),IFERROR(VLOOKUP(I91,'SINAPI-comp'!$B:$H,2,0),VLOOKUP(I91,'SINAPI-insumo'!$B:$H,2,0))) -> SERVENTE COM ENCARGOS COMPLEMENTARES | C91: =IF(OR(H91="SINAPI",H91="SINAPI-I"),IFERROR(VLOOKUP(I91,'SINAPI-comp'!$B:$H,3,0),VLOOKUP(I91,'SINAPI-insumo'!$B:$H,3,0))) -> H | D91: 1 | E91: ORSE 0026 | F91: =IFERROR(VLOOKUP(I91,'SINAPI-comp'!$B:$H,4,0)-G91,0) -> 23.48 | G91: =IF(OR(H91="SINAPI",H91="SINAPI-I"),IFERROR(VLOOKUP(I91,'SINAPI-comp'!$B:$H,7,0),VLOOKUP(I91,'SINAPI-insumo'!$B:$H,7,0))) -> 0 | H91: SINAPI | I91: 88316 | J91: =TRUNC($D91*F91,4) -> 23.48 | K91: =TRUNC($D91*G91,4) -> 0
A94: CÓDIGO: | B94: DESCRIÇÃO: | H94: UNIDADE: | J94: CUSTO TOTAL (MO): | K94: CUSTO TOTAL (MAT):
A95: CCU 12 | B95: ISOLAMENTO TERMOACÚSTICO COM LÃ MINERAL NA SUBCOBERTURA | H95: M2 | J95: =TRUNC(SUM(J97:J99),2) -> 2.5 | K95: =TRUNC(SUM(K97:K99),2) -> 36.77
A96: ITEM | B96: DESCRIÇÃO | C96: UNID. | D96: COEF. | E96: REFERENCIAL COEF. | F96: CUSTO UNITARIO (MO) | G96: CUSTO UNITARIO (MAT) | H96: REFERENCIAL CUSTO | J96: CUSTO TOTAL (MO) | K96: CUSTO TOTAL (MAT)
A97: 1 | B97: =IF(OR(H97="SINAPI",H97="SINAPI-I"),IFERROR(VLOOKUP(I97,'SINAPI-comp'!$B:$H,2,0),VLOOKUP(I97,'SINAPI-insumo'!$B:$H,2,0))) -> SERVENTE COM ENCARGOS COMPLEMENTARES | C97: =IF(OR(H97="SINAPI",H97="SINAPI-I"),IFERROR(VLOOKUP(I97,'SINAPI-comp'!$B:$H,3,0),VLOOKUP(I97,'SINAPI-insumo'!$B:$H,3,0))) -> H | D97: 0.065 | E97: SINAPI 102653 | F97: =IFERROR(VLOOKUP(I97,'SINAPI-comp'!$B:$H,4,0)-G97,0) -> 23.48 | G97: =IF(OR(H97="SINAPI",H97="SINAPI-I"),IFERROR(VLOOKUP(I97,'SINAPI-comp'!$B:$H,7,0),VLOOKUP(I97,'SINAPI-insumo'!$B:$H,7,0))) -> 0 | H97: SINAPI | I97: 88316 | J97: =TRUNC($D97*F97,4) -> 1.5262 | K97: =TRUNC($D97*G97,4) -> 0
A98: 2 | B98: =IF(OR(H98="SINAPI",H98="SINAPI-I"),IFERROR(VLOOKUP(I98,'SINAPI-comp'!$B:$H,2,0),VLOOKUP(I98,'SINAPI-insumo'!$B:$H,2,0))) -> TELHADISTA COM ENCARGOS COMPLEMENTARES | C98: =IF(OR(H98="SINAPI",H98="SINAPI-I"),IFERROR(VLOOKUP(I98,'SINAPI-comp'!$B:$H,3,0),VLOOKUP(I98,'SINAPI-insumo'!$B:$H,3,0))) -> H | D98: 0.036 | E98: SINAPI 102653 | F98: =IFERROR(VLOOKUP(I98,'SINAPI-comp'!$B:$H,4,0)-G98,0) -> 27.25 | G98: =IF(OR(H98="SINAPI",H98="SINAPI-I"),IFERROR(VLOOKUP(I98,'SINAPI-comp'!$B:$H,7,0),VLOOKUP(I98,'SINAPI-insumo'!$B:$H,7,0))) -> 0 | H98: SINAPI | I98: 88323 | J98: =TRUNC($D98*F98,4) -> 0.981 | K98: =TRUNC($D98*G98,4) -> 0
A99: 3 | B99: =VLOOKUP(I99,tabelas!$A:$L,4,0) -> MANTA EM LÃ DE ROCHA DE 25MM | C99: =VLOOKUP(I99,tabelas!$A:$L,5,0) -> KG | D99: 1.03 | E99: SINAPI 102653 | F99: 0 | G99: =VLOOKUP($I99,tabelas!$A:$L,12,0) -> 35.7 | H99: COTACAO | I99: TAB 04.01 | J99: =TRUNC($D99*F99,4) -> 0 | K99: =TRUNC($D99*G99,4) -> 36.771
A102: CÓDIGO: | B102: DESCRIÇÃO: | H102: UNIDADE: | J102: CUSTO TOTAL (MO): | K102: CUSTO TOTAL (MAT):
A103: CCU 13 | B103: TRATAMENTO DAS FISSURAS/TRINCA DAS PAREDES INTERNAS (DELIMITAÇÃO E APICOAMENTO DA REGIÃO, ABERTURA DE SULCO, LIMPEZA, APLICAÇÃO DE TELA ANTI-FISSURAÇÃO, COLMATAÇÃO E ACABAMENTO) | H103: M | J103: =TRUNC(SUM(J105:J128),2) -> 37.96 | K103: =TRUNC(SUM(K105:K128),2) -> 27.65
A104: ITEM | B104: DESCRIÇÃO | C104: UNID. | D104: COEF. | E104: REFERENCIAL COEF. | F104: CUSTO UNITARIO (MO) | G104: CUSTO UNITARIO (MAT) | H104: REFERENCIAL CUSTO | J104: CUSTO TOTAL (MO) | K104: CUSTO TOTAL (MAT)
A105: 1 | B105: CORTE SUPERFICIAL DE CONCRETO DE FORMA MECANICA | C105: M | D105: 2 | F105: =SUMPRODUCT(D106:D108,F106:F108) -> 2.348 | G105: =SUMPRODUCT(D106:D108,G106:G108) -> 2.36698 | J105: =TRUNC($D105*F105,4) -> 4.696 | K105: =TRUNC($D105*G105,4) -> 4.7339
A106: 1.1 | B106: =IF(OR(H106="SINAPI",H106="SINAPI-I"),IFERROR(VLOOKUP(I106,'SINAPI-comp'!$B:$H,2,0),VLOOKUP(I106,'SINAPI-insumo'!$B:$H,2,0))) -> SERVENTE COM ENCARGOS COMPLEMENTARES | C106: =IF(OR(H106="SINAPI",H106="SINAPI-I"),IFERROR(VLOOKUP(I106,'SINAPI-comp'!$B:$H,3,0),VLOOKUP(I106,'SINAPI-insumo'!$B:$H,3,0))) -> H | D106: 0.1 | E106: TCPO 03.930.8.1.1 | F106: =IFERROR(VLOOKUP(I106,'SINAPI-comp'!$B:$H,4,0)-G106,0) -> 23.48 | G106: =IF(OR(H106="SINAPI",H106="SINAPI-I"),IFERROR(VLOOKUP(I106,'SINAPI-comp'!$B:$H,7,0),VLOOKUP(I106,'SINAPI-insumo'!$B:$H,7,0))) -> 0 | H106: SINAPI | I106: 88316
A107: 1.2 | B107: =IF(OR(H107="SINAPI",H107="SINAPI-I"),IFERROR(VLOOKUP(I107,'SINAPI-comp'!$B:$H,2,0),VLOOKUP(I107,'SINAPI-insumo'!$B:$H,2,0))) -> DISCO DE CORTE DIAMANTADO SEGMENTADO DIAMETRO DE 180 MM PARA ESMERILHADEIRA 7" | C107: =IF(OR(H107="SINAPI",H107="SINAPI-I"),IFERROR(VLOOKUP(I107,'SINAPI-comp'!$B:$H,3,0),VLOOKUP(I107,'SINAPI-insumo'!$B:$H,3,0))) -> UN | D107: 0.02 | E107: TCPO 03.930.8.1.1 | F107: =IFERROR(VLOOKUP(I107,'SINAPI-comp'!$B:$H,4,0)-G107,0) -> 0 | G107: =IF(OR(H107="SINAPI",H107="SINAPI-I"),IFERROR(VLOOKUP(I107,'SINAPI-comp'!$B:$H,7,0),VLOOKUP(I107,'SINAPI-insumo'!$B:$H,7,0))) -> 66.6 | H107: SINAPI-I | I107: 44531
A108: 1.3 | B108: =VLOOKUP(I108,tabelas!$A:$L,4,0) -> SERRA PARA CORTE DE CONCRETO - 4 KW | C108: =VLOOKUP(I108,tabelas!$A:$L,5,0) -> CHP | D108: 0.1 | E108: TCPO 03.930.8.1.1 | F108: 0 | G108: =VLOOKUP($I108,tabelas!$A:$L,12,0) -> 10.3498 | H108: COTACAO | I108: TAB 03.02
A109: 2 | B109: ABERTURA DE SULCO DE FORMA MECANICA | C109: M | D109: 1 | F109: =SUMPRODUCT(D110:D112,F110:F112) -> 4.696 | G109: =SUMPRODUCT(D110:D112,G110:G112) -> 4.73396 | J109: =TRUNC($D109*F109,4) -> 4.696 | K109: =TRUNC($D109*G109,4) -> 4.7339
A110: 2.1 | B110: =IF(OR(H110="SINAPI",H110="SINAPI-I"),IFERROR(VLOOKUP(I110,'SINAPI-comp'!$B:$H,2,0),VLOOKUP(I110,'SINAPI-insumo'!$B:$H,2,0))) -> SERVENTE COM ENCARGOS COMPLEMENTARES | C110: =IF(OR(H110="SINAPI",H110="SINAPI-I"),IFERROR(VLOOKUP(I110,'SINAPI-comp'!$B:$H,3,0),VLOOKUP(I110,'SINAPI-insumo'!$B:$H,3,0))) -> H | D110: =0.1*2 -> 0.2 | E110: TCPO 03.930.8.1.1 (formar 'V') | F110: =IFERROR(VLOOKUP(I110,'SINAPI-comp'!$B:$H,4,0)-G110,0) -> 23.48 | G110: =IF(OR(H110="SINAPI",H110="SINAPI-I"),IFERROR(VLOOKUP(I110,'SINAPI-comp'!$B:$H,7,0),VLOOKUP(I110,'SINAPI-insumo'!$B:$H,7,0))) -> 0 | H110: SINAPI | I110: 88316
A111: 2.2 | B111: =IF(OR(H111="SINAPI",H111="SINAPI-I"),IFERROR(VLOOKUP(I111,'SINAPI-comp'!$B:$H,2,0),VLOOKUP(I111,'SINAPI-insumo'!$B:$H,2,0))) -> DISCO DE CORTE DIAMANTADO SEGMENTADO DIAMETRO DE 180 MM PARA ESMERILHADEIRA 7" | C111: =IF(OR(H111="SINAPI",H111="SINAPI-I"),IFERROR(VLOOKUP(I111,'SINAPI-comp'!$B:$H,3,0),VLOOKUP(I111,'SINAPI-insumo'!$B:$H,3,0))) -> UN | D111: =0.02*2 -> 0.04 | E111: TCPO 03.930.8.1.1 (formar 'V') | F111: =IFERROR(VLOOKUP(I111,'SINAPI-comp'!$B:$H,4,0)-G111,0) -> 0 | G111: =IF(OR(H111="SINAPI",H111="SINAPI-I"),IFERROR(VLOOKUP(I111,'SINAPI-comp'!$B:$H,7,0),VLOOKUP(I111,'SINAPI-insumo'!$B:$H,7,0))) -> 66.6 | H111: SINAPI-I | I111: 44531
A112: 2.3 | B112: =VLOOKUP(I112,tabelas!$A:$L,4,0) -> SERRA PARA CORTE DE CONCRETO - 4 KW | C112: =VLOOKUP(I112,tabelas!$A:$L,5,0) -> CHP | D112: =0.1*2 -> 0.2 | E112: TCPO 03.930.8.1.1 (formar 'V') | F112: 0 | G112: =VLOOKUP($I112,tabelas!$A:$L,12,0) -> 10.3498 | H112: COTACAO | I112: TAB 03.02
A113: 3 | B113: APICOAMENTO MANUAL DE ESTRUTURA DE CONCRETO | C113: M2 | D113: 0.2 | F113: =SUMPRODUCT(D114,F114) -> 117.4 | G113: =SUMPRODUCT(D114,G114) -> 0 | J113: =TRUNC($D113*F113,4) -> 23.48 | K113: =TRUNC($D113*G113,4) -> 0
A114: 3.1 | B114: =IF(OR(H114="SINAPI",H114="SINAPI-I"),IFERROR(VLOOKUP(I114,'SINAPI-comp'!$B:$H,2,0),VLOOKUP(I114,'SINAPI-insumo'!$B:$H,2,0))) -> SERVENTE COM ENCARGOS COMPLEMENTARES | C114: =IF(OR(H114="SINAPI",H114="SINAPI-I"),IFERROR(VLOOKUP(I114,'SINAPI-comp'!$B:$H,3,0),VLOOKUP(I114,'SINAPI-insumo'!$B:$H,3,0))) -> H | D114: 5 | E114: TCPO 03.910.8.11.1 | F114: =IFERROR(VLOOKUP(I114,'SINAPI-comp'!$B:$H,4,0)-G114,0) -> 23.48 | G114: =IF(OR(H114="SINAPI",H114="SINAPI-I"),IFERROR(VLOOKUP(I114,'SINAPI-comp'!$B:$H,7,0),VLOOKUP(I114,'SINAPI-insumo'!$B:$H,7,0))) -> 0 | H114: SINAPI | I114: 88316
A115: 4 | B115: LIMPEZA EM SUPERFÍCIE DE CONCRETO COM ESCOVA DE AÇO | C115: M2 | D115: 0.2 | F115: =SUMPRODUCT(D116:D117,F116:F117) -> 7.7484 | G115: =SUMPRODUCT(D116:D117,G116:G117) -> 5.7075 | J115: =TRUNC($D115*F115,4) -> 1.5496 | K115: =TRUNC($D115*G115,4) -> 1.1415
A116: 4.1 | B116: =VLOOKUP(I116,tabelas!$A:$L,4,0) -> ESCOVA RETANGULAR COM CERDAS DE AÇO:ALTURA DAS CERDAS 30 MM COMPRIMENTO: 192 MM; LARGURA 57 MM - SEM CABO | C116: =VLOOKUP(I116,tabelas!$A:$L,5,0) -> UN | D116: 0.25 | E116: TCPO 03.910.8.5.1 | F116: 0 | G116: =VLOOKUP($I116,tabelas!$A:$L,12,0) -> 22.83 | H116: COTACAO | I116: TAB 05.01
A117: 4.2 | B117: =IF(OR(H117="SINAPI",H117="SINAPI-I"),IFERROR(VLOOKUP(I117,'SINAPI-comp'!$B:$H,2,0),VLOOKUP(I117,'SINAPI-insumo'!$B:$H,2,0))) -> SERVENTE COM ENCARGOS COMPLEMENTARES | C117: =IF(OR(H117="SINAPI",H117="SINAPI-I"),IFERROR(VLOOKUP(I117,'SINAPI-comp'!$B:$H,3,0),VLOOKUP(I117,'SINAPI-insumo'!$B:$H,3,0))) -> H | D117: 0.33 | E117: TCPO 03.910.8.5.1 | F117: =IFERROR(VLOOKUP(I117,'SINAPI-comp'!$B:$H,4,0)-G117,0) -> 23.48 | G117: =IF(OR(H117="SINAPI",H117="SINAPI-I"),IFERROR(VLOOKUP(I117,'SINAPI-comp'!$B:$H,7,0),VLOOKUP(I117,'SINAPI-insumo'!$B:$H,7,0))) -> 0 | H117: SINAPI | I117: 88316
A118: 5 | B118: APLICAÇÃO DE TELA ANTI-FISSURAÇÃO | C118: M2 | D118: 0.2 | F118: =SUMPRODUCT(D119:D120,F119:F120) -> 4.24914 | G118: =SUMPRODUCT(D119:D120,G119:G120) -> 15.2145 | J118: =TRUNC($D118*F118,4) -> 0.8498 | K118: =TRUNC($D118*G118,4) -> 3.0429
A119: 5.1 | B119: =IF(OR(H119="SINAPI",H119="SINAPI-I"),IFERROR(VLOOKUP(I119,'SINAPI-comp'!$B:$H,2,0),VLOOKUP(I119,'SINAPI-insumo'!$B:$H,2,0))) -> PEDREIRO COM ENCARGOS COMPLEMENTARES | C119: =IF(OR(H119="SINAPI",H119="SINAPI-I"),IFERROR(VLOOKUP(I119,'SINAPI-comp'!$B:$H,3,0),VLOOKUP(I119,'SINAPI-insumo'!$B:$H,3,0))) -> H | D119: =0.0604/0.4 -> 0.151 | E119: SINAPI 98559 (40cm largura) | F119: =IFERROR(VLOOKUP(I119,'SINAPI-comp'!$B:$H,4,0)-G119,0) -> 28.14 | G119: =IF(OR(H119="SINAPI",H119="SINAPI-I"),IFERROR(VLOOKUP(I119,'SINAPI-comp'!$B:$H,7,0),VLOOKUP(I119,'SINAPI-insumo'!$B:$H,7,0))) -> 0 | H119: SINAPI | I119: 88309
A120: 5.2 | B120: =IF(OR(H120="SINAPI",H120="SINAPI-I"),IFERROR(VLOOKUP(I120,'SINAPI-comp'!$B:$H,2,0),VLOOKUP(I120,'SINAPI-insumo'!$B:$H,2,0))) -> TELA DE FIBRA DE VIDRO, ACABAMENTO ANTI-ALCALINO, MALHA 10 X 10 MM | C120: =IF(OR(H120="SINAPI",H120="SINAPI-I"),IFERROR(VLOOKUP(I120,'SINAPI-comp'!$B:$H,3,0),VLOOKUP(I120,'SINAPI-insumo'!$B:$H,3,0))) -> M2 | D120: 1.05 | F120: =IFERROR(VLOOKUP(I120,'SINAPI-comp'!$B:$H,4,0)-G120,0) -> 0 | G120: =IF(OR(H120="SINAPI",H120="SINAPI-I"),IFERROR(VLOOKUP(I120,'SINAPI-comp'!$B:$H,7,0),VLOOKUP(I120,'SINAPI-insumo'!$B:$H,7,0))) -> 14.49 | H120: SINAPI-I | I120: 36887
A121: 6 | B121: COLMATAÇÃO DE FISSURAS COM ADESIVO ESTRUTURAL A BASE DE RESINA EPÓXI, BICOMPONENTE | C121: KG | D121: 0.2 | F121: =SUMPRODUCT(D122:D124,F122:F124) -> 10.845156 | G121: =SUMPRODUCT(D122:D124,G122:G124) -> 60.794941 | J121: =TRUNC($D121*F121,4) -> 2.169 | K121: =TRUNC($D121*G121,4) -> 12.1589
A122: 6.1 | B122: =IF(OR(H122="SINAPI",H122="SINAPI-I"),IFERROR(VLOOKUP(I122,'SINAPI-comp'!$B:$H,2,0),VLOOKUP(I122,'SINAPI-insumo'!$B:$H,2,0))) -> PEDREIRO COM ENCARGOS COMPLEMENTARES | C122: =IF(OR(H122="SINAPI",H122="SINAPI-I"),IFERROR(VLOOKUP(I122,'SINAPI-comp'!$B:$H,3,0),VLOOKUP(I122,'SINAPI-insumo'!$B:$H,3,0))) -> H | D122: =TRUNC(3/7.78368,4) -> 0.3854 | E122: SICRO 4915645 | F122: =IFERROR(VLOOKUP(I122,'SINAPI-comp'!$B:$H,4,0)-G122,0) -> 28.14 | G122: =IF(OR(H122="SINAPI",H122="SINAPI-I"),IFERROR(VLOOKUP(I122,'SINAPI-comp'!$B:$H,7,0),VLOOKUP(I122,'SINAPI-insumo'!$B:$H,7,0))) -> 0 | H122: SINAPI | I122: 88309
A123: 6.2 | B123: =IF(OR(H123="SINAPI",H123="SINAPI-I"),IFERROR(VLOOKUP(I123,'SINAPI-comp'!$B:$H,2,0),VLOOKUP(I123,'SINAPI-insumo'!$B:$H,2,0))) -> ADESIVO ESTRUTURAL A BASE DE RESINA EPOXI, BICOMPONENTE, PASTOSO (TIXOTROPICO) | C123: =IF(OR(H123="SINAPI",H123="SINAPI-I"),IFERROR(VLOOKUP(I123,'SINAPI-comp'!$B:$H,3,0),VLOOKUP(I123,'SINAPI-insumo'!$B:$H,3,0))) -> KG | D123: 1 | E123: SICRO 4915645 | F123: =IFERROR(VLOOKUP(I123,'SINAPI-comp'!$B:$H,4,0)-G123,0) -> 0 | G123: =IF(OR(H123="SINAPI",H123="SINAPI-I"),IFERROR(VLOOKUP(I123,'SINAPI-comp'!$B:$H,7,0),VLOOKUP(I123,'SINAPI-insumo'!$B:$H,7,0))) -> 44.3 | H123: SINAPI-I | I123: 131
A124: 6.3 | B124: =VLOOKUP(I124,tabelas!$A:$L,4,0) -> DILUENTE EPÓXI | C124: =VLOOKUP(I124,tabelas!$A:$L,5,0) -> L | D124: 0.4338 | E124: SICRO 4915645 | F124: 0 | G124: =VLOOKUP($I124,tabelas!$A:$L,12,0) -> 38.0243 | H124: COTACAO | I124: TAB 03.04
...

Sheet cotacoes
B1: PREFEITURA MUNICIPAL DE PORTO ALEGRE
B2: SECRETARIA MUNICIPAL DE OBRAS E INFRAESTRUTURA
B3: =orcamento!D3 -> Objeto: Reforço de Fundação em Estaca Mega - Unidade de Saúde Cruzeiro do Sul
B4: =orcamento!D4 -> Endereço: Rua Dona Malvina Acesso A, nº 195, Santa Teresa, Porto Alegre, RS
B6: COTAÇÕES DE MERCADO
A8: COT 01 | B8: ESTACA MEGA | E8: Valor adotado: | F8: =TRUNC(IF(MEDIAN(G10:G13)<AVERAGE(G10:G13),MEDIAN(G10:G13),AVERAGE(G10:G13)),2) -> 1973.5 | G8: M
B9: Fornecedor | C9: CNPJ | D9: Contato/Site | E9: Telefone | F9: Data da cotação | G9: Valor da cotação
A10: a) | B10: ELV Engenheiros e Construtores | C10: 94.044.526/0001-17 | D10: SEI nº 25.0.000046634-7 | E10: (51) 3333-2533 | F10: 45748 | G10: =TRUNC((93187/(6*7))) -> 2218
A11: b) | B11: ACL Arquitetos | C11: 35.297.636/0001-21 | D11: SEI nº 25.0.000046634-7 | E11: (51) 99121-2162 | F11: 45741 | G11: =TRUNC((83000/(6*8))) -> 1729
A12: c) | B12: RP Engenharia e Consultoria | C12: 55.859.634/0001-96 | D12: SEI nº 25.0.000046634-7 | E12: (51) 981424-6811 | F12: 45744 | G12: =TRUNC((139678/(6*8))) -> 2909
A13: d) | B13: Solidus Engenharia | C13: 36.689.285/0001-67 | D13: SEI nº 25.0.000046634-7 | E13: (51) 99961-6767 | F13: 45749 | G13: =TRUNC((57058.12/(6*7))) -> 1358

Sheet tabelas
B1: PREFEITURA MUNICIPAL DE PORTO ALEGRE
B2: =dados!B2 -> SECRETARIA MUNICIPAL DE OBRAS E INFRAESTRUTURA
B3: ="Objeto: "&dados!B3 -> Objeto: Reforço de Fundação em Estaca Mega - Unidade de Saúde Cruzeiro do Sul
B4: ="Endereço: "&dados!B4 -> Endereço: Rua Dona Malvina Acesso A, nº 195, Santa Teresa, Porto Alegre, RS
B6: TABELAS PÚBLICAS
A8: CÓDIGO | B8: FONTE | C8: CÓDIGO | D8: DESCRIÇÃO | E8: UNID. | F8: DATA ORIGEM | G8: CUSTO ORIGEM | I8: REAJUSTE PARA: | J8: =dados!B9 -> 46054 | L8: CUSTO ATUAL
H9: Índice | I9: i0 | J9: i1 | K9: %
A10: TAB 01 | B10: CREA RS | C10: acima de R$15mil | D10: DOCUMENTO DE RESPONSABILIDADE TÉCNICA | E10: UN | F10: 46023 | G10: 285.59 | L10: =G10 -> 285.59
A11: TAB 02 | B11: SINAPI RS (*) | F11: =J8 -> 46054
A13: TAB 03.01 | B13: SICRO RS | C13: E9093 | D13: Veículo leve - 53 kW (sem motorista) | E13: CHP | F13: 45931 | G13: 36.945 | L13: =TRUNC(G13*(1+K13),4) -> 36.945
A14: TAB 03.02 | B14: SICRO RS | C14: E9587 | D14: SERRA PARA CORTE DE CONCRETO - 4 KW | E14: CHP | F14: 45931 | G14: 10.3498 | L14: =TRUNC(G14*(1+K14),4) -> 10.3498
A15: TAB 03.03 | B15: SICRO RS | C15: E9061 | D15: LIXADEIRA ELÉTRICA MANUAL ANGULAR - 2 KW | E15: CHP | F15: 45931 | G15: 0.3442 | L15: =TRUNC(G15*(1+K15),4) -> 0.3442
A16: TAB 03.04 | B16: SICRO RS | C16: M0719 | D16: DILUENTE EPÓXI | E16: L | F16: 45931 | G16: 38.0243 | L16: =TRUNC(G16*(1+K16),4) -> 38.0243
A17: TAB 03.05 | B17: SICRO RS | C17: M1405 | D17: DISCO DIAMANTADO PARA DESBASTE - D = 180 MM | E17: UN | F17: 45931 | G17: 562.8702 | L17: =TRUNC(G17*(1+K17),4) -> 562.8702
A19: TAB 04.01 | B19: ORSE SE | C19: 7265 | D19: MANTA EM LÃ DE ROCHA DE 25MM | E19: KG | F19: 45962 | G19: 35.7 | L19: =TRUNC(G19*(1+K19),4) -> 35.7
A21: TAB 05.01 | B21: SIURB SP | C21: 37542 | D21: ESCOVA RETANGULAR COM CERDAS DE AÇO:ALTURA DAS CERDAS 30 MM COMPRIMENTO: 192 MM; LARGURA 57 MM - SEM CABO | E21: UN | F21: 45839 | G21: 22.83 | L21: =TRUNC(G21*(1+K21),4) -> 22.83
A23: TAB 08.01 | B23: AGESUL | C23: 8036 | D23: LOCAÇÃO CAÇAMBA ESTACIONÁRIA 4 M3 - TRANSPORTE E DESTINAÇÃO FINAL | E23: UN | F23: 45809 | G23: 350 | L23: =TRUNC(G23*(1+K23),4) -> 350
D24: (*) conforme tabela anexa (aba oculta)

Sheet cronograma
B1: PREFEITURA MUNICIPAL DE PORTO ALEGRE
B2: SECRETARIA MUNICIPAL DE OBRAS E INFRAESTRUTURA
B3: =orcamento!D3 -> Objeto: Reforço de Fundação em Estaca Mega - Unidade de Saúde Cruzeiro do Sul
B4: =orcamento!D4 -> Endereço: Rua Dona Malvina Acesso A, nº 195, Santa Teresa, Porto Alegre, RS
B6: CRONOGRAMA FISICO-FINANCEIRO
A8: ITEM | B8: DESCRIÇÃO | C8: QUANT. | D8: UNID. | E8: PREÇO UNITARIO | F8: MÊS 01 | H8: MÊS 02 | J8: MÊS 03 | L8: MÊS 04 | N8: MÊS 05 | P8: MÊS 06 | R8: MÊS 07 | T8: MÊS 08 | V8: TOTAL
F9: R$ | G9: QUANT. | H9: R$ | I9: QUANT. | J9: R$ | K9: QUANT. | L9: R$ | M9: QUANT. | N9: R$ | O9: QUANT. | P9: R$ | Q9: QUANT. | R9: R$ | S9: QUANT. | T9: R$ | U9: QUANT. | V9: R$ | W9: QUANT.
A10: =orcamento!A10 -> 1 | B10: =orcamento!D10 -> SERVIÇOS DE ESCRITÓRIO
A11: =orcamento!A11 -> 1.1 | B11: =orcamento!D11 -> EQUIPE DE ADMINISTRAÇÃO LOCAL | C11: =orcamento!F11 -> 1 | D11: =orcamento!E11 -> UN | E11: =orcamento!K11 -> 151569.85 | F11: =ROUND(G11*$E11,2) -> 34861.07 | G11: =TRUNC((SUMPRODUCT(G12:G82,$E$12:$E$82))/(SUMPRODUCT($C$12:$C$82,$E$12:$E$82)),2) -> 0.23 | H11: =ROUND(I11*$E11,2) -> 27282.57 | I11: =TRUNC((SUMPRODUCT(I12:I82,$E$12:$E$82))/(SUMPRODUCT($C$12:$C$82,$E$12:$E$82)),2) -> 0.18 | J11: =ROUND(K11*$E11,2) -> 25766.87 | K11: =TRUNC((SUMPRODUCT(K12:K82,$E$12:$E$82))/(SUMPRODUCT($C$12:$C$82,$E$12:$E$82)),2) -> 0.17 | L11: =ROUND(M11*$E11,2) -> 13641.29 | M11: =TRUNC((SUMPRODUCT(M12:M82,$E$12:$E$82))/(SUMPRODUCT($C$12:$C$82,$E$12:$E$82)),2) -> 0.09 | N11: =ROUND(O11*$E11,2) -> 9094.19 | O11: =TRUNC((SUMPRODUCT(O12:O82,$E$12:$E$82))/(SUMPRODUCT($C$12:$C$82,$E$12:$E$82)),2) -> 0.06 | P11: =ROUND(Q11*$E11,2) -> 16672.68 | Q11: =TRUNC((SUMPRODUCT(Q12:Q82,$E$12:$E$82))/(SUMPRODUCT($C$12:$C$82,$E$12:$E$82)),2) -> 0.11 | R11: =ROUND(S11*$E11,2) -> 9094.19 | S11: =TRUNC((SUMPRODUCT(S12:S82,$E$12:$E$82))/(SUMPRODUCT($C$12:$C$82,$E$12:$E$82)),2) -> 0.06 | T11: =E11-(F11+H11+J11+L11+N11+P11+R11) -> 15156.99 | U11: =1-(G11+I11+K11+M11+O11+Q11+S11) -> 0.1 | V11: =F11+H11+J11+L11+N11+P11+R11+T11 -> 151569.85 | W11: =G11+I11+K11+M11+O11+Q11+S11+U11 -> 1
A12: =orcamento!A12 -> 1.2 | B12: =orcamento!D12 -> SERVIÇO DE VIGIÂNCIA NOTURNA (DIÁRIA) E DIURNA (FINAIS DE SEMANA) | C12: =orcamento!F12 -> 8 | D12: =orcamento!E12 -> MÊS | E12: =orcamento!K12 -> 10306.5 | F12: =ROUND(G12*$E12,2) -> 10306.5 | G12: 1 | H12: =ROUND(I12*$E12,2) -> 10306.5 | I12: 1 | J12: =ROUND(K12*$E12,2) -> 10306.5 | K12: 1 | L12: =ROUND(M12*$E12,2) -> 10306.5 | M12: 1 | N12: =ROUND(O12*$E12,2) -> 10306.5 | O12: 1 | P12: =ROUND(Q12*$E12,2) -> 10306.5 | Q12: 1 | R12: =ROUND(S12*$E12,2) -> 10306.5 | S12: 1 | T12: =ROUND(U12*$E12,2) -> 10306.5 | U12: 1 | V12: =F12+H12+J12+L12+N12+P12+R12+T12 -> 82452 | W12: =G12+I12+K12+M12+O12+Q12+S12+U12 -> 8
A13: =orcamento!A13 -> 1.3 | B13: =orcamento!D13 -> DOCUMENTO DE RESPONSABILIDADE TÉCNICA | C13: =orcamento!F13 -> 1 | D13: =orcamento!E13 -> UN | E13: =orcamento!K13 -> 368.13 | F13: =ROUND(G13*$E13,2) -> 368.13 | G13: =C13 -> 1 | V13: =F13+H13+J13+L13+N13+P13+R13+T13 -> 368.13 | W13: =G13+I13+K13+M13+O13+Q13+S13+U13 -> 1
A14: =orcamento!A14 -> 1.4 | B14: =orcamento!D14 -> PLANO DE ATAQUE | C14: =orcamento!F14 -> 1 | D14: =orcamento!E14 -> UN | E14: =orcamento!K14 -> 1163.43 | F14: =ROUND(G14*$E14,2) -> 1163.43 | G14: =C14 -> 1 | V14: =F14+H14+J14+L14+N14+P14+R14+T14 -> 1163.43 | W14: =G14+I14+K14+M14+O14+Q14+S14+U14 -> 1
A15: =orcamento!A15 -> 1.5 | B15: =orcamento!D15 -> PLANO DE GERENCIAMENTO DE RESÍDUOS NA CONSTRUÇÃO CIVIL - PGRCC | C15: =orcamento!F15 -> 1 | D15: =orcamento!E15 -> UN | E15: =orcamento!K15 -> 1399.13 | F15: =ROUND(G15*$E15,2) -> 1399.13 | G15: =C15 -> 1 | V15: =F15+H15+J15+L15+N15+P15+R15+T15 -> 1399.13 | W15: =G15+I15+K15+M15+O15+Q15+S15+U15 -> 1
A16: =orcamento!A16 -> 1.6 | B16: =orcamento!D16 -> PROJETO DE SEGURANÇA NO TRABALHO | C16: =orcamento!F16 -> 1 | D16: =orcamento!E16 -> UN | E16: =orcamento!K16 -> 1391.58 | F16: =ROUND(G16*$E16,2) -> 1391.58 | G16: =C16 -> 1 | V16: =F16+H16+J16+L16+N16+P16+R16+T16 -> 1391.58 | W16: =G16+I16+K16+M16+O16+Q16+S16+U16 -> 1
A17: =orcamento!A17 -> 2 | B17: =orcamento!D17 -> SERVIÇOS PROVISÓRIOS
A18: =orcamento!A18 -> 2.1 | B18: =orcamento!D18 -> CONE DE SINALIZACAO EM PVC FLEXIVEL, H = 70 / 76 CM (NBR 15071) | C18: =orcamento!F18 -> 4 | D18: =orcamento!E18 -> UN | E18: =orcamento!K18 -> 171.18 | F18: =ROUND(G18*$E18,2) -> 684.72 | G18: =C18 -> 4 | V18: =F18+H18+J18+L18+N18+P18+R18+T18 -> 684.72 | W18: =G18+I18+K18+M18+O18+Q18+S18+U18 -> 4
A19: =orcamento!A19 -> 2.2 | B19: =orcamento!D19 -> TELA TAPUME LARANJA - FORNECIMENTO E INSTALAÇÃO COM MADEIRA | C19: =orcamento!F19 -> 50 | D19: =orcamento!E19 -> M | E19: =orcamento!K19 -> 22.73 | F19: =ROUND(G19*$E19,2) -> 1136.5 | G19: =C19 -> 50 | V19: =F19+H19+J19+L19+N19+P19+R19+T19 -> 1136.5 | W19: =G19+I19+K19+M19+O19+Q19+S19+U19 -> 50
A20: =orcamento!A20 -> 2.3 | B20: =orcamento!D20 -> CARGA E TRANSPORTE DE CONTAINER | C20: =orcamento!F20 -> 2 | D20: =orcamento!E20 -> UN | E20: =orcamento!K20 -> 787.17 | F20: =ROUND(G20*$E20,2) -> 1574.34 | G20: =C20 -> 2 | V20: =F20+H20+J20+L20+N20+P20+R20+T20 -> 1574.34 | W20: =G20+I20+K20+M20+O20+Q20+S20+U20 -> 2
A21: =orcamento!A21 -> 2.4 | B21: =orcamento!D21 -> LOCACAO DE CONTAINER 2,30 X 6,00 M, ALT. 2,50 M, COM 1 SANITARIO, PARA ESCRITORIO, COMPLETO, SEM DIVISORIAS INTERNAS (NAO INCLUI MOBILIZACAO/DESMOBILIZACAO) | C21: =orcamento!F21 -> 8 | D21: =orcamento!E21 -> MES | E21: =orcamento!K21 -> 1330.34 | F21: =ROUND(G21*$E21,2) -> 1330.34 | G21: 1 | H21: =ROUND(I21*$E21,2) -> 1330.34 | I21: 1 | J21: =ROUND(K21*$E21,2) -> 1330.34 | K21: 1 | L21: =ROUND(M21*$E21,2) -> 1330.34 | M21: 1 | N21: =ROUND(O21*$E21,2) -> 1330.34 | O21: 1 | P21: =ROUND(Q21*$E21,2) -> 1330.34 | Q21: 1 | R21: =ROUND(S21*$E21,2) -> 1330.34 | S21: 1 | T21: =ROUND(U21*$E21,2) -> 1330.34 | U21: 1 | V21: =F21+H21+J21+L21+N21+P21+R21+T21 -> 10642.72 | W21: =G21+I21+K21+M21+O21+Q21+S21+U21 -> 8
A22: =orcamento!A22 -> 2.5 | B22: =orcamento!D22 -> LOCACAO DE CONTAINER 2,30 X 4,30 M, ALT. 2,50 M, P/ SANITARIO, C/ 5 BACIAS, 1 LAVATORIO E 4 MICTORIOS (NAO INCLUI MOBILIZACAO/DESMOBILIZACAO) | C22: =orcamento!F22 -> 8 | D22: =orcamento!E22 -> MES | E22: =orcamento!K22 -> 1662.93 | F22: =ROUND(G22*$E22,2) -> 1662.93 | G22: 1 | H22: =ROUND(I22*$E22,2) -> 1662.93 | I22: 1 | J22: =ROUND(K22*$E22,2) -> 1662.93 | K22: 1 | L22: =ROUND(M22*$E22,2) -> 1662.93 | M22: 1 | N22: =ROUND(O22*$E22,2) -> 1662.93 | O22: 1 | P22: =ROUND(Q22*$E22,2) -> 1662.93 | Q22: 1 | R22: =ROUND(S22*$E22,2) -> 1662.93 | S22: 1 | T22: =ROUND(U22*$E22,2) -> 1662.93 | U22: 1 | V22: =F22+H22+J22+L22+N22+P22+R22+T22 -> 13303.44 | W22: =G22+I22+K22+M22+O22+Q22+S22+U22 -> 8
A23: =orcamento!A23 -> 2.6 | B23: =orcamento!D23 -> PLACA DE OBRA EM CHAPA GALVANIZADA *N. 22*, ADESIVADA, INCLUSO MADEIRAMENTO E INSTALAÇÃO | C23: =orcamento!F23 -> 6 | D23: =orcamento!E23 -> M2 | E23: =orcamento!K23 -> 664.69 | F23: =ROUND(G23*$E23,2) -> 3988.14 | G23: =C23 -> 6 | V23: =F23+H23+J23+L23+N23+P23+R23+T23 -> 3988.14 | W23: =G23+I23+K23+M23+O23+Q23+S23+U23 -> 6
A24: =orcamento!A24 -> 2.7 | B24: =orcamento!D24 -> TAPUME COM COMPENSADO DE MADEIRA. AF_03/2024 | C24: =orcamento!F24 -> 213.4 | D24: =orcamento!E24 -> M2 | E24: =orcamento!K24 -> 129.17 | F24: =ROUND(G24*$E24,2) -> 27564.88 | G24: =C24 -> 213.4 | V24: =F24+H24+J24+L24+N24+P24+R24+T24 -> 27564.88 | W24: =G24+I24+K24+M24+O24+Q24+S24+U24 -> 213.4
A25: =orcamento!A25 -> 2.8 | B25: =orcamento!D25 -> TUBO, PVC, SOLDÁVEL, DE 32MM, INSTALADO EM RESERVAÇÃO PREDIAL DE ÁGUA - FORNECIMENTO E INSTALAÇÃO. AF_04/2024 | C25: =orcamento!F25 -> 25 | D25: =orcamento!E25 -> M | E25: =orcamento!K25 -> 18.94 | F25: =ROUND(G25*$E25,2) -> 473.5 | G25: =C25 -> 25 | V25: =F25+H25+J25+L25+N25+P25+R25+T25 -> 473.5 | W25: =G25+I25+K25+M25+O25+Q25+S25+U25 -> 25
A26: =orcamento!A26 -> 2.9 | B26: =orcamento!D26 -> REGISTRO DE ESFERA, PVC, ROSCÁVEL, COM VOLANTE, 1 1/4" - FORNECIMENTO E INSTALAÇÃO. AF_08/2021 | C26: =orcamento!F26 -> 1 | D26: =orcamento!E26 -> UN | E26: =orcamento!K26 -> 132.14 | F26: =ROUND(G26*$E26,2) -> 132.14 | G26: =C26 -> 1 | V26: =F26+H26+J26+L26+N26+P26+R26+T26 -> 132.14 | W26: =G26+I26+K26+M26+O26+Q26+S26+U26 -> 1
A27: =orcamento!A27 -> 2.10 | B27: =orcamento!D27 -> JOELHO 90 GRAUS, PVC, SOLDÁVEL, DN 32 MM INSTALADO EM RESERVAÇÃO PREDIAL DE ÁGUA - FORNECIMENTO E INSTALAÇÃO. AF_04/2024 | C27: =orcamento!F27 -> 10 | D27: =orcamento!E27 -> UN | E27: =orcamento!K27 -> 11.21 | F27: =ROUND(G27*$E27,2) -> 112.1 | G27: =C27 -> 10 | V27: =F27+H27+J27+L27+N27+P27+R27+T27 -> 112.1 | W27: =G27+I27+K27+M27+O27+Q27+S27+U27 -> 10
A28: =orcamento!A28 -> 2.11 | B28: =orcamento!D28 -> TORNEIRA CROMADA 1/2" OU 3/4" PARA TANQUE, PADRÃO POPULAR - FORNECIMENTO E INSTALAÇÃO. AF_01/2020 | C28: =orcamento!F28 -> 1 | D28: =orcamento!E28 -> UN | E28: =orcamento!K28 -> 120.86 | F28: =ROUND(G28*$E28,2) -> 120.86 | G28: =C28 -> 1 | V28: =F28+H28+J28+L28+N28+P28+R28+T28 -> 120.86 | W28: =G28+I28+K28+M28+O28+Q28+S28+U28 -> 1
A29: =orcamento!A29 -> 2.12 | B29: =orcamento!D29 -> TUBO PVC, SERIE NORMAL, ESGOTO PREDIAL, DN 100 MM, FORNECIDO E INSTALADO EM RAMAL DE DESCARGA OU RAMAL DE ESGOTO SANITÁRIO. AF_08/2022 | C29: =orcamento!F29 -> 25 | D29: =orcamento!E29 -> M | E29: =orcamento!K29 -> 54.02 | F29: =ROUND(G29*$E29,2) -> 1350.5 | G29: =C29 -> 25 | V29: =F29+H29+J29+L29+N29+P29+R29+T29 -> 1350.5 | W29: =G29+I29+K29+M29+O29+Q29+S29+U29 -> 25
A30: =orcamento!A30 -> 2.13 | B30: =orcamento!D30 -> LUVA SIMPLES, PVC, SERIE NORMAL, ESGOTO PREDIAL, DN 100 MM, JUNTA ELÁSTICA, FORNECIDO E INSTALADO EM RAMAL DE DESCARGA OU RAMAL DE ESGOTO SANITÁRIO. AF_08/2022 | C30: =orcamento!F30 -> 3 | D30: =orcamento!E30 -> UN | E30: =orcamento!K30 -> 26.24 | F30: =ROUND(G30*$E30,2) -> 78.72 | G30: =C30 -> 3 | V30: =F30+H30+J30+L30+N30+P30+R30+T30 -> 78.72 | W30: =G30+I30+K30+M30+O30+Q30+S30+U30 -> 3
A31: =orcamento!A31 -> 2.14 | B31: =orcamento!D31 -> JOELHO 45 GRAUS, PVC, SERIE NORMAL, ESGOTO PREDIAL, DN 100 MM, JUNTA ELÁSTICA, FORNECIDO E INSTALADO EM RAMAL DE DESCARGA OU RAMAL DE ESGOTO SANITÁRIO. AF_08/2022 | C31: =orcamento!F31 -> 5 | D31: =orcamento!E31 -> UN | E31: =orcamento!K31 -> 39.97 | F31: =ROUND(G31*$E31,2) -> 199.85 | G31: =C31 -> 5 | V31: =F31+H31+J31+L31+N31+P31+R31+T31 -> 199.85 | W31: =G31+I31+K31+M31+O31+Q31+S31+U31 -> 5
A32: =orcamento!A32 -> 2.15 | B32: =orcamento!D32 -> TUBO PVC, SERIE NORMAL, ESGOTO PREDIAL, DN 40 MM, FORNECIDO E INSTALADO EM RAMAL DE DESCARGA OU RAMAL DE ESGOTO SANITÁRIO. AF_08/2022 | C32: =orcamento!F32 -> 5 | D32: =orcamento!E32 -> M | E32: =orcamento!K32 -> 30.21 | F32: =ROUND(G32*$E32,2) -> 151.05 | G32: =C32 -> 5 | V32: =F32+H32+J32+L32+N32+P32+R32+T32 -> 151.05 | W32: =G32+I32+K32+M32+O32+Q32+S32+U32 -> 5
A33: =orcamento!A33 -> 2.16 | B33: =orcamento!D33 -> JOELHO 45 GRAUS, PVC, SERIE NORMAL, ESGOTO PREDIAL, DN 40 MM, JUNTA SOLDÁVEL, FORNECIDO E INSTALADO EM RAMAL DE DESCARGA OU RAMAL DE ESGOTO SANITÁRIO. AF_08/2022 | C33: =orcamento!F33 -> 5 | D33: =orcamento!E33 -> UN | E33: =orcamento!K33 -> 15.02 | F33: =ROUND(G33*$E33,2) -> 75.1 | G33: =C33 -> 5 | V33: =F33+H33+J33+L33+N33+P33+R33+T33 -> 75.1 | W33: =G33+I33+K33+M33+O33+Q33+S33+U33 -> 5
A34: =orcamento!A34 -> 2.17 | B34: =orcamento!D34 -> DISJUNTOR TRIPOLAR TIPO DIN, CORRENTE NOMINAL DE 32A - FORNECIMENTO E INSTALAÇÃO. AF_07/2025 | C34: =orcamento!F34 -> 2 | D34: =orcamento!E34 -> UN | E34: =orcamento!K34 -> 103.15 | F34: =ROUND(G34*$E34,2) -> 206.3 | G34: =C34 -> 2 | V34: =F34+H34+J34+L34+N34+P34+R34+T34 -> 206.3 | W34: =G34+I34+K34+M34+O34+Q34+S34+U34 -> 2
... A39: =orcamento!A39 -> 2.22 | B39: =orcamento!D39 -> REATERRO MANUAL DE VALAS, COM PLACA VIBRATÓRIA. AF_08/2023 | C39: =orcamento!F39 -> 3 | D39: =orcamento!E39 -> M3 | E39: =orcamento!K39 -> 30.36 | F39: =ROUND(G39*$E39,2) -> 91.08 | G39: =C39 -> 3 | V39: =F39+H39+J39+L39+N39+P39+R39+T39 -> 91.08 | W39: =G39+I39+K39+M39+O39+Q39+S39+U39 -> 3
A40: =orcamento!A40 -> 3 | B40: =orcamento!D40 -> DEMOLIÇÕES E RETIRADAS
A41: =orcamento!A41 -> 3.1 | B41: =orcamento!D41 -> DEMOLIÇÃO DE PILARES E VIGAS EM CONCRETO ARMADO, DE FORMA MECANIZADA COM MARTELETE, SEM REAPROVEITAMENTO. AF_09/2023 | C41: =orcamento!F41 -> 3 | D41: =orcamento!E41 -> M3 | E41: =orcamento!K41 -> 65.4 | F41: =ROUND(G41*$E41,2) -> 196.2 | G41: =C41 -> 3 | V41: =F41+H41+J41+L41+N41+P41+R41+T41 -> 196.2 | W41: =G41+I41+K41+M41+O41+Q41+S41+U41 -> 3
A42: =orcamento!A42 -> 3.2 | B42: =orcamento!D42 -> DEMOLIÇÃO DE ALVENARIA DE TIJOLO MACIÇO, DE FORMA MANUAL, SEM REAPROVEITAMENTO. AF_09/2023 | C42: =orcamento!F42 -> 10 | D42: =orcamento!E42 -> M3 | E42: =orcamento!K42 -> 149.07 | F42: =ROUND(G42*$E42,2) -> 1490.7 | G42: =C42 -> 10 | V42: =F42+H42+J42+L42+N42+P42+R42+T42 -> 1490.7 | W42: =G42+I42+K42+M42+O42+Q42+S42+U42 -> 10
A43: =orcamento!A43 -> 3.3 | B43: =orcamento!D43 -> ESCAVAÇÃO MANUAL DE VALA. AF_09/2024 | C43: =orcamento!F43 -> 10 | D43: =orcamento!E43 -> M3 | E43: =orcamento!K43 -> 119.72 | F43: =ROUND(G43*$E43,2) -> 1197.2 | G43: =C43 -> 10 | V43: =F43+H43+J43+L43+N43+P43+R43+T43 -> 1197.2 | W43: =G43+I43+K43+M43+O43+Q43+S43+U43 -> 10
A44: =orcamento!A44 -> 3.4 | B44: =orcamento!D44 -> REMOÇÃO DE GRADIL/PORTÃO METALICOS (COM REAPROVEITAMENTO) | C44: =orcamento!F44 -> 10 | D44: =orcamento!E44 -> M2 | E44: =orcamento!K44 -> 33.89 | F44: =ROUND(G44*$E44,2) -> 338.9 | G44: =C44 -> 10 | V44: =F44+H44+J44+L44+N44+P44+R44+T44 -> 338.9 | W44: =G44+I44+K44+M44+O44+Q44+S44+U44 -> 10
A45: =orcamento!A45 -> 3.5 | B45: =orcamento!D45 -> CARGA E TRANSPORTE DE ENTULHO DENTRO DO CANTEIRO | C45: =orcamento!F45 -> 18.2 | D45: =orcamento!E45 -> M3 | E45: =orcamento!K45 -> 30.27 | F45: =ROUND(G45*$E45,2) -> 550.91 | G45: =C45 -> 18.2 | V45: =F45+H45+J45+L45+N45+P45+R45+T45 -> 550.91 | W45: =G45+I45+K45+M45+O45+Q45+S45+U45 -> 18.2
A46: =orcamento!A46 -> 4 | B46: =orcamento!D46 -> VERGAS E ISOLAMENTO TÉRMICO SOBRE A LAJE
A47: =orcamento!A47 -> 4.1 | B47: =orcamento!D47 -> CONTRAVERGA MOLDADA IN LOCO EM CONCRETO, ESPESSURA DE *15* CM. AF_03/2024 | C47: =orcamento!F47 -> 7 | D47: =orcamento!E47 -> M | E47: =orcamento!K47 -> 63.2 | N47: =ROUND(O47*$E47,2) -> 442.4 | O47: =C47 -> 7 | V47: =F47+H47+J47+L47+N47+P47+R47+T47 -> 442.4 | W47: =G47+I47+K47+M47+O47+Q47+S47+U47 -> 7
A48: =orcamento!A48 -> 4.2 | B48: =orcamento!D48 -> VERGA MOLDADA IN LOCO EM CONCRETO, ESPESSURA DE *15* CM. AF_03/2024 | C48: =orcamento!F48 -> 7 | D48: =orcamento!E48 -> M | E48: =orcamento!K48 -> 82.64 | N48: =ROUND(O48*$E48,2) -> 578.48 | O48: =C48 -> 7 | V48: =F48+H48+J48+L48+N48+P48+R48+T48 -> 578.48 | W48: =G48+I48+K48+M48+O48+Q48+S48+U48 -> 7
A49: =orcamento!A49 -> 4.3 | B49: =orcamento!D49 -> ISOLAMENTO TERMOACÚSTICO COM LÃ MINERAL NA SUBCOBERTURA | C49: =orcamento!F49 -> 200 | D49: =orcamento!E49 -> M2 | E49: =orcamento!K49 -> 50.62 | P49: =ROUND(Q49*$E49,2) -> 10124 | Q49: =C49 -> 200 | V49: =F49+H49+J49+L49+N49+P49+R49+T49 -> 10124 | W49: =G49+I49+K49+M49+O49+Q49+S49+U49 -> 200
A50: =orcamento!A50 -> 4.4 | B50: =orcamento!D50 -> TELHAMENTO COM TELHA ONDULADA DE FIBROCIMENTO E = 6 MM, COM RECOBRIMENTO LATERAL DE 1 1/4 DE ONDA PARA TELHADO COM INCLINAÇÃO MÁXIMA DE 10°, COM ATÉ 2 ÁGUAS, INCLUSO IÇAMENTO. AF_07/2019 | C50: =orcamento!F50 -> 200 | D50: =orcamento!E50 -> M2 | E50: =orcamento!K50 -> 65.12 | P50: =ROUND(Q50*$E50,2) -> 13024 | Q50: =C50 -> 200 | V50: =F50+H50+J50+L50+N50+P50+R50+T50 -> 13024 | W50: =G50+I50+K50+M50+O50+Q50+S50+U50 -> 200
A51: =orcamento!A51 -> 4.5 | B51: =orcamento!D51 -> REMOÇÃO DE TELHAS DE FIBROCIMENTO METÁLICA E CERÂMICA, DE FORMA MANUAL, SEM REAPROVEITAMENTO. AF_09/2023 | C51: =orcamento!F51 -> 200 | D51: =orcamento!E51 -> M2 | E51: =orcamento!K51 -> 4.91 | N51: =ROUND(O51*$E51,2) -> 982 | O51: =C51 -> 200 | V51: =F51+H51+J51+L51+N51+P51+R51+T51 -> 982 | W51: =G51+I51+K51+M51+O51+Q51+S51+U51 -> 200
A52: =orcamento!A52 -> 4.6 | B52: =orcamento!D52 -> CARGA E TRANSPORTE DE ENTULHO DENTRO DO CANTEIRO | C52: =orcamento!F52 -> 10 | D52: =orcamento!E52 -> M3 | E52: =orcamento!K52 -> 30.27 | N52: =ROUND(O52*$E52,2) -> 302.7 | O52: =C52 -> 10 | V52: =F52+H52+J52+L52+N52+P52+R52+T52 -> 302.7 | W52: =G52+I52+K52+M52+O52+Q52+S52+U52 -> 10
A53: =orcamento!A53 -> 5 | B53: =orcamento!D53 -> TRATAMENTO DE FISSURA ATIVA
A54: =orcamento!A54 -> 5.1 | B54: =orcamento!D54 -> TRATAMENTO DAS FISSURAS/TRINCA DAS PAREDES INTERNAS (DELIMITAÇÃO E APICOAMENTO DA REGIÃO, ABERTURA DE SULCO, LIMPEZA, APLICAÇÃO DE TELA ANTI-FISSURAÇÃO, COLMATAÇÃO E ACABAMENTO) | C54: =orcamento!F54 -> 45 | D54: =orcamento!E54 -> M | E54: =orcamento!K54 -> 84.57 | R54: =ROUND(S54*$E54,2) -> 3805.65 | S54: =C54 -> 45 | V54: =F54+H54+J54+L54+N54+P54+R54+T54 -> 3805.65 | W54: =G54+I54+K54+M54+O54+Q54+S54+U54 -> 45
A55: =orcamento!A55 -> 5.2 | B55: =orcamento!D55 -> EMASSAMENTO COM MASSA LÁTEX, APLICAÇÃO EM PAREDE, UMA DEMÃO, LIXAMENTO MANUAL. AF_04/2023 | C55: =orcamento!F55 -> 45 | D55: =orcamento!E55 -> M2 | E55: =orcamento!K55 -> 16.13 | R55: =ROUND(S55*$E55,2) -> 725.85 | S55: =C55 -> 45 | V55: =F55+H55+J55+L55+N55+P55+R55+T55 -> 725.85 | W55: =G55+I55+K55+M55+O55+Q55+S55+U55 -> 45
A56: =orcamento!A56 -> 5.3 | B56: =orcamento!D56 -> CARGA E TRANSPORTE DE ENTULHO DENTRO DO CANTEIRO | C56: =orcamento!F56 -> 0.25 | D56: =orcamento!E56 -> M3 | E56: =orcamento!K56 -> 30.27 | R56: =ROUND(S56*$E56,2) -> 7.57 | S56: =C56 -> 0.25 | V56: =F56+H56+J56+L56+N56+P56+R56+T56 -> 7.57 | W56: =G56+I56+K56+M56+O56+Q56+S56+U56 -> 0.25
A57: =orcamento!A57 -> 6 | B57: =orcamento!D57 -> RECUPERAÇÃO OU SUBSTITUIÇÃO DE ELEMENTOS ESTRUTURAIS
A58: =orcamento!A58 -> 6.1 | B58: =orcamento!D58 -> LIMPEZA MANUAL DE VEGETAÇÃO EM TERRENO COM ENXADA. AF_03/2024 | C58: =orcamento!F58 -> 100 | D58: =orcamento!E58 -> M2 | E58: =orcamento!K58 -> 6.45 | F58: =ROUND(G58*$E58,2) -> 645 | G58: =C58 -> 100 | V58: =F58+H58+J58+L58+N58+P58+R58+T58 -> 645 | W58: =G58+I58+K58+M58+O58+Q58+S58+U58 -> 100
A59: =orcamento!A59 -> 6.2 | B59: =orcamento!D59 -> REMOÇÃO DE CERCAS E MOURÕES, DE FORMA MANUAL, SEM REAPROVEITAMENTO. AF_09/2023 | C59: =orcamento!F59 -> 10 | D59: =orcamento!E59 -> M | E59: =orcamento!K59 -> 12.75 | F59: =ROUND(G59*$E59,2) -> 127.5 | G59: =C59 -> 10 | V59: =F59+H59+J59+L59+N59+P59+R59+T59 -> 127.5 | W59: =G59+I59+K59+M59+O59+Q59+S59+U59 -> 10
A60: =orcamento!A60 -> 6.3 | B60: =orcamento!D60 -> DEMOLIÇÃO DE ALVENARIA DE TIJOLO MACIÇO, DE FORMA MANUAL, SEM REAPROVEITAMENTO. AF_09/2023 | C60: =orcamento!F60 -> 40 | D60: =orcamento!E60 -> M3 | E60: =orcamento!K60 -> 149.07 | F60: =ROUND(G60*$E60,2) -> 5962.8 | G60: =C60 -> 40 | V60: =F60+H60+J60+L60+N60+P60+R60+T60 -> 5962.8 | W60: =G60+I60+K60+M60+O60+Q60+S60+U60 -> 40
A61: =orcamento!A61 -> 6.4 | B61: =orcamento!D61 -> DEMOLIÇÃO DE PILARES E VIGAS EM CONCRETO ARMADO, DE FORMA MECANIZADA COM MARTELETE, SEM REAPROVEITAMENTO. AF_09/2023 | C61: =orcamento!F61 -> 8 | D61: =orcamento!E61 -> M3 | E61: =orcamento!K61 -> 65.4 | F61: =ROUND(G61*$E61,2) -> 523.2 | G61: =C61 -> 8 | V61: =F61+H61+J61+L61+N61+P61+R61+T61 -> 523.2 | W61: =G61+I61+K61+M61+O61+Q61+S61+U61 -> 8
A62: =orcamento!A62 -> 6.5 | B62: =orcamento!D62 -> ARMAÇÃO DE BLOCO, SAPATA ISOLADA, VIGA BALDRAME E SAPATA CORRIDA UTILIZANDO AÇO CA-50 DE 12,5 MM - MONTAGEM. AF_01/2024 | C62: =orcamento!F62 -> 9 | D62: =orcamento!E62 -> KG | E62: =orcamento!K62 -> 13.95 | H62: =ROUND(I62*$E62,2) -> 125.55 | I62: =C62 -> 9 | V62: =F62+H62+J62+L62+N62+P62+R62+T62 -> 125.55 | W62: =G62+I62+K62+M62+O62+Q62+S62+U62 -> 9
A63: =orcamento!A63 -> 6.6 | B63: =orcamento!D63 -> ARMAÇÃO DE SAPATA ISOLADA, VIGA BALDRAME E SAPATA CORRIDA UTILIZANDO AÇO CA-60 DE 5 MM - MONTAGEM. AF_01/2024 | C63: =orcamento!F63 -> 35 | D63: =orcamento!E63 -> KG | E63: =orcamento!K63 -> 21.68 | H63: =ROUND(I63*$E63,2) -> 758.8 | I63: =C63 -> 35 | V63: =F63+H63+J63+L63+N63+P63+R63+T63 -> 758.8 | W63: =G63+I63+K63+M63+O63+Q63+S63+U63 -> 35
A64: =orcamento!A64 -> 6.7 | B64: =orcamento!D64 -> ARMAÇÃO DE SAPATA ISOLADA, VIGA BALDRAME E SAPATA CORRIDA UTILIZANDO AÇO CA-50 DE 10 MM - MONTAGEM. AF_01/2024 | C64: =orcamento!F64 -> 106 | D64: =orcamento!E64 -> KG | E64: =orcamento!K64 -> 16.49 | H64: =ROUND(I64*$E64,2) -> 1747.94 | I64: =C64 -> 106 | V64: =F64+H64+J64+L64+N64+P64+R64+T64 -> 1747.94 | W64: =G64+I64+K64+M64+O64+Q64+S64+U64 -> 106
A65: =orcamento!A65 -> 6.8 | B65: =orcamento!D65 -> IMPERMEABILIZAÇÃO DE SUPERFÍCIE COM ARGAMASSA POLIMÉRICA / MEMBRANA ACRÍLICA, 3 DEMÃOS. AF_09/2023 | C65: =orcamento!F65 -> 5.36 | D65: =orcamento!E65 -> M2 | E65: =orcamento!K65 -> 41.6 | H65: =ROUND(I65*$E65,2) -> 222.98 | I65: =C65 -> 5.36 | V65: =F65+H65+J65+L65+N65+P65+R65+T65 -> 222.98 | W65: =G65+I65+K65+M65+O65+Q65+S65+U65 -> 5.36
A66: =orcamento!A66 -> 6.9 | B66: =orcamento!D66 -> CONCRETAGEM DE PILARES, FCK = 25 MPA, COM USO DE BOMBA - LANÇAMENTO, ADENSAMENTO E ACABAMENTO. AF_02/2022_PS | C66: =orcamento!F66 -> 4 | D66: =orcamento!E66 -> M3 | E66: =orcamento!K66 -> 912.21 | L66: =ROUND(M66*$E66,2) -> 3648.84 | M66: =C66 -> 4 | V66: =F66+H66+J66+L66+N66+P66+R66+T66 -> 3648.84 | W66: =G66+I66+K66+M66+O66+Q66+S66+U66 -> 4
A67: =orcamento!A67 -> 6.10 | B67: =orcamento!D67 -> ALVENARIA DE VEDAÇÃO DE BLOCOS CERÂMICOS MACIÇOS DE 5X10X20CM (ESPESSURA 10CM) E ARGAMASSA DE ASSENTAMENTO COM PREPARO EM BETONEIRA. AF_05/2020 | C67: =orcamento!F67 -> 40.2 | D67: =orcamento!E67 -> M2 | E67: =orcamento!K67 -> 179.07 | L67: =ROUND(M67*$E67,2) -> 7198.61 | M67: =C67 -> 40.2 | V67: =F67+H67+J67+L67+N67+P67+R67+T67 -> 7198.61 | W67: =G67+I67+K67+M67+O67+Q67+S67+U67 -> 40.2
A68: =orcamento!A68 -> 6.11 | B68: =orcamento!D68 -> EMBOÇO OU MASSA ÚNICA EM ARGAMASSA TRAÇO 1:2:8, PREPARO MANUAL, APLICADA MANUALMENTE EM PANOS CEGOS DE FACHADA (SEM PRESENÇA DE VÃOS), ESPESSURA DE 25 MM. AF_09/2022 | C68: =orcamento!F68 -> 40.2 | D68: =orcamento!E68 -> M2 | E68: =orcamento!K68 -> 58.66 | L68: =ROUND(M68*$E68,2) -> 2358.13 | M68: =C68 -> 40.2 | V68: =F68+H68+J68+L68+N68+P68+R68+T68 -> 2358.13 | W68: =G68+I68+K68+M68+O68+Q68+S68+U68 -> 40.2
A69: =orcamento!A69 -> 6.12 | B69: =orcamento!D69 -> CHAPISCO APLICADO EM ALVENARIA (COM PRESENÇA DE VÃOS) E ESTRUTURAS DE CONCRETO DE FACHADA, COM COLHER DE PEDREIRO. ARGAMASSA TRAÇO 1:3 COM PREPARO EM BETONEIRA 400L. AF_10/2022 | C69: =orcamento!F69 -> 40.2 | D69: =orcamento!E69 -> M2 | E69: =orcamento!K69 -> 10.89 | L69: =ROUND(M69*$E69,2) -> 437.78 | M69: =C69 -> 40.2 | V69: =F69+H69+J69+L69+N69+P69+R69+T69 -> 437.78 | W69: =G69+I69+K69+M69+O69+Q69+S69+U69 -> 40.2
A70: =orcamento!A70 -> 6.13 | B70: =orcamento!D70 -> EMBOÇO OU MASSA ÚNICA EM ARGAMASSA TRAÇO 1:2:8, PREPARO MECÂNICA COM BETONEIRA 400 L, APLICADA COM PROJETOR TIPO CANEQUINHA EM PANOS DE FACHADA SEM PRESENÇA DE VÃOS, ESPESSURA DE 35 MM, ACESSO POR BALANCIM MANUAL. AF_08/2022 | C70: =orcamento!F70 -> 40.2 | D70: =orcamento!E70 -> M2 | E70: =orcamento!K70 -> 81.1 | L70: =ROUND(M70*$E70,2) -> 3260.22 | M70: =C70 -> 40.2 | V70: =F70+H70+J70+L70+N70+P70+R70+T70 -> 3260.22 | W70: =G70+I70+K70+M70+O70+Q70+S70+U70 -> 40.2
A71: =orcamento!A71 -> 6.14 | B71: =orcamento!D71 -> RECUPERAÇÃO E RECOLOCAÇÃO DE GRADIL/PORTÃO METALICOS (MATERIAL REAPROVEITADO) | C71: =orcamento!F71 -> 10 | D71: =orcamento!E71 -> M2 | E71: =orcamento!K71 -> 185.16 | N71: =ROUND(O71*$E71,2) -> 1851.6 | O71: =C71 -> 10 | V71: =F71+H71+J71+L71+N71+P71+R71+T71 -> 1851.6 | W71: =G71+I71+K71+M71+O71+Q71+S71+U71 -> 10
A72: =orcamento!A72 -> 6.15 | B72: =orcamento!D72 -> FUNDO SELADOR ACRÍLICO, APLICAÇÃO MANUAL EM PAREDE, UMA DEMÃO. AF_04/2023 | C72: =orcamento!F72 -> 40.2 | D72: =orcamento!E72 -> M2 | E72: =orcamento!K72 -> 5 | N72: =ROUND(O72*$E72,2) -> 201 | O72: =C72 -> 40.2 | V72: =F72+H72+J72+L72+N72+P72+R72+T72 -> 201 | W72: =G72+I72+K72+M72+O72+Q72+S72+U72 -> 40.2
A73: =orcamento!A73 -> 6.16 | B73: =orcamento!D73 -> PINTURA LÁTEX ACRÍLICA PREMIUM, APLICAÇÃO MANUAL EM PAREDES, DUAS DEMÃOS. AF_04/2023 | C73: =orcamento!F73 -> 40.2 | D73: =orcamento!E73 -> M2 | E73: =orcamento!K73 -> 17.79 | N73: =ROUND(O73*$E73,2) -> 715.16 | O73: =C73 -> 40.2 | V73: =F73+H73+J73+L73+N73+P73+R73+T73 -> 715.16 | W73: =G73+I73+K73+M73+O73+Q73+S73+U73 -> 40.2
A74: =orcamento!A74 -> 6.17 | B74: =orcamento!D74 -> ESTACA MEGA | C74: =orcamento!F74 -> 42 | D74: =orcamento!E74 -> M | E74: =orcamento!K74 -> 1973.5 | H74: =ROUND(I74*$E74,2) -> 41443.5 | I74: =C74/2 -> 21 | J74: =ROUND(K74*$E74,2) -> 41443.5 | K74: =C74/2 -> 21 | V74: =F74+H74+J74+L74+N74+P74+R74+T74 -> 82887 | W74: =G74+I74+K74+M74+O74+Q74+S74+U74 -> 42
A75: =orcamento!A75 -> 6.18 | B75: =orcamento!D75 -> ESCAVAÇÃO MANUAL DE VALA. AF_09/2024 | C75: =orcamento!F75 -> 13 | D75: =orcamento!E75 -> M3 | E75: =orcamento!K75 -> 119.72 | F75: =ROUND(G75*$E75,2) -> 1556.36 | G75: =C75 -> 13 | V75: =F75+H75+J75+L75+N75+P75+R75+T75 -> 1556.36 | W75: =G75+I75+K75+M75+O75+Q75+S75+U75 -> 13
A76: =orcamento!A76 -> 6.19 | B76: =orcamento!D76 -> REATERRO MANUAL DE VALAS, COM PLACA VIBRATÓRIA. AF_08/2023 | C76: =orcamento!F76 -> 9 | D76: =orcamento!E76 -> M3 | E76: =orcamento!K76 -> 30.36 | L76: =ROUND(M76*$E76,2) -> 273.24 | M76: =C76 -> 9 | V76: =F76+H76+J76+L76+N76+P76+R76+T76 -> 273.24 | W76: =G76+I76+K76+M76+O76+Q76+S76+U76 -> 9
A77: =orcamento!A77 -> 6.20 | B77: =orcamento!D77 -> CARGA E TRANSPORTE DE ENTULHO DENTRO DO CANTEIRO | C77: =orcamento!F77 -> 81.4 | D77: =orcamento!E77 -> M3 | E77: =orcamento!K77 -> 30.27 | F77: =ROUND(G77*$E77,2) -> 2463.98 | G77: =C77 -> 81.4 | V77: =F77+H77+J77+L77+N77+P77+R77+T77 -> 2463.98 | W77: =G77+I77+K77+M77+O77+Q77+S77+U77 -> 81.4
A78: =orcamento!A78 -> 7 | B78: =orcamento!D78 -> SERVIÇOS FINAIS
A79: =orcamento!A79 -> 7.1 | B79: =orcamento!D79 -> LOCAÇÃO CAÇAMBA ESTACIONÁRIA 4 M3 - TRANSPORTE E DESTINAÇÃO FINAL | C79: =orcamento!F79 -> 28 | D79: =orcamento!E79 -> UN | E79: =orcamento!K79 -> 423.29 | F79: =ROUND(G79*$E79,2) -> 2116.45 | G79: 5 | H79: =ROUND(I79*$E79,2) -> 1693.16 | I79: 4 | J79: =ROUND(K79*$E79,2) -> 1269.87 | K79: 3 | L79: =ROUND(M79*$E79,2) -> 1269.87 | M79: 3 | N79: =ROUND(O79*$E79,2) -> 1269.87 | O79: 3 | P79: =ROUND(Q79*$E79,2) -> 1269.87 | Q79: 3 | R79: =ROUND(S79*$E79,2) -> 1269.87 | S79: 3 | T79: =ROUND(U79*$E79,2) -> 1693.16 | U79: 4 | V79: =F79+H79+J79+L79+N79+P79+R79+T79 -> 11852.12 | W79: =G79+I79+K79+M79+O79+Q79+S79+U79 -> 28
A80: =orcamento!A80 -> 7.2 | B80: =orcamento!D80 -> LIMPEZA DE CONTRAPISO COM VASSOURA A SECO. AF_10/2025 | C80: =orcamento!F80 -> 276 | D80: =orcamento!E80 -> M2 | E80: =orcamento!K80 -> 0.86 | T80: =ROUND(U80*$E80,2) -> 237.36 | U80: =C80 -> 276 | V80: =F80+H80+J80+L80+N80+P80+R80+T80 -> 237.36 | W80: =G80+I80+K80+M80+O80+Q80+S80+U80 -> 276
A81: =orcamento!A81 -> 7.3 | B81: =orcamento!D81 -> CARGA E TRANSPORTE DE CONTAINER | C81: =orcamento!F81 -> 2 | D81: =orcamento!E81 -> UN | E81: =orcamento!K81 -> 787.17 | T81: =ROUND(U81*$E81,2) -> 1574.34 | U81: =C81 -> 2 | V81: =F81+H81+J81+L81+N81+P81+R81+T81 -> 1574.34 | W81: =G81+I81+K81+M81+O81+Q81+S81+U81 -> 2
A82: =orcamento!A82 -> 7.4 | B82: =orcamento!D82 -> DESMONTAGEM SERVIÇOS PROVISÓRIOS | C82: =orcamento!F82 -> 1 | D82: =orcamento!E82 -> UN | E82: =orcamento!K82 -> 1937.01 | T82: =ROUND(U82*$E82,2) -> 1937.01 | U82: =C82 -> 1 | V82: =F82+H82+J82+L82+N82+P82+R82+T82 -> 1937.01 | W82: =G82+I82+K82+M82+O82+Q82+S82+U82 -> 1
B83: Total por Mês | F83: =SUM(F10:F82) -> 111014.49 | H83: =SUM(H10:H82) -> 86574.27 | J83: =SUM(J10:J82) -> 81780.01 | L83: =SUM(L10:L82) -> 45387.75 | N83: =SUM(N10:N82) -> 28737.17 | P83: =SUM(P10:P82) -> 54390.32 | R83: =SUM(R10:R82) -> 28202.9 | T83: =SUM(T10:T82) -> 33898.63 | V83: =SUM(V10:V82) -> 469985.54
F84: =F83/$V$83 -> 0.23620831 | H84: =H83/$V$83 -> 0.18420624 | J84: =J83/$V$83 -> 0.17400537 | L84: =L83/$V$83 -> 0.096572652 | N84: =N83/$V$83 -> 0.061144796 | P84: =P83/$V$83 -> 0.11572765 | R84: =R83/$V$83 -> 0.060008016 | T84: =T83/$V$83 -> 0.072126964
B85: Total Acumulado | F85: =F83 -> 111014.49 | H85: =H83+F85 -> 197588.76 | J85: =J83+H85 -> 279368.77 | L85: =L83+J85 -> 324756.52 | N85: =N83+L85 -> 353493.69 | P85: =P83+N85 -> 407884.01 | R85: =R83+P85 -> 436086.91 | T85: =T83+R85 -> 469985.54
F86: =F85/$V$83 -> 0.23620831 | H86: =H85/$V$83 -> 0.42041455 | J86: =J85/$V$83 -> 0.59441993 | L86: =L85/$V$83 -> 0.69099258 | N86: =N85/$V$83 -> 0.75213737 | P86: =P85/$V$83 -> 0.86786502 | R86: =R85/$V$83 -> 0.92787304 | T86: =T85/$V$83 -> 1

Sheet curva ABC
A1: PREFEITURA MUNICIPAL DE PORTO ALEGRE
A2: SECRETARIA MUNICIPAL DE OBRAS E INFRAESTRUTURA
A3: =orcamento!D3 -> Objeto: Reforço de Fundação em Estaca Mega - Unidade de Saúde Cruzeiro do Sul
A4: =orcamento!D4 -> Endereço: Rua Dona Malvina Acesso A, nº 195, Santa Teresa, Porto Alegre, RS
A6: CURVA ABC
A8: DESCRIÇÃO SERVIÇO | B8: PREÇO TOTAL | C8: % SOBRE TOTAL | D8: % ACUMULADO
A9: EQUIPE DE ADMINISTRAÇÃO LOCAL | B9: 151569.85 | C9: =B9/$B$66 -> 0.32249896 | D9: =C9 -> 0.32249896
A10: ESTACA MEGA | B10: 82887 | C10: =B10/$B$66 -> 0.17636075 | D10: =C10+D9 -> 0.49885971
A11: SERVIÇO DE VIGIÂNCIA NOTURNA (DIÁRIA) E DIURNA (FINAIS DE SEMANA) | B11: 82452 | C11: =B11/$B$66 -> 0.17543518 | D11: =C11+D10 -> 0.67429489
A12: TAPUME COM COMPENSADO DE MADEIRA. AF_03/2024 | B12: 27564.88 | C12: =B12/$B$66 -> 0.058650485 | D12: =C12+D11 -> 0.73294538
A13: LOCACAO DE CONTAINER 2,30 X 4,30 M, ALT. 2,50 M, P/ SANITARIO, C/ 5 BACIAS, 1 LAVATORIO E 4 MICTORIOS (NAO INCLUI MOBILIZACAO/DESMOBILIZACAO) | B13: 13303.44 | C13: =B13/$B$66 -> 0.028306062 | D13: =C13+D12 -> 0.76125144
A14: TELHAMENTO COM TELHA ONDULADA DE FIBROCIMENTO E = 6 MM, COM RECOBRIMENTO LATERAL DE 1 1/4 DE ONDA PARA TELHADO COM INCLINAÇÃO MÁXIMA DE 10°, COM ATÉ 2 ÁGUAS, INCLUSO IÇAMENTO. AF_07/2019 | B14: 13024 | C14: =B14/$B$66 -> 0.027711491 | D14: =C14+D13 -> 0.78896293
A15: LOCAÇÃO CAÇAMBA ESTACIONÁRIA 4 M3 - TRANSPORTE E DESTINAÇÃO FINAL | B15: 11852.12 | C15: =B15/$B$66 -> 0.025218052 | D15: =C15+D14 -> 0.81418099
A16: LOCACAO DE CONTAINER 2,30 X 6,00 M, ALT. 2,50 M, COM 1 SANITARIO, PARA ESCRITORIO, COMPLETO, SEM DIVISORIAS INTERNAS (NAO INCLUI MOBILIZACAO/DESMOBILIZACAO) | B16: 10642.72 | C16: =B16/$B$66 -> 0.022644782 | D16: =C16+D15 -> 0.83682577
A17: ISOLAMENTO TERMOACÚSTICO COM LÃ MINERAL NA SUBCOBERTURA | B17: 10124 | C17: =B17/$B$66 -> 0.021541088 | D17: =C17+D16 -> 0.85836686
A18: DEMOLIÇÃO DE ALVENARIA DE TIJOLO MACIÇO, DE FORMA MANUAL, SEM REAPROVEITAMENTO. AF_09/2023 | B18: 7453.5 | C18: =B18/$B$66 -> 0.015858999 | D18: =C18+D17 -> 0.87422585
A19: ALVENARIA DE VEDAÇÃO DE BLOCOS CERÂMICOS MACIÇOS DE 5X10X20CM (ESPESSURA 10CM) E ARGAMASSA DE ASSENTAMENTO COM PREPARO EM BETONEIRA. AF_05/2020 | B19: 7198.61 | C19: =B19/$B$66 -> 0.015316663 | D19: =C19+D18 -> 0.88954252
A20: PLACA DE OBRA EM CHAPA GALVANIZADA *N. 22*, ADESIVADA, INCLUSO MADEIRAMENTO E INSTALAÇÃO | B20: 3988.14 | C20: =B20/$B$66 -> 0.0084856653 | D20: =C20+D19 -> 0.89802818
A21: TRATAMENTO DAS FISSURAS/TRINCA DAS PAREDES INTERNAS (DELIMITAÇÃO E APICOAMENTO DA REGIÃO, ABERTURA DE SULCO, LIMPEZA, APLICAÇÃO DE TELA ANTI-FISSURAÇÃO, COLMATAÇÃO E ACABAMENTO) | B21: 3805.65 | C21: =B21/$B$66 -> 0.0080973768 | D21: =C21+D20 -> 0.90612556
... A65: JOELHO 45 GRAUS, PVC, SERIE NORMAL, ESGOTO PREDIAL, DN 40 MM, JUNTA SOLDÁVEL, FORNECIDO E INSTALADO EM RAMAL DE DESCARGA OU RAMAL DE ESGOTO SANITÁRIO. AF_08/2022 | B65: 75.1 | C65: =B65/$B$66 -> 0.00015979215 | D65: =C65+D64 -> 1
A66: TOTAL | B66: =SUM(B9:B65) -> 469985.54

Sheet BDI
A1: PARCELAS | B1: EDIFICAÇÕES
B2: BDI INTEGRAL | C2: BDI DIFERENCIADO
A3: (AC) - Administraçã o Central | B3: 0.0532 | C3: 0.0266
A4: (S) + (G) - Seguro e Garantia | B4: 0.008 | C4: 0.0039
A5: (R) - Risco | B5: 0.0127 | C5: 0.007
A6: (DF) - Despesas Financeiras | B6: 0.0187 | C6: 0.0187
A7: (L) - Lucro | B7: 0.074 | C7: 0.043
A8: Impostos (I= I1+I2+I3):
A9: (I1) - PIS | B9: 0.0065 | C9: 0.0065
A10: (I2 ) - COFINS | B10: 0.03 | C10: 0.03
A11: (I3 ) - ISSQN | B11: 0.025 | C11: 0.025
A12: (I4 ) - Contribuição Previdenciária (CPRB) | B12: 0.027 | C12: 0.027
A13: BDI | B13: =ROUND((((1+(B3+B4+B5))*(1+B6)*(1+B7))/(1-(B9+B10+B11+B12))-1),4) -> 0.289 | C13: =ROUNDDOWN((((1+(C3+C4+C5))*(1+C6)*(1+C7))/(1-(C9+C10+C11+C12))-1),4) -> 0.2093
A14: Fonte: Decreto 23.379/2025 | B14: BDI = ( 1 + ( AC + S + G + R ) ) (1 + DF) ( 1+ L) - 1
B15: ( 1 - l1 + l2 + l3 + l4 )

Sheet encargos
A1: TABELA DE ENCARGOS SOCIAIS
A2: CÓD. | B2: DESCRIÇÃO | C2: =dados!B10 -> Desonerado
A3: GRUPO A: ENCARGOS BÁSICOS PREVIDENCIÁRIOS | C3: Horista | D3: Mensalista
A4: A1 | B4: INSS | C4: 0.1 | D4: 0.1
A5: A2 | B5: SESI | C5: 0.015 | D5: 0.015
A6: A3 | B6: SENAI | C6: 0.01 | D6: 0.01
A7: A4 | B7: INCRA | C7: 0.002 | D7: 0.002
A8: A5 | B8: SEBRAE | C8: 0.006 | D8: 0.006
A9: A6 | B9: SALÁRIO-EDUCAÇÃO | C9: 0.025 | D9: 0.025
A10: A7 | B10: SEGURO-ACIDENTE | C10: 0.03 | D10: 0.03
A11: A8 | B11: FGTS | C11: 0.08 | D11: 0.08
A12: A9 | B12: SECONDI | C12: 0 | D12: 0
A13: TOTAL GRUPO A | C13: =SUM(C4:C12) -> 0.268 | D13: =SUM(D4:D12) -> 0.268
A14: GRUPO B: ENCARGOS QUE RECEBEM INCIDÊNCIA DE A
A15: B1 | B15: REPOUSO SEMANAL REMUNERADO | C15: 0.1793 | D15: 0
A16: B2 | B16: FERIADOS | C16: 0.0424 | D16: 0
A17: B3 | B17: AUXÍLIO-ENFERMIDADE | C17: 0.0085 | D17: 0.0065
A18: B4 | B18: 13º SALÁRIO | C18: 0.1096 | D18: 0.0833
A19: B5 | B19: LICENÇA-PATERNIDADE | C19: 0.0007 | D19: 0.0005
A20: B6 | B20: FALTAS JUSTIFICADAS | C20: 0.0073 | D20: 0.0056
A21: B7 | B21: DIAS DE CHUVAS | C21: 0.0153 | D21: 0
A22: B8 | B22: ACIDENTES DE TRABALHO | C22: 0.001 | D22: 0.0007
A23: B9 | B23: FÉRIAS | C23: 0.1061 | D23: 0.0806
A24: B10 | B24: SALARIO MATERNIDADE | C24: 0.0003 | D24: 0.0003
A25: TOTAL GRUPO B | C25: =SUM(C15:C24) -> 0.4705 | D25: =SUM(D15:D24) -> 0.1775
A26: GRUPO C: ENCARGOS QUE NÃO RECEBEM A INCIDÊNCIA DE A
A27: C1 | B27: AVISO PRÉVIO INDENIZADO | C27: 0.0457 | D27: 0.0347
A28: C2 | B28: AVISO PRÉVIO TRABALHADO | C28: 0.0011 | D28: 0.0008
A29: C3 | B29: FÉRIAS INDENIZADAS + 1/3 | C29: 0.0346 | D29: 0.0263
A30: C4 | B30: DEPOSITO POR DESPEDIDA INJUSTA | C30: 0.0275 | D30: 0.0209
A31: C5 | B31: INDENIZAÇÃO ADICIONAL | C31: 0.0038 | D31: 0.0029
A32: TOTAL GRUPO C | C32: =SUM(C27:C31) -> 0.1127 | D32: =SUM(D27:D31) -> 0.0856
A33: GRUPO D: INCIDÊNCIA DE ENCARGOS
A34: D1 | B34: REINCIDÊNCIA DE A SOBRE B | C34: =ROUND(C13*(C25-C18)+C18*(C13-C4),4) -> 0.1151 | D34: =ROUND(D13*(D25-D18)+D18*(D13-D4),4) -> 0.0392
A35: D2 | B35: REINCIDÊNCIA DE A SOBRE C2 + REINCIDÊNCIA DE FGTS SOBRE C1 | C35: =ROUND((C13*C28)+(C11*C27),4) -> 0.004 | D35: =ROUND((D13*D28)+(D11*D27),4) -> 0.003
A36: TOTAL GRUPO D | C36: =SUM(C34:C35) -> 0.1191 | D36: =SUM(D34:D35) -> 0.0422
B37: TOTAL GERAL A + B + C + D | C37: =SUM(C13,C25,C32,C36) -> 0.9703 | D37: =SUM(D13,D25,D32,D36) -> 0.5733
B38: Fonte: SINAPI

Sheet SINAPI-comp
A1: SINAPI - Sistema Nacional de Pesquisa de Custos e Índices da Construção Civil
A2: RELATÓRIO DE CUSTOS DE COMPOSIÇÕES - ENCARGOS SOCIAIS COM DESONERAÇÃO
A3: Mês de Referência: | B3: 01/2026 | D3: Encargos sociais sobre a mão de obra:
A4: Data de emissão: | B4: 10/02/2026 | D4: (COM DESONERAÇÃO) | E4: RS
D5: Localidade | E5: PORTO ALEGRE
A6: Observação: | B6: %AS (porcentagem Atribuído São Paulo) corresponde a porcentagem do custo total da | D6: Horista | E6: 0.9612
B7: composição que foi obtida utilizando preços de insumos de São Paulo por indisponibilidade | D7: Mensalista | E7: 0.5667
B8: dos preços de insumos necessários à composição no estado em questão. Custo zerado (hífen)
B9: indica que pelo menos um dos itens da composição não tem custo/preço. | E9: RS
A10: Grupo | B10: Código da Composição | C10: Descrição | D10: Unidade | E10: Custo (R$) | F10: %AS | G10: % de MO | H10: R$ de MAT+EQ
B11: 104658 | C11: PISO PODOTÁTIL DE ALERTA OU DIRECIONAL, DE CONCRETO, ASSENTADO SOBRE ARGAMASSA. AF_03/2024 | D11: M2 | E11: 153.18 | F11: 0 | G11: =VLOOKUP(B11,'SINAPI-%MO'!B:E,4,0) -> 0.3134 | H11: =IF(E11>0,TRUNC(E11*(1-G11),2),"") -> 105.17
B12: 105002 | C12: RAMPA DE ACESSIBILIDADE EM CONCRETO MOLDADO IN LOCO, EM CALÇADA NOVA COM LARGURA MAIOR OU IGUAL À 3,00 M, FCK 25MPA, COM PISO PODOTÁTIL. AF_03/2024 | D12: UN | E12: 740.55 | F12: 0 | G12: =VLOOKUP(B12,'SINAPI-%MO'!B:E,4,0) -> 0.4864 | H12: =IF(E12>0,TRUNC(E12*(1-G12),2),"") -> 380.34
B13: 105004 | C13: RAMPA DE ACESSIBILIDADE EM CONCRETO MOLDADO IN LOCO, EM CALÇADA NOVA COM LARGURA MENOR À 3,00 M, FCK 25MPA, COM PISO PODOTÁTIL. AF_03/2024 | D13: M2 | E13: 127.17 | F13: 0 | G13: =VLOOKUP(B13,'SINAPI-%MO'!B:E,4,0) -> 0.4906 | H13: =IF(E13>0,TRUNC(E13*(1-G13),2),"") -> 64.78
B14: 105003 | C14: RAMPA DE ACESSIBILIDADE EM CONCRETO MOLDADO IN LOCO, EM CALÇADA PRÉ EXISTENTE COM LARGURA MAIOR OU IGUAL À 3,00 M, FCK 25MPA, COM PISO PODOTÁTIL. AF_03/2024 | D14: UN | E14: 1222.11 | F14: 0.0519 | G14: =VLOOKUP(B14,'SINAPI-%MO'!B:E,4,0) -> 0.6075 | H14: =IF(E14>0,TRUNC(E14*(1-G14),2),"") -> 479.67
B15: 105005 | C15: RAMPA DE ACESSIBILIDADE EM CONCRETO MOLDADO IN LOCO, EM CALÇADA PRÉ EXISTENTE COM LARGURA MENOR À 3,00 M, FCK 25MPA, COM PISO PODOTÁTIL. AF_03/2024 | D15: M2 | E15: 216.33 | F15: 0.0542 | G15: =VLOOKUP(B15,'SINAPI-%MO'!B:E,4,0) -> 0.6156 | H15: =IF(E15>0,TRUNC(E15*(1-G15),2),"") -> 83.15
B16: 105006 | C16: RAMPA DE ACESSIBILIDADE EM CONCRETO PRÉ MOLDADO, EM CALÇADA NOVA COM LARGURA MAIOR OU IGUAL À 3,00 M, FCK 25MPA, COM PISO PODOTÁTIL. AF_03/2024 | D16: UN | E16: 0 | G16: =VLOOKUP(B16,'SINAPI-%MO'!B:E,4,0) -> #N/A | H16: =IF(E16>0,TRUNC(E16*(1-G16),2),"")
B17: 104999 | C17: RAMPA DE ACESSIBILIDADE EM CONCRETO PRÉ MOLDADO, EM CALÇADA PRÉ EXISTENTE COM LARGURA MAIOR OU IGUAL À 3,00 M, FCK 25MPA, COM PISO PODOTÁTIL. AF_03/2024 | D17: UN | E17: 0 | G17: =VLOOKUP(B17,'SINAPI-%MO'!B:E,4,0) -> #N/A | H17: =IF(E17>0,TRUNC(E17*(1-G17),2),"")
B18: 105000 | C18: RAMPA DE ACESSIBILIDADE PARA ACESSO A EDIFICAÇÕES COM INCLINAÇÃO DE 8,33% EM CONCRETO MOLDADO IN LOCO, COM LARGURA DE 1,20M, FCK 25MPA, NÃO ARMADA, COM JUNTA A CADA 2M COM CORTE À SECO. AF_03/2024 | D18: M | E18: 1192.91 | F18: 0.0032 | G18: =VLOOKUP(B18,'SINAPI-%MO'!B:E,4,0) -> 0.3378 | H18: =IF(E18>0,TRUNC(E18*(1-G18),2),"") -> 789.94
B19: 105001 | C19: RAMPA DE ACESSIBILIDADE PARA ACESSO A EDIFICAÇÕES COM INCLINAÇÃO DE 8,33% EM CONCRETO MOLDADO IN LOCO, COM LARGURA DE 1,50M, FCK 25MPA, NÃO ARMADA, COM JUNTA A CADA 2M COM CORTE À SECO. AF_03/2024 | D19: M | E19: 1225.89 | F19: 0.0031 | G19: =VLOOKUP(B19,'SINAPI-%MO'!B:E,4,0) -> 0.3334 | H19: =IF(E19>0,TRUNC(E19*(1-G19),2),"") -> 817.17
B20: 89306 | C20: ALVENARIA ESTRUTURAL DE BLOCOS CERÂMICOS 14X19X29, (ESPESSURA DE 14 CM), UTILIZANDO COLHER DE PEDREIRO E ARGAMASSA DE ASSENTAMENTO COM PREPARO EM BETONEIRA. AF_03/2023 | D20: M2 | E20: 99.06 | F20: 0 | G20: =VLOOKUP(B20,'SINAPI-%MO'!B:E,4,0) -> 0.5141 | H20: =IF(E20>0,TRUNC(E20*(1-G20),2),"") -> 48.13
B21: 89307 | C21: ALVENARIA ESTRUTURAL DE BLOCOS CERÂMICOS 14X19X29, (ESPESSURA DE 14 CM), UTILIZANDO COLHER DE PEDREIRO E ARGAMASSA DE ASSENTAMENTO COM PREPARO MANUAL. AF_03/2023 | D21: M2 | E21: 100.88 | F21: 0 | G21: =VLOOKUP(B21,'SINAPI-%MO'!B:E,4,0) -> 0.5244 | H21: =IF(E21>0,TRUNC(E21*(1-G21),2),"") -> 47.97
B22: 89290 | C22: ALVENARIA ESTRUTURAL DE BLOCOS CERÂMICOS 14X19X29, (ESPESSURA DE 14 CM), UTILIZANDO PALHETA E ARGAMASSA DE ASSENTAMENTO COM PREPARO EM BETONEIRA. AF_03/2023 | D22: M2 | E22: 82.36 | F22: 0 | G22: =VLOOKUP(B22,'SINAPI-%MO'!B:E,4,0) -> 0.4443 | H22: =IF(E22>0,TRUNC(E22*(1-G22),2),"") -> 45.76
B23: 89291 | C23: ALVENARIA ESTRUTURAL DE BLOCOS CERÂMICOS 14X19X29, (ESPESSURA DE 14 CM), UTILIZANDO PALHETA E ARGAMASSA DE ASSENTAMENTO COM PREPARO MANUAL. AF_03/2023 | D23: M2 | E23: 83.72 | F23: 0 | G23: =VLOOKUP(B23,'SINAPI-%MO'!B:E,4,0) -> 0.4546 | H23: =IF(E23>0,TRUNC(E23*(1-G23),2),"") -> 45.66
B24: 89298 | C24: ALVENARIA ESTRUTURAL DE BLOCOS CERÂMICOS 14X19X39, (ESPESSURA DE 14 CM), UTILIZANDO COLHER DE PEDREIRO E ARGAMASSA DE ASSENTAMENTO COM PREPARO EM BETONEIRA. AF_03/2023 | D24: M2 | E24: 86.04 | F24: 0 | G24: =VLOOKUP(B24,'SINAPI-%MO'!B:E,4,0) -> 0.44 | H24: =IF(E24>0,TRUNC(E24*(1-G24),2),"") -> 48.18
B25: 89299 | C25: ALVENARIA ESTRUTURAL DE BLOCOS CERÂMICOS 14X19X39, (ESPESSURA DE 14 CM), UTILIZANDO COLHER DE PEDREIRO E ARGAMASSA DE ASSENTAMENTO COM PREPARO MANUAL. AF_03/2023 | D25: M2 | E25: 87.68 | F25: 0 | G25: =VLOOKUP(B25,'SINAPI-%MO'!B:E,4,0) -> 0.4519 | H25: =IF(E25>0,TRUNC(E25*(1-G25),2),"") -> 48.05
B26: 89282 | C26: ALVENARIA ESTRUTURAL DE BLOCOS CERÂMICOS 14X19X39, (ESPESSURA DE 14 CM), UTILIZANDO PALHETA E ARGAMASSA DE ASSENTAMENTO COM PREPARO EM BETONEIRA. AF_03/2023 | D26: M2 | E26: 74.22 | F26: 0 | G26: =VLOOKUP(B26,'SINAPI-%MO'!B:E,4,0) -> 0.3787 | H26: =IF(E26>0,TRUNC(E26*(1-G26),2),"") -> 46.11
B27: 89283 | C27: ALVENARIA ESTRUTURAL DE BLOCOS CERÂMICOS 14X19X39, (ESPESSURA DE 14 CM), UTILIZANDO PALHETA E ARGAMASSA DE ASSENTAMENTO COM PREPARO MANUAL. AF_03/2023 | D27: M2 | E27: 75.44 | F27: 0 | G27: =VLOOKUP(B27,'SINAPI-%MO'!B:E,4,0) -> 0.3901 | H27: =IF(E27>0,TRUNC(E27*(1-G27),2),"") -> 46.01
B28: 89480 | C28: ALVENARIA DE BLOCOS DE CONCRETO ESTRUTURAL 14X19X29 CM (ESPESSURA 14 CM), FBK = 14 MPA, UTILIZANDO COLHER DE PEDREIRO. AF_10/2022 | D28: M2 | E28: 182.79 | F28: 0 | G28: =VLOOKUP(B28,'SINAPI-%MO'!B:E,4,0) -> 0.3314 | H28: =IF(E28>0,TRUNC(E28*(1-G28),2),"") -> 122.21
B29: 89464 | C29: ALVENARIA DE BLOCOS DE CONCRETO ESTRUTURAL 14X19X29 CM (ESPESSURA 14 CM), FBK = 14,0 MPA, UTILIZANDO PALHETA. AF_10/2022 | D29: M2 | E29: 161.92 | F29: 0 | G29: =VLOOKUP(B29,'SINAPI-%MO'!B:E,4,0) -> 0.2643 | H29: =IF(E29>0,TRUNC(E29*(1-G29),2),"") -> 119.12
... B31: 89462 | C31: ALVENARIA DE BLOCOS DE CONCRETO ESTRUTURAL 14X19X29 CM (ESPESSURA 14 CM), FBK = 4,5 MPA, UTILIZANDO PALHETA. AF_10/2022 | D31: M2 | E31: 136.09 | F31: 0 | G31: =VLOOKUP(B31,'SINAPI-%MO'!B:E,4,0) -> 0.2928 | H31: =IF(E31>0,TRUNC(E31*(1-G31),2),"") -> 96.24
B32: 104444 | C32: ALVENARIA DE BLOCOS DE CONCRETO ESTRUTURAL 14X19X29 CM (ESPESSURA 14 CM), FBK = 8 MPA, UTILIZANDO COLHER DE PEDREIRO. AF_10/2022 | D32: M2 | E32: 0 | G32: =VLOOKUP(B32,'SINAPI-%MO'!B:E,4,0) -> #N/A | H32: =IF(E32>0,TRUNC(E32*(1-G32),2),"")
B33: 104442 | C33: ALVENARIA DE BLOCOS DE CONCRETO ESTRUTURAL 14X19X29 CM (ESPESSURA 14 CM), FBK = 8 MPA, UTILIZANDO PALHETA. AF_10/2022 | D33: M2 | E33: 0 | G33: =VLOOKUP(B33,'SINAPI-%MO'!B:E,4,0) -> #N/A | H33: =IF(E33>0,TRUNC(E33*(1-G33),2),"")
B34: 89472 | C34: ALVENARIA DE BLOCOS DE CONCRETO ESTRUTURAL 14X19X39 CM (ESPESSURA 14 CM), FBK = 14 MPA, UTILIZANDO COLHER DE PEDREIRO. AF_10/2022 | D34: M2 | E34: 141.6 | F34: 0 | G34: =VLOOKUP(B34,'SINAPI-%MO'!B:E,4,0) -> 0.2585 | H34: =IF(E34>0,TRUNC(E34*(1-G34),2),"") -> 104.99
B35: 89455 | C35: ALVENARIA DE BLOCOS DE CONCRETO ESTRUTURAL 14X19X39 CM (ESPESSURA 14 CM), FBK = 14 MPA, UTILIZANDO PALHETA. AF_10/2022 | D35: M2 | E35: 128.38 | F35: 0 | G35: =VLOOKUP(B35,'SINAPI-%MO'!B:E,4,0) -> 0.2036 | H35: =IF(E35>0,TRUNC(E35*(1-G35),2),"") -> 102.24
B36: 89470 | C36: ALVENARIA DE BLOCOS DE CONCRETO ESTRUTURAL 14X19X39 CM (ESPESSURA 14 CM), FBK = 4,5 MPA, UTILIZANDO COLHER DE PEDREIRO. AF_10/2022 | D36: M2 | E36: 116.59 | F36: 0 | G36: =VLOOKUP(B36,'SINAPI-%MO'!B:E,4,0) -> 0.2935 | H36: =IF(E36>0,TRUNC(E36*(1-G36),2),"") -> 82.37
B37: 89453 | C37: ALVENARIA DE BLOCOS DE CONCRETO ESTRUTURAL 14X19X39 CM (ESPESSURA 14 CM), FBK = 4,5 MPA, UTILIZANDO PALHETA. AF_10/2022 | D37: M2 | E37: 104.58 | F37: 0 | G37: =VLOOKUP(B37,'SINAPI-%MO'!B:E,4,0) -> 0.2364 | H37: =IF(E37>0,TRUNC(E37*(1-G37),2),"") -> 79.85
B38: 104443 | C38: ALVENARIA DE BLOCOS DE CONCRETO ESTRUTURAL 14X19X39 CM (ESPESSURA 14 CM), FBK = 8 MPA, UTILIZANDO COLHER DE PEDREIRO. AF_10/2022 | D38: M2 | E38: 0 | G38: =VLOOKUP(B38,'SINAPI-%MO'!B:E,4,0) -> #N/A | H38: =IF(E38>0,TRUNC(E38*(1-G38),2),"")
B39: 104441 | C39: ALVENARIA DE BLOCOS DE CONCRETO ESTRUTURAL 14X19X39 CM (ESPESSURA 14 CM), FBK = 8 MPA, UTILIZANDO PALHETA. AF_10/2022 | D39: M2 | E39: 0 | G39: =VLOOKUP(B39,'SINAPI-%MO'!B:E,4,0) -> #N/A | H39: =IF(E39>0,TRUNC(E39*(1-G39),2),"")
B40: 103354 | C40: ALVENARIA DE VEDAÇÃO DE BLOCOS CERÂMICOS FURADOS NA HORIZONTAL DE 11,5X14X24 CM (ESPESSURA 11,5 CM) E ARGAMASSA DE ASSENTAMENTO COM PREPARO EM BETONEIRA. AF_12/2021 | D40: M2 | E40: 90.54 | F40: 0.0064 | G40: =VLOOKUP(B40,'SINAPI-%MO'!B:E,4,0) -> 0.6239 | H40: =IF(E40>0,TRUNC(E40*(1-G40),2),"") -> 34.05
B41: 103355 | C41: ALVENARIA DE VEDAÇÃO DE BLOCOS CERÂMICOS FURADOS NA HORIZONTAL DE 11,5X14X24 CM (ESPESSURA 11,5 CM) E ARGAMASSA DE ASSENTAMENTO COM PREPARO MANUAL. AF_12/2021 | D41: M2 | E41: 91.66 | F41: 0.0063 | G41: =VLOOKUP(B41,'SINAPI-%MO'!B:E,4,0) -> 0.6299 | H41: =IF(E41>0,TRUNC(E41*(1-G41),2),"") -> 33.92
B42: 103330 | C42: ALVENARIA DE VEDAÇÃO DE BLOCOS CERÂMICOS FURADOS NA HORIZONTAL DE 11,5X19X19 CM (ESPESSURA 11,5 CM) E ARGAMASSA DE ASSENTAMENTO COM PREPARO EM BETONEIRA. AF_12/2021 | D42: M2 | E42: 84.04 | F42: 0.0049 | G42: =VLOOKUP(B42,'SINAPI-%MO'!B:E,4,0) -> 0.5856 | H42: =IF(E42>0,TRUNC(E42*(1-G42),2),"") -> 34.82
B43: 103331 | C43: ALVENARIA DE VEDAÇÃO DE BLOCOS CERÂMICOS FURADOS NA HORIZONTAL DE 11,5X19X19 CM (ESPESSURA 11,5 CM) E ARGAMASSA DE ASSENTAMENTO COM PREPARO MANUAL. AF_12/2021 | D43: M2 | E43: 85.1 | F43: 0.0048 | G43: =VLOOKUP(B43,'SINAPI-%MO'!B:E,4,0) -> 0.5921 | H43: =IF(E43>0,TRUNC(E43*(1-G43),2),"") -> 34.71
B44: 103358 | C44: ALVENARIA DE VEDAÇÃO DE BLOCOS CERÂMICOS FURADOS NA HORIZONTAL DE 11,5X19X29 CM (ESPESSURA 11,5 CM) E ARGAMASSA DE ASSENTAMENTO COM PREPARO EM BETONEIRA. AF_12/2021 | D44: M2 | E44: 71.28 | F44: 0.0058 | G44: =VLOOKUP(B44,'SINAPI-%MO'!B:E,4,0) -> 0.5533 | H44: =IF(E44>0,TRUNC(E44*(1-G44),2),"") -> 31.84
B45: 103359 | C45: ALVENARIA DE VEDAÇÃO DE BLOCOS CERÂMICOS FURADOS NA HORIZONTAL DE 11,5X19X29 CM (ESPESSURA 11,5 CM) E ARGAMASSA DE ASSENTAMENTO COM PREPARO MANUAL. AF_12/2021 | D45: M2 | E45: 72.17 | F45: 0.0057 | G45: =VLOOKUP(B45,'SINAPI-%MO'!B:E,4,0) -> 0.5603 | H45: =IF(E45>0,TRUNC(E45*(1-G45),2),"") -> 31.73
B46: 103366 | C46: ALVENARIA DE VEDAÇÃO DE BLOCOS CERÂMICOS FURADOS NA HORIZONTAL DE 11,5X19X39 CM (ESPESSURA 11,5 CM) E ARGAMASSA DE ASSENTAMENTO COM PREPARO EM BETONEIRA. AF_12/2021 | D46: M2 | E46: 62.56 | F46: 0.0066 | G46: =VLOOKUP(B46,'SINAPI-%MO'!B:E,4,0) -> 0.4883 | H46: =IF(E46>0,TRUNC(E46*(1-G46),2),"") -> 32.01
B47: 103367 | C47: ALVENARIA DE VEDAÇÃO DE BLOCOS CERÂMICOS FURADOS NA HORIZONTAL DE 11,5X19X39 CM (ESPESSURA 11,5 CM) E ARGAMASSA DE ASSENTAMENTO COM PREPARO MANUAL. AF_12/2021 | D47: M2 | E47: 63.37 | F47: 0.0065 | G47: =VLOOKUP(B47,'SINAPI-%MO'!B:E,4,0) -> 0.4963 | H47: =IF(E47>0,TRUNC(E47*(1-G47),2),"") -> 31.91
B48: 103360 | C48: ALVENARIA DE VEDAÇÃO DE BLOCOS CERÂMICOS FURADOS NA HORIZONTAL DE 14X19X29 CM (ESPESSURA 14 CM) E ARGAMASSA DE ASSENTAMENTO COM PREPARO EM BETONEIRA. AF_12/2021 | D48: M2 | E48: 83.31 | F48: 0.0049 | G48: =VLOOKUP(B48,'SINAPI-%MO'!B:E,4,0) -> 0.5584 | H48: =IF(E48>0,TRUNC(E48*(1-G48),2),"") -> 36.78
B49: 103361 | C49: ALVENARIA DE VEDAÇÃO DE BLOCOS CERÂMICOS FURADOS NA HORIZONTAL DE 14X19X29 CM (ESPESSURA 14 CM) E ARGAMASSA DE ASSENTAMENTO COM PREPARO MANUAL. AF_12/2021 | D49: M2 | E49: 84.45 | F49: 0.0049 | G49: =VLOOKUP(B49,'SINAPI-%MO'!B:E,4,0) -> 0.5658 | H49: =IF(E49>0,TRUNC(E49*(1-G49),2),"") -> 36.66
B50: 103368 | C50: ALVENARIA DE VEDAÇÃO DE BLOCOS CERÂMICOS FURADOS NA HORIZONTAL DE 14X19X39 CM (ESPESSURA 14 CM) E ARGAMASSA DE ASSENTAMENTO COM PREPARO EM BETONEIRA. AF_12/2021 | D50: M2 | E50: 70.89 | F50: 0.0058 | G50: =VLOOKUP(B50,'SINAPI-%MO'!B:E,4,0) -> 0.5025 | H50: =IF(E50>0,TRUNC(E50*(1-G50),2),"") -> 35.26
B51: 103369 | C51: ALVENARIA DE VEDAÇÃO DE BLOCOS CERÂMICOS FURADOS NA HORIZONTAL DE 14X19X39 CM (ESPESSURA 14 CM) E ARGAMASSA DE ASSENTAMENTO COM PREPARO MANUAL. AF_12/2021 | D51: M2 | E51: 71.91 | F51: 0.0057 | G51: =VLOOKUP(B51,'SINAPI-%MO'!B:E,4,0) -> 0.5112 | H51: =IF(E51>0,TRUNC(E51*(1-G51),2),"") -> 35.14
... B101: 101161 | C101: ALVENARIA DE VEDAÇÃO COM ELEMENTO VAZADO DE CONCRETO (COBOGÓ) DE 7X50X50CM E ARGAMASSA DE ASSENTAMENTO COM PREPARO EM BETONEIRA. AF_05/2020 | D101: M2 | E101: 268.54 | F101: 0 | G101: =VLOOKUP(B101,'SINAPI-%MO'!B:E,4,0) -> 0.3086 | H101: =IF(E101>0,TRUNC(E101*(1-G101),2),"") -> 185.66
B102: 101160 | C102: ALVENARIA DE VEDAÇÃO DE BLOCO DE SOLO-CIMENTO (TIJOLO ECOLÓGICO) DE 7X15X30CM (ESPESSURA 15CM). AF_05/2020 | D102: M2 | E102: 0 | G102: =VLOOKUP(B102,'SINAPI-%MO'!B:E,4,0) -> #N/A | H102: =IF(E102>0,TRUNC(E102*(1-G102),2),"")
B103: 101159 | C103: ALVENARIA DE VEDAÇÃO DE BLOCOS CERÂMICOS MACIÇOS DE 5X10X20CM (ESPESSURA 10CM) E ARGAMASSA DE ASSENTAMENTO COM PREPARO EM BETONEIRA. AF_05/2020 | D103: M2 | E103: 138.92 | F103: 0 | G103: =VLOOKUP(B103,'SINAPI-%MO'!B:E,4,0) -> 0.5849 | H103: =IF(E103>0,TRUNC(E103*(1-G103),2),"") -> 57.66
B104: 101154 | C104: ALVENARIA DE VEDAÇÃO DE BLOCOS DE CONCRETO CELULAR DE 10X30X60CM (ESPESSURA 10CM) E ARGAMASSA DE ASSENTAMENTO COM PREPARO EM BETONEIRA. AF_05/2020 | D104: M2 | E104: 142.76 | F104: 0 | G104: =VLOOKUP(B104,'SINAPI-%MO'!B:E,4,0) -> 0.2401 | H104: =IF(E104>0,TRUNC(E104*(1-G104),2),"") -> 108.48
B105: 101155 | C105: ALVENARIA DE VEDAÇÃO DE BLOCOS DE CONCRETO CELULAR DE 15X30X60CM (ESPESSURA 15CM) E ARGAMASSA DE ASSENTAMENTO COM PREPARO EM BETONEIRA. AF_05/2020 | D105: M2 | E105: 201 | F105: 0 | G105: =VLOOKUP(B105,'SINAPI-%MO'!B:E,4,0) -> 0.2245 | H105: =IF(E105>0,TRUNC(E105*(1-G105),2),"") -> 155.87
B106: 101156 | C106: ALVENARIA DE VEDAÇÃO DE BLOCOS DE CONCRETO CELULAR DE 20X30X60CM (ESPESSURA 20CM) E ARGAMASSA DE ASSENTAMENTO COM PREPARO EM BETONEIRA. AF_05/2020 | D106: M2 | E106: 295.52 | F106: 0 | G106: =VLOOKUP(B106,'SINAPI-%MO'!B:E,4,0) -> 0.2053 | H106: =IF(E106>0,TRUNC(E106*(1-G106),2),"") -> 234.84
B107: 101158 | C107: ALVENARIA DE VEDAÇÃO DE BLOCOS DE GESSO DE 10X50X66CM (ESPESSURA 10CM). AF_05/2020 | D107: M2 | E107: 94.15 | F107: 0 | G107: =VLOOKUP(B107,'SINAPI-%MO'!B:E,4,0) -> 0.2401 | H107: =IF(E107>0,TRUNC(E107*(1-G107),2),"") -> 71.54
B108: 101157 | C108: ALVENARIA DE VEDAÇÃO DE BLOCOS DE GESSO DE 7X50X66CM (ESPESSURA 7CM). AF_05/2020 | D108: M2 | E108: 71.75 | F108: 0 | G108: =VLOOKUP(B108,'SINAPI-%MO'!B:E,4,0) -> 0.2689 | H108: =IF(E108>0,TRUNC(E108*(1-G108),2),"") -> 52.45
B109: 87382 | C109: ARGAMASSA INDUSTRIALIZADA MULTIUSO PARA REVESTIMENTOS E ASSENTAMENTO DA ALVENARIA, PREPARO COM MISTURADOR DE EIXO HORIZONTAL DE 160 KG. AF_08/2019 | D109: M3 | E109: 1747.1 | F109: 0 | G109: =VLOOKUP(B109,'SINAPI-%MO'!B:E,4,0) -> 0.0798 | H109: =IF(E109>0,TRUNC(E109*(1-G109),2),"") -> 1607.68
B110: 87383 | C110: ARGAMASSA INDUSTRIALIZADA MULTIUSO PARA REVESTIMENTOS E ASSENTAMENTO DA ALVENARIA, PREPARO COM MISTURADOR DE EIXO HORIZONTAL DE 300 KG. AF_08/2019 | D110: M3 | E110: 1733.08 | F110: 0 | G110: =VLOOKUP(B110,'SINAPI-%MO'!B:E,4,0) -> 0.0631 | H110: =IF(E110>0,TRUNC(E110*(1-G110),2),"") -> 1623.72
B111: 87384 | C111: ARGAMASSA INDUSTRIALIZADA MULTIUSO PARA REVESTIMENTOS E ASSENTAMENTO DA ALVENARIA, PREPARO COM MISTURADOR DE EIXO HORIZONTAL DE 600 KG. AF_08/2019 | D111: M3 | E111: 1712.66 | F111: 0 | G111: =VLOOKUP(B111,'SINAPI-%MO'!B:E,4,0) -> 0.0462 | H111: =IF(E111>0,TRUNC(E111*(1-G111),2),"") -> 1633.53
B112: 87398 | C112: ARGAMASSA INDUSTRIALIZADA MULTIUSO PARA REVESTIMENTOS E ASSENTAMENTO DA ALVENARIA, PREPARO MANUAL. AF_08/2019 | D112: M3 | E112: 1939.91 | F112: 0 | G112: =VLOOKUP(B112,'SINAPI-%MO'!B:E,4,0) -> 0.1524 | H112: =IF(E112>0,TRUNC(E112*(1-G112),2),"") -> 1644.26
B113: 87395 | C113: ARGAMASSA INDUSTRIALIZADA PARA CHAPISCO COLANTE, PREPARO COM MISTURADOR DE EIXO HORIZONTAL DE 160 KG. AF_08/2019 | D113: M3 | E113: 3377.95 | F113: 0 | G113: =VLOOKUP(B113,'SINAPI-%MO'!B:E,4,0) -> 0.0539 | H113: =IF(E113>0,TRUNC(E113*(1-G113),2),"") -> 3195.87
B114: 87396 | C114: ARGAMASSA INDUSTRIALIZADA PARA CHAPISCO COLANTE, PREPARO COM MISTURADOR DE EIXO HORIZONTAL DE 300 KG. AF_08/2019 | D114: M3 | E114: 3386.29 | F114: 0 | G114: =VLOOKUP(B114,'SINAPI-%MO'!B:E,4,0) -> 0.0436 | H114: =IF(E114>0,TRUNC(E114*(1-G114),2),"") -> 3238.64
... B132: 88627 | C132: ARGAMASSA TRAÇO 1:0,5:4,5 (EM VOLUME DE CIMENTO, CAL E AREIA MÉDIA ÚMIDA) PARA ASSENTAMENTO DE ALVENARIA, PREPARO MANUAL. AF_08/2019 | D132: M3 | E132: 701.04 | F132: 0 | G132: =VLOOKUP(B132,'SINAPI-%MO'!B:E,4,0) -> 0.2941 | H132: =IF(E132>0,TRUNC(E132*(1-G132),2),"") -> 494.86
B133: 100463 | C133: ARGAMASSA TRAÇO 1:0,5:4,5 (EM VOLUME DE CIMENTO, CAL E AREIA MÉDIA ÚMIDA), PREPARO MECÂNICO COM BETONEIRA 250 L. AF_08/2019 | D133: M3 | E133: 0 | G133: =VLOOKUP(B133,'SINAPI-%MO'!B:E,4,0) -> #N/A | H133: =IF(E133>0,TRUNC(E133*(1-G133),2),"")
B134: 88626 | C134: ARGAMASSA TRAÇO 1:0,5:4,5 (EM VOLUME DE CIMENTO, CAL E AREIA MÉDIA ÚMIDA), PREPARO MECÂNICO COM BETONEIRA 400 L. AF_08/2019 | D134: M3 | E134: 619.1 | F134: 0 | G134: =VLOOKUP(B134,'SINAPI-%MO'!B:E,4,0) -> 0.1959 | H134: =IF(E134>0,TRUNC(E134*(1-G134),2),"") -> 497.81
B135: 100488 | C135: ARGAMASSA TRAÇO 1:0,5:4,5 (EM VOLUME DE CIMENTO, CAL E AREIA MÉDIA ÚMIDA), PREPARO MECÂNICO COM BETONEIRA 600 L. AF_08/2019 | D135: M3 | E135: 599.08 | F135: 0 | G135: =VLOOKUP(B135,'SINAPI-%MO'!B:E,4,0) -> 0.16 | H135: =IF(E135>0,TRUNC(E135*(1-G135),2),"") -> 503.22
B136: 100464 | C136: ARGAMASSA TRAÇO 1:0,5:4,5 (EM VOLUME DE CIMENTO, CAL E AREIA MÉDIA ÚMIDA), PREPARO MECÂNICO COM MISTURADOR DE EIXO HORIZONTAL DE 160 KG. AF_08/2019 | D136: M3 | E136: 656.89 | F136: 0 | G136: =VLOOKUP(B136,'SINAPI-%MO'!B:E,4,0) -> 0.2532 | H136: =IF(E136>0,TRUNC(E136*(1-G136),2),"") -> 490.56
B137: 100465 | C137: ARGAMASSA TRAÇO 1:0,5:4,5 (EM VOLUME DE CIMENTO, CAL E AREIA MÉDIA ÚMIDA), PREPARO MECÂNICO COM MISTURADOR DE EIXO HORIZONTAL DE 300 KG. AF_08/2019 | D137: M3 | E137: 602.32 | F137: 0 | G137: =VLOOKUP(B137,'SINAPI-%MO'!B:E,4,0) -> 0.1822 | H137: =IF(E137>0,TRUNC(E137*(1-G137),2),"") -> 492.57
B138: 100466 | C138: ARGAMASSA TRAÇO 1:0,5:4,5 (EM VOLUME DE CIMENTO, CAL E AREIA MÉDIA ÚMIDA), PREPARO MECÂNICO COM MISTURADOR DE EIXO HORIZONTAL DE 600 KG. AF_08/2019 | D138: M3 | E138: 571.1 | F138: 0 | G138: =VLOOKUP(B138,'SINAPI-%MO'!B:E,4,0) -> 0.1355 | H138: =IF(E138>0,TRUNC(E138*(1-G138),2),"") -> 493.71
B139: 87368 | C139: ARGAMASSA TRAÇO 1:1,5:7,5 (EM VOLUME DE CIMENTO, CAL E AREIA MÉDIA ÚMIDA) PARA EMBOÇO/MASSA ÚNICA/ASSENTAMENTO DE ALVENARIA DE VEDAÇÃO, PREPARO MANUAL. AF_08/2019 | D139: M3 | E139: 717.8 | F139: 0 | G139: =VLOOKUP(B139,'SINAPI-%MO'!B:E,4,0) -> 0.3703 | H139: =IF(E139>0,TRUNC(E139*(1-G139),2),"") -> 451.99
B140: 100450 | C140: ARGAMASSA TRAÇO 1:1,5:7,5 (EM VOLUME DE CIMENTO, CAL E AREIA MÉDIA ÚMIDA) PARA EMBOÇO/MASSA ÚNICA/ASSENTAMENTO DE ALVENARIA DE VEDAÇÃO, PREPARO MECÂNICO COM BETONEIRA 250 L. AF_08/2019 | D140: M3 | E140: 0 | G140: =VLOOKUP(B140,'SINAPI-%MO'!B:E,4,0) -> #N/A | H140: =IF(E140>0,TRUNC(E140*(1-G140),2),"")
B141: 87289 | C141: ARGAMASSA TRAÇO 1:1,5:7,5 (EM VOLUME DE CIMENTO, CAL E AREIA MÉDIA ÚMIDA) PARA EMBOÇO/MASSA ÚNICA/ASSENTAMENTO DE ALVENARIA DE VEDAÇÃO, PREPARO MECÂNICO COM BETONEIRA 400 L. AF_08/2019 | D141: M3 | E141: 615.77 | F141: 0 | G141: =VLOOKUP(B141,'SINAPI-%MO'!B:E,4,0) -> 0.2472 | H141: =IF(E141>0,TRUNC(E141*(1-G141),2),"") -> 463.55
B142: 87290 | C142: ARGAMASSA TRAÇO 1:1,5:7,5 (EM VOLUME DE CIMENTO, CAL E AREIA MÉDIA ÚMIDA) PARA EMBOÇO/MASSA ÚNICA/ASSENTAMENTO DE ALVENARIA DE VEDAÇÃO, PREPARO MECÂNICO COM BETONEIRA 600 L. AF_08/2019 | D142: M3 | E142: 594.22 | F142: 0 | G142: =VLOOKUP(B142,'SINAPI-%MO'!B:E,4,0) -> 0.2097 | H142: =IF(E142>0,TRUNC(E142*(1-G142),2),"") -> 469.61
B143: 87333 | C143: ARGAMASSA TRAÇO 1:1,5:7,5 (EM VOLUME DE CIMENTO, CAL E AREIA MÉDIA ÚMIDA) PARA EMBOÇO/MASSA ÚNICA/ASSENTAMENTO DE ALVENARIA DE VEDAÇÃO, PREPARO MECÂNICO COM MISTURADOR DE EIXO HORIZONTAL DE 300 KG. AF_08/2019 | D143: M3 | E143: 624.25 | F143: 0 | G143: =VLOOKUP(B143,'SINAPI-%MO'!B:E,4,0) -> 0.2684 | H143: =IF(E143>0,TRUNC(E143*(1-G143),2),"") -> 456.7
B144: 87334 | C144: ARGAMASSA TRAÇO 1:1,5:7,5 (EM VOLUME DE CIMENTO, CAL E AREIA MÉDIA ÚMIDA) PARA EMBOÇO/MASSA ÚNICA/ASSENTAMENTO DE ALVENARIA DE VEDAÇÃO, PREPARO MECÂNICO COM MISTURADOR DE EIXO HORIZONTAL DE 600 KG. AF_08/2019 | D144: M3 | E144: 567.11 | F144: 0 | G144: =VLOOKUP(B144,'SINAPI-%MO'!B:E,4,0) -> 0.1947 | H144: =IF(E144>0,TRUNC(E144*(1-G144),2),"") -> 456.69
B145: 105515 | C145: ARGAMASSA TRAÇO 1:1,93 (EM VOLUME DE CIMENTO E AREIA MÉDIA ÚMIDA), FCK 20MPA, PREPARO MECÂNICO COM MISTURADOR DUPLO HORIZONTAL DE ALTA TURBULÊNCIA. AF_03/2020 | D145: M3 | E145: 937.15 | F145: 0 | G145: =VLOOKUP(B145,'SINAPI-%MO'!B:E,4,0) -> 0.2291 | H145: =IF(E145>0,TRUNC(E145*(1-G145),2),"") -> 722.44
B146: 87367 | C146: ARGAMASSA TRAÇO 1:1:6 (EM VOLUME DE CIMENTO, CAL E AREIA MÉDIA ÚMIDA) PARA EMBOÇO/MASSA ÚNICA/ASSENTAMENTO DE ALVENARIA DE VEDAÇÃO, PREPARO MANUAL. AF_08/2019 | D146: M3 | E146: 738.49 | F146: 0 | G146: =VLOOKUP(B146,'SINAPI-%MO'!B:E,4,0) -> 0.3571 | H146: =IF(E146>0,TRUNC(E146*(1-G146),2),"") -> 474.77
B147: 100449 | C147: ARGAMASSA TRAÇO 1:1:6 (EM VOLUME DE CIMENTO, CAL E AREIA MÉDIA ÚMIDA) PARA EMBOÇO/MASSA ÚNICA/ASSENTAMENTO DE ALVENARIA DE VEDAÇÃO, PREPARO MECÂNICO COM BETONEIRA 250 L. AF_08/2019 | D147: M3 | E147: 0 | G147: =VLOOKUP(B147,'SINAPI-%MO'!B:E,4,0) -> #N/A | H147: =IF(E147>0,TRUNC(E147*(1-G147),2),"")
B148: 87286 | C148: ARGAMASSA TRAÇO 1:1:6 (EM VOLUME DE CIMENTO, CAL E AREIA MÉDIA ÚMIDA) PARA EMBOÇO/MASSA ÚNICA/ASSENTAMENTO DE ALVENARIA DE VEDAÇÃO, PREPARO MECÂNICO COM BETONEIRA 400 L. AF_08/2019 | D148: M3 | E148: 643.55 | F148: 0 | G148: =VLOOKUP(B148,'SINAPI-%MO'!B:E,4,0) -> 0.2506 | H148: =IF(E148>0,TRUNC(E148*(1-G148),2),"") -> 482.27
B149: 87287 | C149: ARGAMASSA TRAÇO 1:1:6 (EM VOLUME DE CIMENTO, CAL E AREIA MÉDIA ÚMIDA) PARA EMBOÇO/MASSA ÚNICA/ASSENTAMENTO DE ALVENARIA DE VEDAÇÃO, PREPARO MECÂNICO COM BETONEIRA 600 L. AF_08/2019 | D149: M3 | E149: 608.35 | F149: 0 | G149: =VLOOKUP(B149,'SINAPI-%MO'!B:E,4,0) -> 0.1907 | H149: =IF(E149>0,TRUNC(E149*(1-G149),2),"") -> 492.33
B150: 87331 | C150: ARGAMASSA TRAÇO 1:1:6 (EM VOLUME DE CIMENTO, CAL E AREIA MÉDIA ÚMIDA) PARA EMBOÇO/MASSA ÚNICA/ASSENTAMENTO DE ALVENARIA DE VEDAÇÃO, PREPARO MECÂNICO COM MISTURADOR DE EIXO HORIZONTAL DE 300 KG. AF_08/2019 | D150: M3 | E150: 674.6 | F150: 0 | G150: =VLOOKUP(B150,'SINAPI-%MO'!B:E,4,0) -> 0.2873 | H150: =IF(E150>0,TRUNC(E150*(1-G150),2),"") -> 480.78
B151: 87332 | C151: ARGAMASSA TRAÇO 1:1:6 (EM VOLUME DE CIMENTO, CAL E AREIA MÉDIA ÚMIDA) PARA EMBOÇO/MASSA ÚNICA/ASSENTAMENTO DE ALVENARIA DE VEDAÇÃO, PREPARO MECÂNICO COM MISTURADOR DE EIXO HORIZONTAL DE 600 KG. AF_08/2019 | D151: M3 | E151: 583.69 | F151: 0 | G151: =VLOOKUP(B151,'SINAPI-%MO'!B:E,4,0) -> 0.1758 | H151: =IF(E151>0,TRUNC(E151*(1-G151),2),"") -> 481.07
B152: 87369 | C152: ARGAMASSA TRAÇO 1:2:8 (EM VOLUME DE CIMENTO, CAL E AREIA MÉDIA ÚMIDA) PARA EMBOÇO/MASSA ÚNICA/ASSENTAMENTO DE ALVENARIA DE VEDAÇÃO, PREPARO MANUAL. AF_08/2019 | D152: M3 | E152: 733.63 | F152: 0 | G152: =VLOOKUP(B152,'SINAPI-%MO'!B:E,4,0) -> 0.3552 | H152: =IF(E152>0,TRUNC(E152*(1-G152),2),"") -> 473.04
B153: 100451 | C153: ARGAMASSA TRAÇO 1:2:8 (EM VOLUME DE CIMENTO, CAL E AREIA MÉDIA ÚMIDA) PARA EMBOÇO/MASSA ÚNICA/ASSENTAMENTO DE ALVENARIA DE VEDAÇÃO, PREPARO MECÂNICO COM BETONEIRA 250 L. AF_08/2019 | D153: M3 | E153: 0 | G153: =VLOOKUP(B153,'SINAPI-%MO'!B:E,4,0) -> #N/A | H153: =IF(E153>0,TRUNC(E153*(1-G153),2),"")
B154: 87292 | C154: ARGAMASSA TRAÇO 1:2:8 (EM VOLUME DE CIMENTO, CAL E AREIA MÉDIA ÚMIDA) PARA EMBOÇO/MASSA ÚNICA/ASSENTAMENTO DE ALVENARIA DE VEDAÇÃO, PREPARO MECÂNICO COM BETONEIRA 400 L. AF_08/2019 | D154: M3 | E154: 625.35 | F154: 0 | G154: =VLOOKUP(B154,'SINAPI-%MO'!B:E,4,0) -> 0.2249 | H154: =IF(E154>0,TRUNC(E154*(1-G154),2),"") -> 484.7
B155: 87335 | C155: ARGAMASSA TRAÇO 1:2:8 (EM VOLUME DE CIMENTO, CAL E AREIA MÉDIA ÚMIDA) PARA EMBOÇO/MASSA ÚNICA/ASSENTAMENTO DE ALVENARIA DE VEDAÇÃO, PREPARO MECÂNICO COM MISTURADOR DE EIXO HORIZONTAL DE 300 KG. AF_08/2019 | D155: M3 | E155: 613.34 | F155: 0 | G155: =VLOOKUP(B155,'SINAPI-%MO'!B:E,4,0) -> 0.2528 | H155: =IF(E155>0,TRUNC(E155*(1-G155),2),"") -> 458.28
B156: 87336 | C156: ARGAMASSA TRAÇO 1:2:8 (EM VOLUME DE CIMENTO, CAL E AREIA MÉDIA ÚMIDA) PARA EMBOÇO/MASSA ÚNICA/ASSENTAMENTO DE ALVENARIA DE VEDAÇÃO, PREPARO MECÂNICO COM MISTURADOR DE EIXO HORIZONTAL DE 600 KG. AF_08/2019 | D156: M3 | E156: 583.42 | F156: 0 | G156: =VLOOKUP(B156,'SINAPI-%MO'!B:E,4,0) -> 0.1814 | H156: =IF(E156>0,TRUNC(E156*(1-G156),2),"") -> 477.58
B157: 87370 | C157: ARGAMASSA TRAÇO 1:2:9 (EM VOLUME DE CIMENTO, CAL E AREIA MÉDIA ÚMIDA) PARA EMBOÇO/MASSA ÚNICA/ASSENTAMENTO DE ALVENARIA DE VEDAÇÃO, PREPARO MANUAL. AF_08/2019 | D157: M3 | E157: 705.59 | F157: 0 | G157: =VLOOKUP(B157,'SINAPI-%MO'!B:E,4,0) -> 0.3717 | H157: =IF(E157>0,TRUNC(E157*(1-G157),2),"") -> 443.32
B158: 100452 | C158: ARGAMASSA TRAÇO 1:2:9 (EM VOLUME DE CIMENTO, CAL E AREIA MÉDIA ÚMIDA) PARA EMBOÇO/MASSA ÚNICA/ASSENTAMENTO DE ALVENARIA DE VEDAÇÃO, PREPARO MECÂNICO COM BETONEIRA 250 L. AF_08/2019 | D158: M3 | E158: 0 | G158: =VLOOKUP(B158,'SINAPI-%MO'!B:E,4,0) -> #N/A | H158: =IF(E158>0,TRUNC(E158*(1-G158),2),"")
B159: 88715 | C159: ARGAMASSA TRAÇO 1:2:9 (EM VOLUME DE CIMENTO, CAL E AREIA MÉDIA ÚMIDA) PARA EMBOÇO/MASSA ÚNICA/ASSENTAMENTO DE ALVENARIA DE VEDAÇÃO, PREPARO MECÂNICO COM BETONEIRA 400 L. AF_08/2019 | D159: M3 | E159: 588.2 | F159: 0 | G159: =VLOOKUP(B159,'SINAPI-%MO'!B:E,4,0) -> 0.2264 | H159: =IF(E159>0,TRUNC(E159*(1-G159),2),"") -> 455.03
B160: 87294 | C160: ARGAMASSA TRAÇO 1:2:9 (EM VOLUME DE CIMENTO, CAL E AREIA MÉDIA ÚMIDA) PARA EMBOÇO/MASSA ÚNICA/ASSENTAMENTO DE ALVENARIA DE VEDAÇÃO, PREPARO MECÂNICO COM BETONEIRA 600 L. AF_08/2019 | D160: M3 | E160: 589.35 | F160: 0 | G160: =VLOOKUP(B160,'SINAPI-%MO'!B:E,4,0) -> 0.225 | H160: =IF(E160>0,TRUNC(E160*(1-G160),2),"") -> 456.74
B161: 87337 | C161: ARGAMASSA TRAÇO 1:2:9 (EM VOLUME DE CIMENTO, CAL E AREIA MÉDIA ÚMIDA) PARA EMBOÇO/MASSA ÚNICA/ASSENTAMENTO DE ALVENARIA DE VEDAÇÃO, PREPARO MECÂNICO COM MISTURADOR DE EIXO HORIZONTAL DE 300 KG. AF_08/2019 | D161: M3 | E161: 601.6 | F161: 0 | G161: =VLOOKUP(B161,'SINAPI-%MO'!B:E,4,0) -> 0.2536 | H161: =IF(E161>0,TRUNC(E161*(1-G161),2),"") -> 449.03
B162: 100487 | C162: ARGAMASSA TRAÇO 1:2:9 (EM VOLUME DE CIMENTO, CAL E AREIA MÉDIA ÚMIDA) PARA EMBOÇO/MASSA ÚNICA/ASSENTAMENTO DE ALVENARIA DE VEDAÇÃO, PREPARO MECÂNICO COM MISTURADOR DE EIXO HORIZONTAL DE 600 KG. AF_08/2019 | D162: M3 | E162: 550.2 | F162: 0 | G162: =VLOOKUP(B162,'SINAPI-%MO'!B:E,4,0) -> 0.185 | H162: =IF(E162>0,TRUNC(E162*(1-G162),2),"") -> 448.41
B163: 87380 | C163: ARGAMASSA TRAÇO 1:3 (EM VOLUME DE CIMENTO E AREIA GROSSA ÚMIDA) COM ADIÇÃO DE EMULSÃO POLIMÉRICA PARA CHAPISCO ROLADO, PREPARO MANUAL. AF_08/2019 | D163: M3 | E163: 3773.91 | F163: 0 | G163: =VLOOKUP(B163,'SINAPI-%MO'!B:E,4,0) -> 0.0676 | H163: =IF(E163>0,TRUNC(E163*(1-G163),2),"") -> 3518.79
B164: 100461 | C164: ARGAMASSA TRAÇO 1:3 (EM VOLUME DE CIMENTO E AREIA GROSSA ÚMIDA) COM ADIÇÃO DE EMULSÃO POLIMÉRICA PARA CHAPISCO ROLADO, PREPARO MECÂNICO COM BETONEIRA 250 L. AF_08/2019 | D164: M3 | E164: 0 | G164: =VLOOKUP(B164,'SINAPI-%MO'!B:E,4,0) -> #N/A | H164: =IF(E164>0,TRUNC(E164*(1-G164),2),"")
B165: 87322 | C165: ARGAMASSA TRAÇO 1:3 (EM VOLUME DE CIMENTO E AREIA GROSSA ÚMIDA) COM ADIÇÃO DE EMULSÃO POLIMÉRICA PARA CHAPISCO ROLADO, PREPARO MECÂNICO COM BETONEIRA 400 L. AF_08/2019 | D165: M3 | E165: 3701.47 | F165: 0 | G165: =VLOOKUP(B165,'SINAPI-%MO'!B:E,4,0) -> 0.0385 | H165: =IF(E165>0,TRUNC(E165*(1-G165),2),"") -> 3558.96
B166: 87323 | C166: ARGAMASSA TRAÇO 1:3 (EM VOLUME DE CIMENTO E AREIA GROSSA ÚMIDA) COM ADIÇÃO DE EMULSÃO POLIMÉRICA PARA CHAPISCO ROLADO, PREPARO MECÂNICO COM BETONEIRA 600 L. AF_08/2019 | D166: M3 | E166: 3686.43 | F166: 0 | G166: =VLOOKUP(B166,'SINAPI-%MO'!B:E,4,0) -> 0.0293 | H166: =IF(E166>0,TRUNC(E166*(1-G166),2),"") -> 3578.41
B167: 87360 | C167: ARGAMASSA TRAÇO 1:3 (EM VOLUME DE CIMENTO E AREIA GROSSA ÚMIDA) COM ADIÇÃO DE EMULSÃO POLIMÉRICA PARA CHAPISCO ROLADO, PREPARO MECÂNICO COM MISTURADOR DE EIXO HORIZONTAL DE 160 KG. AF_08/2019 | D167: M3 | E167: 3679.85 | F167: 0 | G167: =VLOOKUP(B167,'SINAPI-%MO'!B:E,4,0) -> 0.0585 | H167: =IF(E167>0,TRUNC(E167*(1-G167),2),"") -> 3464.57
...

Sheet SINAPI-insumo
A1: SINAPI - Sistema Nacional de Pesquisa de Custos e Índices da Construção Civil
A2: RELATÓRIO DE PREÇOS DE INSUMOS - ENCARGOS SOCIAIS COM DESONERAÇÃO
A3: Mês de Referência: | B3: 01/2026 | E3: Encargos sociais sobre a mão de obra:
A4: Data de emissão: | B4: 10/02/2026 | E4: (COM DESONERAÇÃO) | F4: RS | G4: SP
E5: Localidade | F5: PORTO ALEGRE | G5: SAO PAULO
A6: Origem de preço: | B6: C = COLETADO | C6: CR = COEFICIENTE DE REPRESENTATIVIDADE | E6: Horista | F6: 0.9612 | G6: 0.9909
A7: Preço em branco para determinado estado significa que não houve coleta mínima de preços no mês de referência | E7: Mensalista | F7: 0.5667 | G7: 0.5851
E9: Preços Medianos (R$):
A10: Classificação | B10: Código do Insumo | C10: Descrição do Insumo | D10: Unidade | E10: Origem de Preço | F10: RS | G10: SP | H10: considerado
B11: 45333 | C11: ABERTURA PARA ENCAIXE DE CUBA OU LAVATORIO EM BANCADA DE MARMORE/ GRANITO OU OUTRO TIPO DE PEDRA NATURAL | D11: UN | E11: CR | F11: 213.23 | G11: 189.89 | H11: =IF(F11>0,F11,G11) -> 213.23
B12: 11270 | C12: ABRACADEIRA DE LATAO PARA FIXACAO DE CABO PARA-RAIO, DIMENSOES 32 X 24 X 24 MM | D12: UN | E12: CR | G12: 2.52 | H12: =IF(F12>0,F12,G12) -> 2.52
B13: 412 | C13: ABRACADEIRA DE NYLON PARA AMARRACAO DE CABOS, COMPRIMENTO DE *230* X *7,6* MM | D13: UN | E13: CR | F13: 1.13 | G13: 1.13 | H13: =IF(F13>0,F13,G13) -> 1.13
B14: 414 | C14: ABRACADEIRA DE NYLON PARA AMARRACAO DE CABOS, COMPRIMENTO DE 100 X 2,5 MM | D14: UN | E14: CR | F14: 0.07 | G14: 0.07 | H14: =IF(F14>0,F14,G14) -> 0.07
B15: 410 | C15: ABRACADEIRA DE NYLON PARA AMARRACAO DE CABOS, COMPRIMENTO DE 150 X *3,6* MM | D15: UN | E15: CR | F15: 0.17 | G15: 0.17 | H15: =IF(F15>0,F15,G15) -> 0.17
B16: 411 | C16: ABRACADEIRA DE NYLON PARA AMARRACAO DE CABOS, COMPRIMENTO DE 200 X *4,6* MM | D16: UN | E16: C | F16: 0.22 | G16: 0.22 | H16: =IF(F16>0,F16,G16) -> 0.22
B17: 408 | C17: ABRACADEIRA DE NYLON PARA AMARRACAO DE CABOS, COMPRIMENTO DE 390 X *4,6* MM | D17: UN | E17: CR | F17: 1.09 | G17: 1.09 | H17: =IF(F17>0,F17,G17) -> 1.09
B18: 39131 | C18: ABRACADEIRA EM ACO PARA AMARRACAO DE ELETRODUTOS, TIPO D, COM 1 1/2" E CUNHA DE FIXACAO | D18: UN | E18: CR | F18: 4.4 | G18: 3.35 | H18: =IF(F18>0,F18,G18) -> 4.4
B19: 394 | C19: ABRACADEIRA EM ACO PARA AMARRACAO DE ELETRODUTOS, TIPO D, COM 1 1/2" E PARAFUSO DE FIXACAO | D19: UN | E19: CR | F19: 4.46 | G19: 3.39 | H19: =IF(F19>0,F19,G19) -> 4.46
B20: 39130 | C20: ABRACADEIRA EM ACO PARA AMARRACAO DE ELETRODUTOS, TIPO D, COM 1 1/4" E CUNHA DE FIXACAO | D20: UN | E20: CR | F20: 4.02 | G20: 3.05 | H20: =IF(F20>0,F20,G20) -> 4.02
B21: 395 | C21: ABRACADEIRA EM ACO PARA AMARRACAO DE ELETRODUTOS, TIPO D, COM 1 1/4" E PARAFUSO DE FIXACAO | D21: UN | E21: CR | F21: 4.29 | G21: 3.26 | H21: =IF(F21>0,F21,G21) -> 4.29
B22: 39129 | C22: ABRACADEIRA EM ACO PARA AMARRACAO DE ELETRODUTOS, TIPO D, COM 1" E CUNHA DE FIXACAO | D22: UN | E22: CR | F22: 2.47 | G22: 1.88 | H22: =IF(F22>0,F22,G22) -> 2.47
B23: 393 | C23: ABRACADEIRA EM ACO PARA AMARRACAO DE ELETRODUTOS, TIPO D, COM 1" E PARAFUSO DE FIXACAO | D23: UN | E23: C | F23: 2.59 | G23: 1.97 | H23: =IF(F23>0,F23,G23) -> 2.59
B24: 39127 | C24: ABRACADEIRA EM ACO PARA AMARRACAO DE ELETRODUTOS, TIPO D, COM 1/2" E CUNHA DE FIXACAO | D24: UN | E24: CR | F24: 2.12 | G24: 1.61 | H24: =IF(F24>0,F24,G24) -> 2.12
... B49: 12615 | C49: ABRACADEIRA PVC, PARA CALHA PLUVIAL, DIAMETRO ENTRE *80 E 100* MM, PARA DRENAGEM PLUVIAL PREDIAL | D49: UN | E49: CR | F49: 14.95 | G49: 15.03 | H49: =IF(F49>0,F49,G49) -> 14.95
B50: 11927 | C50: ABRACADEIRA, GALVANIZADA/ZINCADA, ROSCA SEM FIM, PARAFUSO INOX, LARGURA FITA *12,6 A *14 MM, D = 2" A 2 1/2" | D50: UN | E50: CR | G50: 7.52 | H50: =IF(F50>0,F50,G50) -> 7.52
B51: 11928 | C51: ABRACADEIRA, GALVANIZADA/ZINCADA, ROSCA SEM FIM, PARAFUSO INOX, LARGURA FITA *12,6 A *14 MM, D = 3" A 3 3/4" | D51: UN | E51: CR | G51: 8.61 | H51: =IF(F51>0,F51,G51) -> 8.61
B52: 11929 | C52: ABRACADEIRA, GALVANIZADA/ZINCADA, ROSCA SEM FIM, PARAFUSO INOX, LARGURA FITA *12,6 A *14 MM, D = 4" A 4 3/4" | D52: UN | E52: CR | G52: 13.33 | H52: =IF(F52>0,F52,G52) -> 13.33
B53: 36801 | C53: ACABAMENTO DE METAL CROMADO PARA REGISTRO PEQUENO, DE PAREDE, 1/2" OU 3/4" | D53: UN | E53: CR | F53: 61.8 | G53: 30.6 | H53: =IF(F53>0,F53,G53) -> 61.8
B54: 36246 | C54: ACABAMENTO SIMPLES/CONVENCIONAL PARA FORRO PVC, TIPO "U" OU "C", COR BRANCA, COMPRIMENTO 6 M | D54: M | E54: CR | F54: 5.64 | G54: 4.09 | H54: =IF(F54>0,F54,G54) -> 5.64
B55: 37600 | C55: ACESSORIO DE LIGACAO NAO ELETRICO PARA CARGAS EXPLOSIVAS, TUBO DE 6 M | D55: UN | E55: CR | G55: 104.86 | H55: =IF(F55>0,F55,G55) -> 104.86
B56: 37599 | C56: ACESSORIO INICIADOR NAO ELETRICO, TUBO DE 6 M, TEMPO DE RETARDO DE *160* MS | D56: UN | E56: CR | G56: 97.6 | H56: =IF(F56>0,F56,G56) -> 97.6
B57: 1 | C57: ACETILENO - RECARGA DE GAS PARA CILINDRO (NAO INCLUI TROCA/MANUTENCAO DO CILINDRO) | D57: KG | E57: C | F57: 110.5 | G57: 110 | H57: =IF(F57>0,F57,G57) -> 110.5
B58: 3 | C58: ACIDO CLORIDRICO / ACIDO MURIATICO, DILUICAO 10% A 12% PARA USO EM LIMPEZA | D58: L | E58: CR | F58: 19.59 | G58: 19.12 | H58: =IF(F58>0,F58,G58) -> 19.59
B59: 43054 | C59: ACO CA-25, 10,0 MM, OU 12,5 MM, OU 16,0 MM, OU 20,0 MM, OU 25,0 MM, VERGALHAO | D59: KG | E59: CR | F59: 8.67 | G59: 6.7 | H59: =IF(F59>0,F59,G59) -> 8.67
B60: 42402 | C60: ACO CA-25, 16,0 MM, BARRA DE TRANSFERENCIA | D60: KG | E60: CR | F60: 8.28 | G60: 6.4 | H60: =IF(F60>0,F60,G60) -> 8.28
B61: 42403 | C61: ACO CA-25, 20,0 MM, BARRA DE TRANSFERENCIA | D61: KG | E61: CR | F61: 10.63 | G61: 8.21 | H61: =IF(F61>0,F61,G61) -> 10.63
B62: 42404 | C62: ACO CA-25, 25,0 MM, BARRA DE TRANSFERENCIA | D62: KG | E62: CR | F62: 10.57 | G62: 8.16 | H62: =IF(F62>0,F62,G62) -> 10.57
B63: 42405 | C63: ACO CA-25, 32,0 MM, BARRA DE TRANSFERENCIA | D63: KG | E63: CR | F63: 11.26 | G63: 8.7 | H63: =IF(F63>0,F63,G63) -> 11.26
B64: 34341 | C64: ACO CA-25, 32,0 MM, VERGALHAO | D64: KG | E64: CR | F64: 9.77 | G64: 7.55 | H64: =IF(F64>0,F64,G64) -> 9.77
B65: 43053 | C65: ACO CA-25, 6,3 MM OU 8,0 MM, VERGALHAO | D65: KG | E65: CR | F65: 7.74 | G65: 5.98 | H65: =IF(F65>0,F65,G65) -> 7.74
B66: 43058 | C66: ACO CA-50, 10,0 MM, OU 12,5 MM, OU 16,0 MM, OU 20,0 MM, DOBRADO E CORTADO | D66: KG | E66: CR | F66: 8.03 | G66: 6.2 | H66: =IF(F66>0,F66,G66) -> 8.03
B67: 34 | C67: ACO CA-50, 10,0 MM, VERGALHAO | D67: KG | E67: CR | F67: 8.07 | G67: 6.23 | H67: =IF(F67>0,F67,G67) -> 8.07
B68: 43055 | C68: ACO CA-50, 12,5 MM OU 16,0 MM, VERGALHAO | D68: KG | E68: C | F68: 6.99 | G68: 5.4 | H68: =IF(F68>0,F68,G68) -> 6.99
... B77: 43060 | C77: ACO CA-60, 8,0 MM OU 9,5 MM, VERGALHAO | D77: KG | E77: CR | F77: 6.65 | G77: 5.14 | H77: =IF(F77>0,F77,G77) -> 6.65
B78: 40410 | C78: ACOPLAMENTO RIGIDO EM FERRO FUNDIDO PARA SISTEMA DE TUBULACAO RANHURADA, DN 50 MM (2") | D78: UN | E78: C | G78: 21.99 | H78: =IF(F78>0,F78,G78) -> 21.99
B79: 40411 | C79: ACOPLAMENTO RIGIDO EM FERRO FUNDIDO PARA SISTEMA DE TUBULACAO RANHURADA, DN 65 MM (2 1/2") | D79: UN | E79: CR | G79: 23.86 | H79: =IF(F79>0,F79,G79) -> 23.86
B80: 40412 | C80: ACOPLAMENTO RIGIDO EM FERRO FUNDIDO PARA SISTEMA DE TUBULACAO RANHURADA, DN 80 MM (3") | D80: UN | E80: CR | G80: 26.78 | H80: =IF(F80>0,F80,G80) -> 26.78
B81: 44254 | C81: ADAPTADOR CPVC, ROSCAVEL, COM FLANGES E ANEL DE VEDACAO, 15 MM, CAIXA D'AGUA PARA AGUA QUENTE | D81: UN | E81: CR | F81: 36.71 | G81: 28.59 | H81: =IF(F81>0,F81,G81) -> 36.71
B82: 44255 | C82: ADAPTADOR CPVC, ROSCAVEL, COM FLANGES E ANEL DE VEDACAO, 22 MM, CAIXA D'AGUA PARA AGUA QUENTE | D82: UN | E82: CR | F82: 40.69 | G82: 31.69 | H82: =IF(F82>0,F82,G82) -> 40.69
B83: 44256 | C83: ADAPTADOR CPVC, ROSCAVEL, COM FLANGES E ANEL DE VEDACAO, 28 MM, CAIXA D'AGUA PARA AGUA QUENTE | D83: UN | E83: CR | F83: 45.96 | G83: 35.79 | H83: =IF(F83>0,F83,G83) -> 45.96
B84: 44257 | C84: ADAPTADOR CPVC, ROSCAVEL, COM FLANGES E ANEL DE VEDACAO, 35 MM, CAIXA D'AGUA PARA AGUA QUENTE | D84: UN | E84: CR | F84: 72.7 | G84: 56.62 | H84: =IF(F84>0,F84,G84) -> 72.7
B85: 44258 | C85: ADAPTADOR CPVC, ROSCAVEL, COM FLANGES E ANEL DE VEDACAO, 42 MM, CAIXA D'AGUA PARA AGUA QUENTE | D85: UN | E85: CR | F85: 83.09 | G85: 64.71 | H85: =IF(F85>0,F85,G85) -> 83.09
B86: 44259 | C86: ADAPTADOR CPVC, ROSCAVEL, COM FLANGES E ANEL DE VEDACAO, 54 MM, CAIXA D'AGUA PARA AGUA QUENTE | D86: UN | E86: CR | F86: 114.05 | G86: 88.82 | H86: =IF(F86>0,F86,G86) -> 114.05
B87: 37997 | C87: ADAPTADOR CPVC, SOLDAVEL, 15 MM, PARA AGUA QUENTE | D87: UN | E87: CR | F87: 21.87 | G87: 17.03 | H87: =IF(F87>0,F87,G87) -> 21.87
B88: 37998 | C88: ADAPTADOR CPVC, SOLDAVEL, 22 MM, PARA AGUA QUENTE | D88: UN | E88: CR | F88: 29.28 | G88: 22.8 | H88: =IF(F88>0,F88,G88) -> 29.28
B89: 55 | C89: ADAPTADOR DE COMPRESSAO EM POLIPROPILENO (PP), PARA TUBO EM PEAD, 20 MM X 1/2", PARA LIGACAO PREDIAL DE AGUA (NTS 179) | D89: UN | E89: C | F89: 7.11 | G89: 4.76 | H89: =IF(F89>0,F89,G89) -> 7.11
B90: 61 | C90: ADAPTADOR DE COMPRESSAO EM POLIPROPILENO (PP), PARA TUBO EM PEAD, 20 MM X 3/4", PARA LIGACAO PREDIAL DE AGUA (NTS 179) | D90: UN | E90: CR | F90: 6.72 | G90: 4.5 | H90: =IF(F90>0,F90,G90) -> 6.72
B91: 62 | C91: ADAPTADOR DE COMPRESSAO EM POLIPROPILENO (PP), PARA TUBO EM PEAD, 32 MM X 1", PARA LIGACAO PREDIAL DE AGUA (NTS 179) | D91: UN | E91: CR | F91: 13.94 | G91: 9.33 | H91: =IF(F91>0,F91,G91) -> 13.94
B92: 10899 | C92: ADAPTADOR EM LATAO, ENGATE RAPIDO 2 1/2" X ROSCA INTERNA 5 FIOS 2 1/2", PARA INSTALACAO PREDIAL DE COMBATE A INCENDIO | D92: UN | E92: CR | F92: 72.28 | G92: 144.89 | H92: =IF(F92>0,F92,G92) -> 72.28
B93: 10900 | C93: ADAPTADOR EM LATAO, ENGATE RAPIDO1 1/2" X ROSCA INTERNA 5 FIOS 2 1/2", PARA INSTALACAO PREDIAL DE COMBATE A INCENDIO | D93: UN | E93: CR | F93: 56.57 | G93: 113.39 | H93: =IF(F93>0,F93,G93) -> 56.57
B94: 47 | C94: ADAPTADOR PVC PBA, BOLSA/ROSCA, JE, DN 100 / DE 110 MM | D94: UN | E94: CR | G94: 97.81 | H94: =IF(F94>0,F94,G94) -> 97.81
B95: 48 | C95: ADAPTADOR PVC PBA, BOLSA/ROSCA, JE, DN 50 / DE 60 MM | D95: UN | E95: CR | G95: 25.51 | H95: =IF(F95>0,F95,G95) -> 25.51
B96: 46 | C96: ADAPTADOR PVC PBA, BOLSA/ROSCA, JE, DN 75 / DE 85 MM | D96: UN | E96: CR | G96: 57.2 | H96: =IF(F96>0,F96,G96) -> 57.2
B97: 52 | C97: ADAPTADOR PVC PBA, PONTA/ROSCA, JE, DN 50 / DE 60 MM | D97: UN | E97: CR | G97: 19.38 | H97: =IF(F97>0,F97,G97) -> 19.38
B98: 43 | C98: ADAPTADOR PVC PBA, PONTA/ROSCA, JE, DN 75 / DE 85 MM | D98: UN | E98: CR | G98: 65.41 | H98: =IF(F98>0,F98,G98) -> 65.41
B99: 103 | C99: ADAPTADOR PVC SOLDAVEL CURTO COM BOLSA E ROSCA, 110 MM X 4", PARA AGUA FRIA | D99: UN | E99: CR | F99: 53.12 | G99: 50.93 | H99: =IF(F99>0,F99,G99) -> 53.12
B100: 107 | C100: ADAPTADOR PVC SOLDAVEL CURTO COM BOLSA E ROSCA, 20 MM X 1/2", PARA AGUA FRIA | D100: UN | E100: CR | F100: 1 | G100: 0.96 | H100: =IF(F100>0,F100,G100) -> 1
B101: 65 | C101: ADAPTADOR PVC SOLDAVEL CURTO COM BOLSA E ROSCA, 25 MM X 3/4", PARA AGUA FRIA | D101: UN | E101: CR | F101: 1.09 | G101: 1.05 | H101: =IF(F101>0,F101,G101) -> 1.09
B102: 108 | C102: ADAPTADOR PVC SOLDAVEL CURTO COM BOLSA E ROSCA, 32 MM X 1", PARA AGUA FRIA | D102: UN | E102: CR | F102: 2.2 | G102: 2.11 | H102: =IF(F102>0,F102,G102) -> 2.2
B103: 110 | C103: ADAPTADOR PVC SOLDAVEL CURTO COM BOLSA E ROSCA, 40 MM X 1 1/2", PARA AGUA FRIA | D103: UN | E103: CR | F103: 7.64 | G103: 7.33 | H103: =IF(F103>0,F103,G103) -> 7.64
B104: 109 | C104: ADAPTADOR PVC SOLDAVEL CURTO COM BOLSA E ROSCA, 40 MM X 1 1/4", PARA AGUA FRIA | D104: UN | E104: CR | F104: 4.55 | G104: 4.36 | H104: =IF(F104>0,F104,G104) -> 4.55
B105: 111 | C105: ADAPTADOR PVC SOLDAVEL CURTO COM BOLSA E ROSCA, 50 MM X 1 1/4", PARA AGUA FRIA | D105: UN | E105: CR | F105: 10.34 | G105: 9.91 | H105: =IF(F105>0,F105,G105) -> 10.34
B106: 112 | C106: ADAPTADOR PVC SOLDAVEL CURTO COM BOLSA E ROSCA, 50 MM X1 1/2", PARA AGUA FRIA | D106: UN | E106: CR | F106: 5.48 | G106: 5.25 | H106: =IF(F106>0,F106,G106) -> 5.48
B107: 113 | C107: ADAPTADOR PVC SOLDAVEL CURTO COM BOLSA E ROSCA, 60 MM X 2", PARA AGUA FRIA | D107: UN | E107: CR | F107: 13.72 | G107: 13.15 | H107: =IF(F107>0,F107,G107) -> 13.72
B108: 104 | C108: ADAPTADOR PVC SOLDAVEL CURTO COM BOLSA E ROSCA, 75 MM X 2 1/2", PARA AGUA FRIA | D108: UN | E108: CR | F108: 23.87 | G108: 22.89 | H108: =IF(F108>0,F108,G108) -> 23.87
B109: 102 | C109: ADAPTADOR PVC SOLDAVEL CURTO COM BOLSA E ROSCA, 85 MM X 3", PARA AGUA FRIA | D109: UN | E109: CR | F109: 32.91 | G109: 31.56 | H109: =IF(F109>0,F109,G109) -> 32.91
B110: 95 | C110: ADAPTADOR PVC SOLDAVEL, COM FLANGE E ANEL DE VEDACAO, 20 MM X 1/2", PARA CAIXA D'AGUA | D110: UN | E110: CR | F110: 13.91 | G110: 13.34 | H110: =IF(F110>0,F110,G110) -> 13.91
... B152: 42409 | C152: AGENTE DE CURA, PROTETOR DA EVAPORACAO DA AGUA DE HIDRATACAO DO CONCRETO | D152: KG | E152: CR | F152: 11.39 | G152: 10.95 | H152: =IF(F152>0,F152,G152) -> 11.39
B153: 40553 | C153: AGREGADO RECICLADO, TIPO RACHAO RECICLADO CINZA, CLASSE A | D153: M3 | E153: C | G153: 65 | H153: =IF(F153>0,F153,G153) -> 65
B154: 6114 | C154: AJUDANTE DE ARMADOR (HORISTA) | D154: H | E154: CR | F154: 17.8 | G154: 22.15 | H154: =IF(F154>0,F154,G154) -> 17.8
B155: 40912 | C155: AJUDANTE DE ARMADOR (MENSALISTA) | D155: MES | E155: CR | F155: 3129.84 | G155: 3884.06 | H155: =IF(F155>0,F155,G155) -> 3129.84
B156: 247 | C156: AJUDANTE DE ELETRICISTA (HORISTA) | D156: H | E156: CR | F156: 17.8 | G156: 22.15 | H156: =IF(F156>0,F156,G156) -> 17.8
B157: 40919 | C157: AJUDANTE DE ELETRICISTA (MENSALISTA) | D157: MES | E157: CR | F157: 3129.84 | G157: 3884.06 | H157: =IF(F157>0,F157,G157) -> 3129.84
B158: 44499 | C158: AJUDANTE DE ESTRUTURAS METALICAS (HORISTA) | D158: H | E158: CR | F158: 17.8 | G158: 22.15 | H158: =IF(F158>0,F158,G158) -> 17.8
B159: 40984 | C159: AJUDANTE DE ESTRUTURAS METALICAS (MENSALISTA) | D159: MES | E159: CR | F159: 3129.84 | G159: 3884.06 | H159: =IF(F159>0,F159,G159) -> 3129.84
B160: 248 | C160: AJUDANTE DE OPERACAO EM GERAL (HORISTA) | D160: H | E160: CR | F160: 17.7 | G160: 19.9 | H160: =IF(F160>0,F160,G160) -> 17.7
B161: 41086 | C161: AJUDANTE DE OPERACAO EM GERAL (MENSALISTA) | D161: MES | E161: CR | F161: 3114.7 | G161: 3489.1 | H161: =IF(F161>0,F161,G161) -> 3114.7
B162: 34466 | C162: AJUDANTE DE PINTOR (HORISTA) | D162: H | E162: CR | F162: 17.8 | G162: 22.15 | H162: =IF(F162>0,F162,G162) -> 17.8
B163: 41083 | C163: AJUDANTE DE PINTOR (MENSALISTA) | D163: MES | E163: CR | F163: 3129.84 | G163: 3884.06 | H163: =IF(F163>0,F163,G163) -> 3129.84
B164: 252 | C164: AJUDANTE DE SERRALHEIRO (HORISTA) | D164: H | E164: CR | F164: 17.8 | G164: 22.15 | H164: =IF(F164>0,F164,G164) -> 17.8
B165: 40909 | C165: AJUDANTE DE SERRALHEIRO (MENSALISTA) | D165: MES | E165: CR | F165: 3129.84 | G165: 3884.06 | H165: =IF(F165>0,F165,G165) -> 3129.84
... B167: 41085 | C167: AJUDANTE ESPECIALIZADO (MENSALISTA) | D167: MES | E167: CR | F167: 3114.7 | G167: 3733.76 | H167: =IF(F167>0,F167,G167) -> 3114.7
B168: 427 | C168: ALCA PREFORMADA DE CONTRA POSTE, EM ACO GALVANIZADO, PARA CABO 3/16", COMPRIMENTO *860* MM | D168: UN | E168: CR | G168: 6.55 | H168: =IF(F168>0,F168,G168) -> 6.55
B169: 417 | C169: ALCA PREFORMADA DE DISTRIBUICAO, EM ACO GALVANIZADO, PARA CABO DE ALUMINIO DIAMETRO 16 A 25 MM | D169: UN | E169: CR | G169: 3.08 | H169: =IF(F169>0,F169,G169) -> 3.08
B170: 11273 | C170: ALCA PREFORMADA DE DISTRIBUICAO, EM ACO GALVANIZADO, PARA CONDUTORES DE ALUMINIO AWG 1/0 (CAA 6/1 OU CA 7 FIOS) | D170: UN | E170: CR | G170: 9.58 | H170: =IF(F170>0,F170,G170) -> 9.58
B171: 11272 | C171: ALCA PREFORMADA DE DISTRIBUICAO, EM ACO GALVANIZADO, PARA CONDUTORES DE ALUMINIO AWG 2 (CAA 6/1 OU CA 7 FIOS) | D171: UN | E171: CR | G171: 5.78 | H171: =IF(F171>0,F171,G171) -> 5.78
B172: 11275 | C172: ALCA PREFORMADA DE SERVICO, EM ACO GALVANIZADO, PARA CONDUTORES DE ALUMINIO AWG 4 (CAA 6/1) | D172: UN | E172: CR | G172: 2.32 | H172: =IF(F172>0,F172,G172) -> 2.32
B173: 11274 | C173: ALCA PREFORMADA DE SERVICO, EM ACO GALVANIZADO, PARA CONDUTORES DE ALUMINIO AWG 6 (CAA 6/1) | D173: UN | E173: CR | G173: 1.77 | H173: =IF(F173>0,F173,G173) -> 1.77
B174: 45208 | C174: ALICATE AMPERIMETRO, TENSAO AC/DC, CAPACIDADE MAXIMA 1000 A | D174: UN | E174: CR | F174: 296.15 | G174: 227.55 | H174: =IF(F174>0,F174,G174) -> 296.15
B175: 45250 | C175: ALICATE BICO LONGO (MEIA CANA) 6", COM ISOLAMENTO ATE 1000 V | D175: UN | E175: CR | F175: 34.65 | G175: 38.84 | H175: =IF(F175>0,F175,G175) -> 34.65
...

Sheet SINAPI-%MO
A1: SINAPI - Sistema Nacional de Pesquisa de Custos e Índices da Construção Civil
A2: RELATÓRIO DE PORCENTAGEM DE MÃO DE OBRA EM COMPOSIÇÕES - COM DESONERAÇÃO
A3: Mês de Referência: | B3: 01/2026
A4: Data de emissão: | B4: 10/02/2026
A6: Grupo | B6: Código da Composição | C6: Descrição | D6: Unidade | E6: RS
B7: 104658 | C7: PISO PODOTÁTIL DE ALERTA OU DIRECIONAL, DE CONCRETO, ASSENTADO SOBRE ARGAMASSA. AF_03/2024 | D7: M2 | E7: 0.3134
B8: 105002 | C8: RAMPA DE ACESSIBILIDADE EM CONCRETO MOLDADO IN LOCO, EM CALÇADA NOVA COM LARGURA MAIOR OU IGUAL À 3,00 M, FCK 25MPA, COM PISO PODOTÁTIL. AF_03/2024 | D8: UN | E8: 0.4864
B9: 105004 | C9: RAMPA DE ACESSIBILIDADE EM CONCRETO MOLDADO IN LOCO, EM CALÇADA NOVA COM LARGURA MENOR À 3,00 M, FCK 25MPA, COM PISO PODOTÁTIL. AF_03/2024 | D9: M2 | E9: 0.4906
B10: 105003 | C10: RAMPA DE ACESSIBILIDADE EM CONCRETO MOLDADO IN LOCO, EM CALÇADA PRÉ EXISTENTE COM LARGURA MAIOR OU IGUAL À 3,00 M, FCK 25MPA, COM PISO PODOTÁTIL. AF_03/2024 | D10: UN | E10: 0.6075
B11: 105005 | C11: RAMPA DE ACESSIBILIDADE EM CONCRETO MOLDADO IN LOCO, EM CALÇADA PRÉ EXISTENTE COM LARGURA MENOR À 3,00 M, FCK 25MPA, COM PISO PODOTÁTIL. AF_03/2024 | D11: M2 | E11: 0.6156
B12: 105000 | C12: RAMPA DE ACESSIBILIDADE PARA ACESSO A EDIFICAÇÕES COM INCLINAÇÃO DE 8,33% EM CONCRETO MOLDADO IN LOCO, COM LARGURA DE 1,20M, FCK 25MPA, NÃO ARMADA, COM JUNTA A CADA 2M COM CORTE À SECO. AF_03/2024 | D12: M | E12: 0.3378
B13: 105001 | C13: RAMPA DE ACESSIBILIDADE PARA ACESSO A EDIFICAÇÕES COM INCLINAÇÃO DE 8,33% EM CONCRETO MOLDADO IN LOCO, COM LARGURA DE 1,50M, FCK 25MPA, NÃO ARMADA, COM JUNTA A CADA 2M COM CORTE À SECO. AF_03/2024 | D13: M | E13: 0.3334
B14: 89306 | C14: ALVENARIA ESTRUTURAL DE BLOCOS CERÂMICOS 14X19X29, (ESPESSURA DE 14 CM), UTILIZANDO COLHER DE PEDREIRO E ARGAMASSA DE ASSENTAMENTO COM PREPARO EM BETONEIRA. AF_03/2023 | D14: M2 | E14: 0.5141
B15: 89307 | C15: ALVENARIA ESTRUTURAL DE BLOCOS CERÂMICOS 14X19X29, (ESPESSURA DE 14 CM), UTILIZANDO COLHER DE PEDREIRO E ARGAMASSA DE ASSENTAMENTO COM PREPARO MANUAL. AF_03/2023 | D15: M2 | E15: 0.5244
B16: 89290 | C16: ALVENARIA ESTRUTURAL DE BLOCOS CERÂMICOS 14X19X29, (ESPESSURA DE 14 CM), UTILIZANDO PALHETA E ARGAMASSA DE ASSENTAMENTO COM PREPARO EM BETONEIRA. AF_03/2023 | D16: M2 | E16: 0.4443
B17: 89291 | C17: ALVENARIA ESTRUTURAL DE BLOCOS CERÂMICOS 14X19X29, (ESPESSURA DE 14 CM), UTILIZANDO PALHETA E ARGAMASSA DE ASSENTAMENTO COM PREPARO MANUAL. AF_03/2023 | D17: M2 | E17: 0.4546
B18: 89298 | C18: ALVENARIA ESTRUTURAL DE BLOCOS CERÂMICOS 14X19X39, (ESPESSURA DE 14 CM), UTILIZANDO COLHER DE PEDREIRO E ARGAMASSA DE ASSENTAMENTO COM PREPARO EM BETONEIRA. AF_03/2023 | D18: M2 | E18: 0.44
... B8244: 103017 | C8244: VÁLVULA DE RETENÇÃO, DE BRONZE, PÉ COM CRIVOS, ROSCÁVEL, 4" - FORNECIMENTO E INSTALAÇÃO. AF_08/2021 | D8244: UN | E8244: 0.0184

Sheet Identificação-TCE
A1: IDENTIFICAÇÃO
A2: Modalidade* | D2: N° * | F2: Ano *
A3: Descrição do Objeto | B3: =orcamento!D3 -> Objeto: Reforço de Fundação em Estaca Mega - Unidade de Saúde Cruzeiro do Sul
A4: Órgão | B4: =orcamento!D2 -> SECRETARIA MUNICIPAL DE OBRAS E INFRAESTRUTURA | F4: CNPJ * | G4: 92.963.560/0001-60
A5: Tipo de Objeto* | C5: N° CENTRAL DE COMPRAS
A6: Preço Total Estimado | B6: 469985.54
A7: Preço Total Proposto | B7: ='Proposta-TCE'!C6 -> 469985.54
A8: Qtd. Itens Orçamento | B8: =COUNT('Orçamento-TCE'!B12:B38617) -> 66
A11: Nº do lote** | B11: Descrição do Lote** | C11: Estimativa | G11: Proposta
C12: Valor do lote (R$) | G12: Valor do lote (R$)
A13: 1 | B13: =B3 -> Objeto: Reforço de Fundação em Estaca Mega - Unidade de Saúde Cruzeiro do Sul | C13: =B6 -> 469985.54 | G13: =SUMIF('Proposta-TCE'!$A$12:$A$38828,'Identificação-TCE'!$A13,'Proposta-TCE'!$H$12:$H$38828) -> 469985.54

Sheet Orçamento-TCE
A1: ORÇAMENTO
A2: Modalidade | C2: =IF('Identificação-TCE'!B2=0,"",'Identificação-TCE'!B2) | H2: N° | I2: =IF('Identificação-TCE'!E2=0,"",'Identificação-TCE'!E2) | J2: Ano | K2: =IF('Identificação-TCE'!G2=0,"",'Identificação-TCE'!G2)
A3: Descrição do Objeto | C3: ='Identificação-TCE'!B3 -> Objeto: Reforço de Fundação em Estaca Mega - Unidade de Saúde Cruzeiro do Sul
A4: Órgão | C4: ='Identificação-TCE'!B4 -> SECRETARIA MUNICIPAL DE OBRAS E INFRAESTRUTURA | J4: CNPJ | K4: =IF('Identificação-TCE'!G4=0,"",'Identificação-TCE'!G4) -> 92.963.560/0001-60
A5: Tipo de Objeto | C5: =IF('Identificação-TCE'!B5=0,"",'Identificação-TCE'!B5)
A6: Preço T. Estimado | C6: =SUMIFS(K12:K38591,B12:B38591,">0",K12:K38591,"<>0") -> 469985.54
A10: Nº do Lote*** | B10: N° Ordem | C10: Nº Item* | D10: Fonte de Referência** | E10: Código de Referência** | F10: Data de Referência** | G10: Descrição do item* | H10: Estimativa | N10: Família | P10: Subfamília | R10: Tipo de Orçamento
H11: Qtd.* | I11: Unid.* | J11: Preço unitário (R$)* | K11: Preço Total (R$) | L11: % BDI** | M11: % Encargos Sociais** | N11: Código | O11: Descrição | P11: Código | Q11: Descrição
A12: 1 | B12: =IF(AND(G12<>"",H12>0,I12<>"",J12<>0,K12<>0),COUNT($B$11:B11)+1,"") -> 1 | C12: =orcamento!A11 -> 1.1 | D12: =orcamento!C11 -> COMPOSICAO_PROPRIA | E12: =orcamento!B11 -> CCU 01 | F12: 46054 | G12: =orcamento!D11 -> EQUIPE DE ADMINISTRAÇÃO LOCAL | H12: =orcamento!F11 -> 1 | I12: =orcamento!E11 -> UN | J12: =orcamento!K11 -> 151569.85 | K12: =IFERROR(IF(H12*J12<>0,ROUND(ROUND(H12,4)*ROUND(J12,4),2),""),"") -> 151569.85 | L12: =orcamento!J11 -> 0.289 | M12: 0.9612
A13: 1 | B13: =IF(AND(G13<>"",H13>0,I13<>"",J13<>0,K13<>0),COUNT($B$11:B12)+1,"") -> 2 | C13: =orcamento!A12 -> 1.2 | D13: =orcamento!C12 -> COMPOSICAO_PROPRIA | E13: =orcamento!B12 -> CCU 02 | F13: 46055 | G13: =orcamento!D12 -> SERVIÇO DE VIGIÂNCIA NOTURNA (DIÁRIA) E DIURNA (FINAIS DE SEMANA) | H13: =orcamento!F12 -> 8 | I13: =orcamento!E12 -> MÊS | J13: =orcamento!K12 -> 10306.5 | K13: =IFERROR(IF(H13*J13<>0,ROUND(ROUND(H13,4)*ROUND(J13,4),2),""),"") -> 82452 | L13: =orcamento!J12 -> 0.289 | M13: 0.9612
A14: 1 | B14: =IF(AND(G14<>"",H14>0,I14<>"",J14<>0,K14<>0),COUNT($B$11:B13)+1,"") -> 3 | C14: =orcamento!A13 -> 1.3 | D14: =orcamento!C13 -> COTACAO | E14: =orcamento!B13 -> TAB 01 | F14: 46056 | G14: =orcamento!D13 -> DOCUMENTO DE RESPONSABILIDADE TÉCNICA | H14: =orcamento!F13 -> 1 | I14: =orcamento!E13 -> UN | J14: =orcamento!K13 -> 368.13 | K14: =IFERROR(IF(H14*J14<>0,ROUND(ROUND(H14,4)*ROUND(J14,4),2),""),"") -> 368.13 | L14: =orcamento!J13 -> 0.289 | M14: 0.9612
A15: 1 | B15: =IF(AND(G15<>"",H15>0,I15<>"",J15<>0,K15<>0),COUNT($B$11:B14)+1,"") -> 4 | C15: =orcamento!A14 -> 1.4 | D15: =orcamento!C14 -> COMPOSICAO_PROPRIA | E15: =orcamento!B14 -> CCU 03 | F15: 46057 | G15: =orcamento!D14 -> PLANO DE ATAQUE | H15: =orcamento!F14 -> 1 | I15: =orcamento!E14 -> UN | J15: =orcamento!K14 -> 1163.43 | K15: =IFERROR(IF(H15*J15<>0,ROUND(ROUND(H15,4)*ROUND(J15,4),2),""),"") -> 1163.43 | L15: =orcamento!J14 -> 0.289 | M15: 0.9612
A16: 1 | B16: =IF(AND(G16<>"",H16>0,I16<>"",J16<>0,K16<>0),COUNT($B$11:B15)+1,"") -> 5 | C16: =orcamento!A15 -> 1.5 | D16: =orcamento!C15 -> COMPOSICAO_PROPRIA | E16: =orcamento!B15 -> CCU 04 | F16: 46058 | G16: =orcamento!D15 -> PLANO DE GERENCIAMENTO DE RESÍDUOS NA CONSTRUÇÃO CIVIL - PGRCC | H16: =orcamento!F15 -> 1 | I16: =orcamento!E15 -> UN | J16: =orcamento!K15 -> 1399.13 | K16: =IFERROR(IF(H16*J16<>0,ROUND(ROUND(H16,4)*ROUND(J16,4),2),""),"") -> 1399.13 | L16: =orcamento!J15 -> 0.289 | M16: 0.9612
A17: 1 | B17: =IF(AND(G17<>"",H17>0,I17<>"",J17<>0,K17<>0),COUNT($B$11:B16)+1,"") -> 6 | C17: =orcamento!A16 -> 1.6 | D17: =orcamento!C16 -> COMPOSICAO_PROPRIA | E17: =orcamento!B16 -> CCU 05 | F17: 46059 | G17: =orcamento!D16 -> PROJETO DE SEGURANÇA NO TRABALHO | H17: =orcamento!F16 -> 1 | I17: =orcamento!E16 -> UN | J17: =orcamento!K16 -> 1391.58 | K17: =IFERROR(IF(H17*J17<>0,ROUND(ROUND(H17,4)*ROUND(J17,4),2),""),"") -> 1391.58 | L17: =orcamento!J16 -> 0.289 | M17: 0.9612
A19: 1 | B19: =IF(AND(G19<>"",H19>0,I19<>"",J19<>0,K19<>0),COUNT($B$11:B18)+1,"") -> 7 | C19: =orcamento!A18 -> 2.1 | D19: =orcamento!C18 -> SINAPI | E19: =orcamento!B18 -> 34498 | F19: 46061 | G19: =orcamento!D18 -> CONE DE SINALIZACAO EM PVC FLEXIVEL, H = 70 / 76 CM (NBR 15071) | H19: =orcamento!F18 -> 4 | I19: =orcamento!E18 -> UN | J19: =orcamento!K18 -> 171.18 | K19: =IFERROR(IF(H19*J19<>0,ROUND(ROUND(H19,4)*ROUND(J19,4),2),""),"") -> 684.72 | L19: =orcamento!J18 -> 0.289 | M19: 0.9612
A20: 1 | B20: =IF(AND(G20<>"",H20>0,I20<>"",J20<>0,K20<>0),COUNT($B$11:B19)+1,"") -> 8 | C20: =orcamento!A19 -> 2.2 | D20: =orcamento!C19 -> COMPOSICAO_PROPRIA | E20: =orcamento!B19 -> CCU 07 | F20: 46062 | G20: =orcamento!D19 -> TELA TAPUME LARANJA - FORNECIMENTO E INSTALAÇÃO COM MADEIRA | H20: =orcamento!F19 -> 50 | I20: =orcamento!E19 -> M | J20: =orcamento!K19 -> 22.73 | K20: =IFERROR(IF(H20*J20<>0,ROUND(ROUND(H20,4)*ROUND(J20,4),2),""),"") -> 1136.5 | L20: =orcamento!J19 -> 0.289 | M20: 0.9612
A21: 1 | B21: =IF(AND(G21<>"",H21>0,I21<>"",J21<>0,K21<>0),COUNT($B$11:B20)+1,"") -> 9 | C21: =orcamento!A20 -> 2.3 | D21: =orcamento!C20 -> COMPOSICAO_PROPRIA | E21: =orcamento!B20 -> CCU 08 | F21: 46063 | G21: =orcamento!D20 -> CARGA E TRANSPORTE DE CONTAINER | H21: =orcamento!F20 -> 2 | I21: =orcamento!E20 -> UN | J21: =orcamento!K20 -> 787.17 | K21: =IFERROR(IF(H21*J21<>0,ROUND(ROUND(H21,4)*ROUND(J21,4),2),""),"") -> 1574.34 | L21: =orcamento!J20 -> 0.289 | M21: 0.9612
A22: 1 | B22: =IF(AND(G22<>"",H22>0,I22<>"",J22<>0,K22<>0),COUNT($B$11:B21)+1,"") -> 10 | C22: =orcamento!A21 -> 2.4 | D22: =orcamento!C21 -> SINAPI | E22: =orcamento!B21 -> 10775 | F22: 46064 | G22: =orcamento!D21 -> LOCACAO DE CONTAINER 2,30 X 6,00 M, ALT. 2,50 M, COM 1 SANITARIO, PARA ESCRITORIO, COMPLETO, SEM DIVISORIAS INTERNAS (NAO INCLUI MOBILIZACAO/DESMOBILIZACAO) | H22: =orcamento!F21 -> 8 | I22: =orcamento!E21 -> MES | J22: =orcamento!K21 -> 1330.34 | K22: =IFERROR(IF(H22*J22<>0,ROUND(ROUND(H22,4)*ROUND(J22,4),2),""),"") -> 10642.72 | L22: =orcamento!J21 -> 0.2094 | M22: 0.9612
A23: 1 | B23: =IF(AND(G23<>"",H23>0,I23<>"",J23<>0,K23<>0),COUNT($B$11:B22)+1,"") -> 11 | C23: =orcamento!A22 -> 2.5 | D23: =orcamento!C22 -> SINAPI | E23: =orcamento!B22 -> 10779 | F23: 46065 | G23: =orcamento!D22 -> LOCACAO DE CONTAINER 2,30 X 4,30 M, ALT. 2,50 M, P/ SANITARIO, C/ 5 BACIAS, 1 LAVATORIO E 4 MICTORIOS (NAO INCLUI MOBILIZACAO/DESMOBILIZACAO) | H23: =orcamento!F22 -> 8 | I23: =orcamento!E22 -> MES | J23: =orcamento!K22 -> 1662.93 | K23: =IFERROR(IF(H23*J23<>0,ROUND(ROUND(H23,4)*ROUND(J23,4),2),""),"") -> 13303.44 | L23: =orcamento!J22 -> 0.2094 | M23: 0.9612
A24: 1 | B24: =IF(AND(G24<>"",H24>0,I24<>"",J24<>0,K24<>0),COUNT($B$11:B23)+1,"") -> 12 | C24: =orcamento!A23 -> 2.6 | D24: =orcamento!C23 -> COMPOSICAO_PROPRIA | E24: =orcamento!B23 -> CCU 06 | F24: 46066 | G24: =orcamento!D23 -> PLACA DE OBRA EM CHAPA GALVANIZADA *N. 22*, ADESIVADA, INCLUSO MADEIRAMENTO E INSTALAÇÃO | H24: =orcamento!F23 -> 6 | I24: =orcamento!E23 -> M2 | J24: =orcamento!K23 -> 664.69 | K24: =IFERROR(IF(H24*J24<>0,ROUND(ROUND(H24,4)*ROUND(J24,4),2),""),"") -> 3988.14 | L24: =orcamento!J23 -> 0.289 | M24: 0.9612
... A83: 1 | B83: =IF(AND(G83<>"",H83>0,I83<>"",J83<>0,K83<>0),COUNT($B$11:B82)+1,"") -> 66 | C83: =orcamento!A82 -> 7.4 | D83: =orcamento!C82 -> COMPOSICAO_PROPRIA | E83: =orcamento!B82 -> CCU 16 | F83: 46125 | G83: =orcamento!D82 -> DESMONTAGEM SERVIÇOS PROVISÓRIOS | H83: =orcamento!F82 -> 1 | I83: =orcamento!E82 -> UN | J83: =orcamento!K82 -> 1937.01 | K83: =IFERROR(IF(H83*J83<>0,ROUND(ROUND(H83,4)*ROUND(J83,4),2),""),"") -> 1937.01 | L83: =orcamento!J82 -> 0.289 | M83: 0.9612

Sheet Proposta-TCE
A1: PROPOSTA
A2: Modalidade | C2: =IF('Identificação-TCE'!B2=0,"",'Identificação-TCE'!B2) | E2: N° | F2: =IF('Identificação-TCE'!E2=0,"",'Identificação-TCE'!E2) | G2: Ano | H2: =IF('Identificação-TCE'!G2=0,"",'Identificação-TCE'!G2)
A3: Descrição do Objeto | C3: ='Identificação-TCE'!B3 -> Objeto: Reforço de Fundação em Estaca Mega - Unidade de Saúde Cruzeiro do Sul
A4: Licitante | G4: CNPJ*
A5: Tipo de Objeto | C5: =IF('Identificação-TCE'!B5=0,"",'Identificação-TCE'!B5)
A6: Preço Total Proposto | C6: =SUMIFS(H12:H38754,B12:B38754,">0",H12:H38754,"<>0") -> 469985.54
A10: Nº do lote | B10: Nº Ordem | C10: Nº Item | D10: Descrição do item | E10: Proposta
E11: Qtd. | F11: Unid. | G11: Preço unitário (R$)* | H11: Preço Total (R$) | I11: % BDI** | J11: % Encargos Sociais** | K11: Percentual de Desconto | L11: Pr. Unit. Material | M11: Pr. Unit. Mão de obra
A12: =IF('Orçamento-TCE'!A12>0,'Orçamento-TCE'!A12,"") -> 1 | B12: ='Orçamento-TCE'!B12 -> 1 | C12: =IF('Orçamento-TCE'!C12>0,'Orçamento-TCE'!C12,"") -> 1.1 | D12: =IF('Orçamento-TCE'!G12>0,'Orçamento-TCE'!G12,"") -> EQUIPE DE ADMINISTRAÇÃO LOCAL | E12: =IF('Orçamento-TCE'!H12>0,'Orçamento-TCE'!H12,"") -> 1 | F12: =IF('Orçamento-TCE'!I12>0,'Orçamento-TCE'!I12,"") -> UN | G12: =orcamento!K11 -> 151569.85 | H12: =IFERROR(IF(E12*G12<>0,ROUND(ROUND(E12,4)*ROUND(G12,4),2),""),"") -> 151569.85 | I12: =orcamento!J11 -> 0.289 | J12: 0.9612 | L12: =orcamento!M11 -> 1904.89 | M12: =orcamento!L11 -> 149664.96
A13: =IF('Orçamento-TCE'!A13>0,'Orçamento-TCE'!A13,"") -> 1 | B13: ='Orçamento-TCE'!B13 -> 2 | C13: =IF('Orçamento-TCE'!C13>0,'Orçamento-TCE'!C13,"") -> 1.2 | D13: =IF('Orçamento-TCE'!G13>0,'Orçamento-TCE'!G13,"") -> SERVIÇO DE VIGIÂNCIA NOTURNA (DIÁRIA) E DIURNA (FINAIS DE SEMANA) | E13: =IF('Orçamento-TCE'!H13>0,'Orçamento-TCE'!H13,"") -> 8 | F13: =IF('Orçamento-TCE'!I13>0,'Orçamento-TCE'!I13,"") -> MÊS | G13: =orcamento!K12 -> 10306.5 | H13: =IFERROR(IF(E13*G13<>0,ROUND(ROUND(E13,4)*ROUND(G13,4),2),""),"") -> 82452 | I13: =orcamento!J12 -> 0.289 | J13: 0.9612 | L13: =orcamento!M12 -> 11344.24 | M13: =orcamento!L12 -> 71107.76
A14: =IF('Orçamento-TCE'!A14>0,'Orçamento-TCE'!A14,"") -> 1 | B14: ='Orçamento-TCE'!B14 -> 3 | C14: =IF('Orçamento-TCE'!C14>0,'Orçamento-TCE'!C14,"") -> 1.3 | D14: =IF('Orçamento-TCE'!G14>0,'Orçamento-TCE'!G14,"") -> DOCUMENTO DE RESPONSABILIDADE TÉCNICA | E14: =IF('Orçamento-TCE'!H14>0,'Orçamento-TCE'!H14,"") -> 1 | F14: =IF('Orçamento-TCE'!I14>0,'Orçamento-TCE'!I14,"") -> UN | G14: =orcamento!K13 -> 368.13 | H14: =IFERROR(IF(E14*G14<>0,ROUND(ROUND(E14,4)*ROUND(G14,4),2),""),"") -> 368.13 | I14: =orcamento!J13 -> 0.289 | J14: 0.9612 | L14: =orcamento!M13 -> 368.13 | M14: =orcamento!L13 -> 0
A15: =IF('Orçamento-TCE'!A15>0,'Orçamento-TCE'!A15,"") -> 1 | B15: ='Orçamento-TCE'!B15 -> 4 | C15: =IF('Orçamento-TCE'!C15>0,'Orçamento-TCE'!C15,"") -> 1.4 | D15: =IF('Orçamento-TCE'!G15>0,'Orçamento-TCE'!G15,"") -> PLANO DE ATAQUE | E15: =IF('Orçamento-TCE'!H15>0,'Orçamento-TCE'!H15,"") -> 1 | F15: =IF('Orçamento-TCE'!I15>0,'Orçamento-TCE'!I15,"") -> UN | G15: =orcamento!K14 -> 1163.43 | H15: =IFERROR(IF(E15*G15<>0,ROUND(ROUND(E15,4)*ROUND(G15,4),2),""),"") -> 1163.43 | I15: =orcamento!J14 -> 0.289 | J15: 0.9612 | L15: =orcamento!M14 -> 0.01 | M15: =orcamento!L14 -> 1163.42
A16: =IF('Orçamento-TCE'!A16>0,'Orçamento-TCE'!A16,"") -> 1 | B16: ='Orçamento-TCE'!B16 -> 5 | C16: =IF('Orçamento-TCE'!C16>0,'Orçamento-TCE'!C16,"") -> 1.5 | D16: =IF('Orçamento-TCE'!G16>0,'Orçamento-TCE'!G16,"") -> PLANO DE GERENCIAMENTO DE RESÍDUOS NA CONSTRUÇÃO CIVIL - PGRCC | E16: =IF('Orçamento-TCE'!H16>0,'Orçamento-TCE'!H16,"") -> 1 | F16: =IF('Orçamento-TCE'!I16>0,'Orçamento-TCE'!I16,"") -> UN | G16: =orcamento!K15 -> 1399.13 | H16: =IFERROR(IF(E16*G16<>0,ROUND(ROUND(E16,4)*ROUND(G16,4),2),""),"") -> 1399.13 | I16: =orcamento!J15 -> 0.289 | J16: 0.9612 | L16: =orcamento!M15 -> 0 | M16: =orcamento!L15 -> 1399.13
A17: =IF('Orçamento-TCE'!A17>0,'Orçamento-TCE'!A17,"") -> 1 | B17: ='Orçamento-TCE'!B17 -> 6 | C17: =IF('Orçamento-TCE'!C17>0,'Orçamento-TCE'!C17,"") -> 1.6 | D17: =IF('Orçamento-TCE'!G17>0,'Orçamento-TCE'!G17,"") -> PROJETO DE SEGURANÇA NO TRABALHO | E17: =IF('Orçamento-TCE'!H17>0,'Orçamento-TCE'!H17,"") -> 1 | F17: =IF('Orçamento-TCE'!I17>0,'Orçamento-TCE'!I17,"") -> UN | G17: =orcamento!K16 -> 1391.58 | H17: =IFERROR(IF(E17*G17<>0,ROUND(ROUND(E17,4)*ROUND(G17,4),2),""),"") -> 1391.58 | I17: =orcamento!J16 -> 0.289 | J17: 0.9612 | L17: =orcamento!M16 -> 0.01 | M17: =orcamento!L16 -> 1391.57
A19: =IF('Orçamento-TCE'!A19>0,'Orçamento-TCE'!A19,"") -> 1 | B19: ='Orçamento-TCE'!B19 -> 7 | C19: =IF('Orçamento-TCE'!C19>0,'Orçamento-TCE'!C19,"") -> 2.1 | D19: =IF('Orçamento-TCE'!G19>0,'Orçamento-TCE'!G19,"") -> CONE DE SINALIZACAO EM PVC FLEXIVEL, H = 70 / 76 CM (NBR 15071) | E19: =IF('Orçamento-TCE'!H19>0,'Orçamento-TCE'!H19,"") -> 4 | F19: =IF('Orçamento-TCE'!I19>0,'Orçamento-TCE'!I19,"") -> UN | G19: =orcamento!K18 -> 171.18 | H19: =IFERROR(IF(E19*G19<>0,ROUND(ROUND(E19,4)*ROUND(G19,4),2),""),"") -> 684.72 | I19: =orcamento!J18 -> 0.289 | J19: 0.9612 | L19: =orcamento!M18 -> 684.72 | M19: =orcamento!L18 -> 0
A20: =IF('Orçamento-TCE'!A20>0,'Orçamento-TCE'!A20,"") -> 1 | B20: ='Orçamento-TCE'!B20 -> 8 | C20: =IF('Orçamento-TCE'!C20>0,'Orçamento-TCE'!C20,"") -> 2.2 | D20: =IF('Orçamento-TCE'!G20>0,'Orçamento-TCE'!G20,"") -> TELA TAPUME LARANJA - FORNECIMENTO E INSTALAÇÃO COM MADEIRA | E20: =IF('Orçamento-TCE'!H20>0,'Orçamento-TCE'!H20,"") -> 50 | F20: =IF('Orçamento-TCE'!I20>0,'Orçamento-TCE'!I20,"") -> M | G20: =orcamento!K19 -> 22.73 | H20: =IFERROR(IF(E20*G20<>0,ROUND(ROUND(E20,4)*ROUND(G20,4),2),""),"") -> 1136.5 | I20: =orcamento!J19 -> 0.289 | J20: 0.9612 | L20: =orcamento!M19 -> 673.5 | M20: =orcamento!L19 -> 463
A21: =IF('Orçamento-TCE'!A21>0,'Orçamento-TCE'!A21,"") -> 1 | B21: ='Orçamento-TCE'!B21 -> 9 | C21: =IF('Orçamento-TCE'!C21>0,'Orçamento-TCE'!C21,"") -> 2.3 | D21: =IF('Orçamento-TCE'!G21>0,'Orçamento-TCE'!G21,"") -> CARGA E TRANSPORTE DE CONTAINER | E21: =IF('Orçamento-TCE'!H21>0,'Orçamento-TCE'!H21,"") -> 2 | F21: =IF('Orçamento-TCE'!I21>0,'Orçamento-TCE'!I21,"") -> UN | G21: =orcamento!K20 -> 787.17 | H21: =IFERROR(IF(E21*G21<>0,ROUND(ROUND(E21,4)*ROUND(G21,4),2),""),"") -> 1574.34 | I21: =orcamento!J20 -> 0.289 | J21: 0.9612 | L21: =orcamento!M20 -> 1356.66 | M21: =orcamento!L20 -> 217.68
A22: =IF('Orçamento-TCE'!A22>0,'Orçamento-TCE'!A22,"") -> 1 | B22: ='Orçamento-TCE'!B22 -> 10 | C22: =IF('Orçamento-TCE'!C22>0,'Orçamento-TCE'!C22,"") -> 2.4 | D22: =IF('Orçamento-TCE'!G22>0,'Orçamento-TCE'!G22,"") -> LOCACAO DE CONTAINER 2,30 X 6,00 M, ALT. 2,50 M, COM 1 SANITARIO, PARA ESCRITORIO, COMPLETO, SEM DIVISORIAS INTERNAS (NAO INCLUI MOBILIZACAO/DESMOBILIZACAO) | E22: =IF('Orçamento-TCE'!H22>0,'Orçamento-TCE'!H22,"") -> 8 | F22: =IF('Orçamento-TCE'!I22>0,'Orçamento-TCE'!I22,"") -> MES | G22: =orcamento!K21 -> 1330.34 | H22: =IFERROR(IF(E22*G22<>0,ROUND(ROUND(E22,4)*ROUND(G22,4),2),""),"") -> 10642.72 | I22: =orcamento!J21 -> 0.2094 | J22: 0.9612 | L22: =orcamento!M21 -> 10642.72 | M22: =orcamento!L21 -> 0
A23: =IF('Orçamento-TCE'!A23>0,'Orçamento-TCE'!A23,"") -> 1 | B23: ='Orçamento-TCE'!B23 -> 11 | C23: =IF('Orçamento-TCE'!C23>0,'Orçamento-TCE'!C23,"") -> 2.5 | D23: =IF('Orçamento-TCE'!G23>0,'Orçamento-TCE'!G23,"") -> LOCACAO DE CONTAINER 2,30 X 4,30 M, ALT. 2,50 M, P/ SANITARIO, C/ 5 BACIAS, 1 LAVATORIO E 4 MICTORIOS (NAO INCLUI MOBILIZACAO/DESMOBILIZACAO) | E23: =IF('Orçamento-TCE'!H23>0,'Orçamento-TCE'!H23,"") -> 8 | F23: =IF('Orçamento-TCE'!I23>0,'Orçamento-TCE'!I23,"") -> MES | G23: =orcamento!K22 -> 1662.93 | H23: =IFERROR(IF(E23*G23<>0,ROUND(ROUND(E23,4)*ROUND(G23,4),2),""),"") -> 13303.44 | I23: =orcamento!J22 -> 0.2094 | J23: 0.9612 | L23: =orcamento!M22 -> 13303.44 | M23: =orcamento!L22 -> 0
A24: =IF('Orçamento-TCE'!A24>0,'Orçamento-TCE'!A24,"") -> 1 | B24: ='Orçamento-TCE'!B24 -> 12 | C24: =IF('Orçamento-TCE'!C24>0,'Orçamento-TCE'!C24,"") -> 2.6 | D24: =IF('Orçamento-TCE'!G24>0,'Orçamento-TCE'!G24,"") -> PLACA DE OBRA EM CHAPA GALVANIZADA *N. 22*, ADESIVADA, INCLUSO MADEIRAMENTO E INSTALAÇÃO | E24: =IF('Orçamento-TCE'!H24>0,'Orçamento-TCE'!H24,"") -> 6 | F24: =IF('Orçamento-TCE'!I24>0,'Orçamento-TCE'!I24,"") -> M2 | G24: =orcamento!K23 -> 664.69 | H24: =IFERROR(IF(E24*G24<>0,ROUND(ROUND(E24,4)*ROUND(G24,4),2),""),"") -> 3988.14 | I24: =orcamento!J23 -> 0.289 | J24: 0.9612 | L24: =orcamento!M23 -> 3404.4 | M24: =orcamento!L23 -> 583.74
... A83: =IF('Orçamento-TCE'!A83>0,'Orçamento-TCE'!A83,"") -> 1 | B83: ='Orçamento-TCE'!B83 -> 66 | C83: =IF('Orçamento-TCE'!C83>0,'Orçamento-TCE'!C83,"") -> 7.4 | D83: =IF('Orçamento-TCE'!G83>0,'Orçamento-TCE'!G83,"") -> DESMONTAGEM SERVIÇOS PROVISÓRIOS | E83: =IF('Orçamento-TCE'!H83>0,'Orçamento-TCE'!H83,"") -> 1 | F83: =IF('Orçamento-TCE'!I83>0,'Orçamento-TCE'!I83,"") -> UN | G83: =orcamento!K82 -> 1937.01 | H83: =IFERROR(IF(E83*G83<>0,ROUND(ROUND(E83,4)*ROUND(G83,4),2),""),"") -> 1937.01 | I83: =orcamento!J82 -> 0.289 | J83: 0.9612 | L83: =orcamento!M82 -> 0.01 | M83: =orcamento!L82 -> 1937
